Workbook

Sheet Sheet5
A1: (1)VOTE | B1: FIRST SCHEDULE | C1: (2) SUPPLY
A2: NO.
A3: R101 | B3: County Assembly | C3: 963697525 | D3: 57553443 | E3: =C3+D3 -> 1021250968
A4: R102 | B4: County Executive | C4: 479512621 | D4: 35300000 | E4: =C4+D4 -> 514812621
A5: R103 | B5: Department of Finance and economic planning | C5: 1185583241 | D5: 70000000 | E5: =C5+D5 -> 1255583241
A6: R104 | B6: Department of Agriculture | C6: 443274069 | D6: 643011351 | E6: =C6+D6 -> 1086285420
A7: R105 | B7: Department of Environment and Natural Resources | C7: 195244842 | D7: 231501673 | E7: =C7+D7 -> 426746515
A8: R106 | B8: Department of Education Youth Affairs and Social development | C8: 620777713 | D8: 156343034 | E8: =C8+D8 -> 777120747 | F8: 777120747 | G8: =F8-E8 -> 0
A9: R107 | B9: Department of County Health Services | C9: 3418239511 | D9: 939494291 | E9: =C9+D9 -> 4357733802 | F9: 4357733802 | G9: =F9-E9 -> 0
A10: R108 | B10: Department of Physical Planning and Urban development | C10: 93357240 | D10: 95183915 | E10: =C10+D10 -> 188541155
A11: R109 | B11: Department of Public Works Transport and Housing | C11: 213000000 | D11: 1284400371 | E11: =C11+D11 -> 1497400371 | F11: 1497400371 | G11: =F11-E11 -> 0
A12: R110 | B12: Department of Trade Development and Regulations | C12: 82738837 | D12: 106746642 | E12: =C12+D12 -> 189485479
A13: R111 | B13: Department of Culture and Social Services | C13: 77256460 | D13: 202025502 | E13: =C13+D13 -> 279281962
A14: R112 | B14: Kisii Town | C14: 116755459 | D14: 248717745 | E14: =C14+D14 -> 365473204
A15: R113 | B15: County Administration and Stakeholders Management | C15: 675120059 | D15: 36445396 | E15: =C15+D15 -> 711565455 | F15: 711565455 | G15: =F15-E15 -> 0
B16: TOTAL RECURRENT | C16: =SUM(C3:C15) -> 8564557577 | D16: =SUM(D3:D15) -> 4106723363 | E16: =SUM(E3:E15) -> 12671280940
A22: DEVELOPMENT EXPENDITURE
A23: (1)VOTE | B23: SECOND SCHEDULE | C23: (2) SUPPLY
A24: NO.
A25: D 101 | B25: County Assembly | C25: 57553443
A26: D 102 | B26: County Executive | C26: 35300000
A27: D 103 | B27: Department of Finance and economic planning | C27: 70000000
A28: D 104 | B28: Department of Agriculture | C28: 643011351
A29: D 105 | B29: Department of Environment and Natural Resources | C29: 231501673
A30: D 106 | B30: Department of Education Youth Affairs and Social development | C30: 153843034
A31: D 107 | B31: Department of County Health Services | C31: 939494291
A32: D 108 | B32: Department of Physical Planning and Urban development | C32: 95183915
A33: D 109 | B33: Department of Public Works Transport and Housing | C33: 1281400371
A34: D 110 | B34: Department of Trade Development and Regulations | C34: 106746642
A35: D 111 | B35: Department of Culture and Social Services | C35: 202025502
A36: D 112 | B36: Kisii Town | C36: 248717745
A37: D113 | B37: County Administration and Stakeholders Management | C37: 37445396
B38: TOTAL DEVELOPMENT | C38: 4102223363

Sheet Sheet3

Sheet PERSONEL EMOLUMENTS
A1: KISII COUNTY GOVERNMENT
A2: PERSONNEL BUDGET
A3: FINANCIAL YEAR 2017/ 2018
B4: DEPARTMENT | C4: NO OF EMPLOYEES | D4: BASIC SALARY | E4: HOUSE ALLOWANCE | F4: COMMUTER | G4: SPECIAL DUTY ALLOWANCE | H4: RESPONSIBILTY ALLOWANCE | I4: HEALTH RISK ALLOWANCE | J4: UNIFORM ALLOWANCE | K4: EMERGECY CALL ALLOWANCE | L4: OTHER ALLOWANCES | M4: EXTRANEOUS ALLOWANCE | N4: NON PRACTISING ALLOWANCE | O4: ACTING ALLOWANCE | P4: TELEPHONE ALLOWANCE | Q4: GRATUITY | R4: COUNTY CONTRIBUTION TO PENSION | S4: LEAVE ALLOWANCE | T4: TOTAL ANNUAL PERSONEL BUDGET
A5: 1 | B5: OFFICE OF THE GOVERNOR AND DEPUTY GOVERNOR
B6: IN PAYROLL
B7: NOT IN PAYROLL
B8: SUB-TOTAL
A9: 2 | B9: COUNTY ADMINISTRATION
B10: IN PAYROLL
B11: NOT IN PAYROLL
B12: SUB-TOTAL
A13: 3 | B13: COUNTY PUBLIC SERVICE
B14: IN PAYROLL
B15: NOT IN PAYROLL
B16: SUB-TOTAL
A17: 4 | B17: FINANCE AND ECONOMIC PLANNING
B18: IN PAYROLL
B19: NOT IN PAYROLL
B20: SUB-TOTAL
A21: 5 | B21: AGRICULTURE
B22: IN PAYROLL
B23: NOT IN PAYROLL
B24: SUB-TOTAL
A25: 6 | B25: ENVIRONMENT
B26: IN PAYROLL
B27: NOT IN PAYROLL
B28: SUB-TOTAL
A29: 7 | B29: EDUCATION
B30: IN PAYROLL
B31: Instructors to be absorbed from national govt
B32: New employees (ECD and polytechnic instructors)
B33: SUB-TOTAL
A34: 8 | B34: HEALTH
B35: IN PAYROLL
B36: DANIDA Personnel Costs
B37: NOT IN PAYROLL
B38: SUB-TOTAL
A39: 9 | B39: LAND, PHYSICAL PLANNING AND URBAN DEVELOPMENT
B40: IN PAYROLL | S40: =6000*C40 -> 0 | T40: =SUM(D40:S40) -> 0
B41: NOT IN PAYROLL | S41: =C41*14000 -> 0 | T41: =SUM(D41:S41) -> 0
B42: SUB-TOTAL | G42: =SUM(G40:G41) -> 0 | H42: =SUM(H40:H41) -> 0 | I42: =SUM(I40:I41) -> 0 | J42: =SUM(J40:J41) -> 0 | K42: =SUM(K40:K41) -> 0 | L42: =SUM(L40:L41) -> 0 | M42: =SUM(M40:M41) -> 0 | N42: =SUM(N40:N41) -> 0 | ... T42: =SUM(T40:T41) -> 0
A43: 10 | B43: PUBLIC WORKS AND TRANSPORT | S43: =C43*14000 -> 0
B44: IN PAYROLL | S44: =6000*C44 -> 0 | T44: =SUM(D44:S44) -> 0
B45: NOT IN PAYROLL | S45: =C45*14000 -> 0 | T45: =SUM(D45:S45) -> 0
B46: SUB-TOTAL | G46: =SUM(G44:G45) -> 0 | H46: =SUM(H44:H45) -> 0 | I46: =SUM(I44:I45) -> 0 | J46: =SUM(J44:J45) -> 0 | K46: =SUM(K44:K45) -> 0 | L46: =SUM(L44:L45) -> 0 | M46: =SUM(M44:M45) -> 0 | N46: =SUM(N44:N45) -> 0 | ... T46: =SUM(T44:T45) -> 0
A47: 11 | B47: TRADE | S47: =C47*14000 -> 0
B48: IN PAYROLL | S48: =6000*C48 -> 0 | T48: =SUM(D48:S48) -> 0
B49: NOT IN PAYROLL | S49: =6000*C49 -> 0 | T49: =SUM(D49:S49) -> 0
B50: SUB-TOTAL | G50: =SUM(G48:G49) -> 0 | H50: =SUM(H48:H49) -> 0 | I50: =SUM(I48:I49) -> 0 | J50: =SUM(J48:J49) -> 0 | K50: =SUM(K48:K49) -> 0 | L50: =SUM(L48:L49) -> 0 | M50: =SUM(M48:M49) -> 0 | N50: =SUM(N48:N49) -> 0 | ... T50: =SUM(T48:T49) -> 0
A51: 12 | B51: CULTURE AND SOCIAL SERVICES | S51: =C51*14000 -> 0
B52: IN PAYROLL | S52: =6000*C52 -> 0 | T52: =SUM(D52:S52) -> 0
B53: NOT IN PAYROLL | S53: =C53*14000 -> 0 | T53: =SUM(D53:S53) -> 0
B54: SUB-TOTAL | G54: =SUM(G52:G53) -> 0 | H54: =SUM(H52:H53) -> 0 | I54: =SUM(I52:I53) -> 0 | J54: =SUM(J52:J53) -> 0 | K54: =SUM(K52:K53) -> 0 | L54: =SUM(L52:L53) -> 0 | M54: =SUM(M52:M53) -> 0 | N54: =SUM(N52:N53) -> 0 | ... T54: =SUM(T52:T53) -> 0
A55: 13 | B55: KISII TOWN | S55: =C55*14000 -> 0
B56: IN PAYROLL | S56: =6000*C56 -> 0 | T56: =SUM(D56:S56) -> 0
B57: NOT IN PAYROLL | S57: =C57*14000 -> 0 | T57: =SUM(D57:S57) -> 0
B58: SUB-TOTAL | G58: =SUM(G56:G57) -> 0 | H58: =SUM(H56:H57) -> 0 | I58: =SUM(I56:I57) -> 0 | J58: =SUM(J56:J57) -> 0 | K58: =SUM(K56:K57) -> 0 | L58: =SUM(L56:L57) -> 0 | M58: =SUM(M56:M57) -> 0 | N58: =SUM(N56:N57) -> 0 | ... T58: =SUM(T56:T57) -> 0
B59: GRAND TOTAL | G59: =SUM(G8,G12,G16,G20,G24,G28,G38,G33,G42,G46,G50,G54,G58) -> 0 | H59: =SUM(H8,H12,H16,H20,H24,H28,H38,H33,H42,H46,H50,H54,H58) -> 0 | I59: =SUM(I8,I12,I16,I20,I24,I28,I38,I33,I42,I46,I50,I54,I58) -> 0 | J59: =SUM(J8,J12,J16,J20,J24,J28,J38,J33,J42,J46,J50,J54,J58) -> 0 | K59: =SUM(K8,K12,K16,K20,K24,K28,K38,K33,K42,K46,K50,K54,K58) -> 0 | L59: =SUM(L8,L12,L16,L20,L24,L28,L38,L33,L42,L46,L50,L54,L58) -> 0 | M59: =SUM(M8,M12,M16,M20,M24,M28,M38,M33,M42,M46,M50,M54,M58) -> 0 | N59: =SUM(N8,N12,N16,N20,N24,N28,N38,N33,N42,N46,N50,N54,N58) -> 0 | ... T59: =SUM(T8,T12,T16,T20,T24,T28,T38,T33,T42,T46,T50,T54,T58) -> 0

Sheet Sheet2

Sheet Sheet1

Sheet PROJECT SUMMARY
A1: KISII COUNTY GOVERNMENT
A2: PROJECTS SUMMARY
A3: DEPARTMENT | B3: PROPOSED BUDGET 2019/2020
A4: OFFICE OF THE GOVERNOR AND DEPUTY GOVERNOR | B4: 200000000
A5: KISII COUNTY ASSEMBLY
A6: COUNTY ADMINISTRATION
A7: STAKEHOLDER MANAGEMENT
A8: FINANCE AND ACCOUNTING
A9: ECONOMIC PLANNING
A10: FISHERIES, LIVESTOCK AND VETERINARY SERVICES
A11: AGRICULTURE AND COOPERATIVES DEVELOPMENT
A12: ENVIRONMENT
A13: WATER AND SANITATION SERVICES
A14: EDUCATION
A15: MEDICAL SERVICES
A16: LANDS, PHYSICAL PLANNING AND URBAN DEVELOPMENT
... A22: TOTAL

Sheet Revenue
A1: REVENUE BUDGET FOR FY2024/2025
A2: ITEM | B2: APPROVED REVISED BUDGET 2023/24 BUDGET 2023/24 | C2: PROPOSED BUDGET 2024/25
A3: Equitable Share | B3: 9258588608 | C3: 9393032943
A4: Leasing of Medical Equipment | B4: 124723404 | C4: 0
A5: Aquaculture Business Development Programme | B5: 23165743 | C5: 0
A6: National Agricultural and Rural Inclusive Project | B6: 5000000 | C6: 0
A7: Agriculture Sector Development Support Program - SIDA | B7: 3168601 | C7: 0
A8: Industrial Park | B8: 0 | C8: 250000000
A9: Library Services | B9: 8557807 | C9: 0
A10: National Agricultural Value Chain Development Project (NAVCDP)-World Bank Credit | B10: 250000000 | C10: 151515152
A11: DANIDA | B11: 14206500 | C11: 11992500
A12: Livestock Value Chain Support Program- Poland | B12: 35809200 | C12: 0
A13: Provision of Fertilizer Subsidy | B13: 186645942 | C13: 0
A14: Allocation for Mineral Royalties | B14: 682562 | C14: 117616
A15: Finance for Locally-Led Climate Action Program (FLLoCA) County Climate Institutional Support (CCIS) Grant | B15: 22000000 | C15: 11000000
A16: Finance for Locally-Led Climate Action Program (FLLoCA) County Climate Resilient Investment Grant | B16: 160992006
A17: Finance for Locally-Led Climate Action Program (FLLoCA) County Climate Resilient Investment Grant (KfW) | B17: 84121480
A18: KDSP II | C18: 37500000
A19: Community Health Promoters (CHPs) | C19: 69096481
A20: Road maintenance Levy Fund (RMLF) | C20: 179407700
A21: Kenya Urban Support Programme (KUSP) Urban Institution Grant | C21: 35000000
A22: Construction of Cancer Center | B22: 0
A23: Unspent balances FY 2023/2024 | B23: 2432460031 | C23: =1737726321+9640307 -> 1747366628
A24: Local Revenues | B24: =B50 -> 650000000 | C24: 650000000
A25: TOTAL REVENUE | B25: =SUM(B3:B24) -> 13260121884 | C25: =SUM(C3:C24) -> 12536029020
A26: LOCAL REVENUE ITEMIZATION
A27: LOCAL LEVIES: 1-2000
A28: 1-2101 Property rates | B28: 25000000
A29: 1-2201 Business Permits Current Year | B29: 200000000
A30: 1-2311 Fruits & Vegetables / AgriculturalProduce Cess | B30: 20000000
A31: 1-3105 Miscellenous income | B31: 3500000
A32: 1-3501 County Premises Monthly Rent | B32: 10000000
A33: 1-5101 Market Entrance / Gate Fee | B33: 90000000
A34: 1-5102 Market Plots Rent | B34: 15000000
A35: 1-5201 Enclosed Bus Park Fee(Matatu monthly stickers) | B35: 76000000
A36: Motorcycle parking stickers | B36: 30000000
A37: 1-5221 Street Parking Fee | B37: 50000000
A38: 1-6301 Social Hall Hire | B38: 500000
A39: 1-6311 Stadium Hire | B39: 1000000
... A49: Revenue from Kisii Agricultural Training Centre | B49: 2000000
A50: TOTAL | B50: =SUM(B28:B49) -> 650000000 | C50: =SUM(C28:C49) -> 0

Sheet GRAND SUMMARY
A1: SUMMARY OF RECURRENT AND DEVELOPMENT EXPENDITURE
A2: DEPARTMENT | B2: REVENUE | C2: PERSONEL EMOLUMENTS | D2: TOTAL OPERATIONS AND MAINTENANCE | E2: RECURRENT | F2: DEVELOPMENT | G2: APPROVED REVISED BUDGET 2022/23 | H2: PROPOSED BUDGET 2024/25 | I2: APPROVED REVISED BUDGET 2023/2024 | J2: FSP Ceilings | L2: PE
A3: COUNTY ASSEMBLY | C3: =' ASSEMBLY'!G104 -> 653202051 | D3: =' ASSEMBLY'!G86+' ASSEMBLY'!G209-30000000 -> 499910949 | E3: =SUM(C3:D3) -> 1153113000 | F3: =' ASSEMBLY'!G226 -> 30000000 | G3: ='COUNTY ASSEMBLY'!C246 -> 1509980447 | H3: =SUM(E3:F3) -> 1183113000 | I3: 1387381974 | J3: 1183113000 | K3: =H3-J3 -> 0 | L3: 622071233 | M3: =L3-C3 -> -31130818
A4: EXECUTIVE OFFICE OF THE GOVERNOR | C4: =EXECUTIVE!F16 -> 250000000 | D4: =EXECUTIVE!F193 -> 133730000 | E4: =SUM(C4:D4) -> 383730000 | F4: ='SUMMARY Deve'!D3 -> 200000000 | G4: =EXECUTIVE!#REF!+'PROJECTS DETAILS'!#REF! -> #REF! | H4: =SUM(E4:F4) -> 583730000 | I4: 553146720 | J4: 600114950 | K4: =J4-H4-H5 -> 0 | L4: 250000000 | M4: =L4-C4 -> 0
A5: COUNTY PUBLIC SERVICE BOARD | C5: 0 | D5: =CPSB!F67 -> 16384950 | E5: =SUM(C5:D5) -> 16384950 | F5: 0 | G5: =CPSB!#REF! -> #REF! | H5: =SUM(E5:F5) -> 16384950 | I5: 18329000
A6: PUBLIC SERVICE AND COUNTY ADMINISTRATION | C6: =ADMINISTRATION!F15 -> 428796982 | D6: =ADMINISTRATION!F147 -> 86712701 | E6: =SUM(C6:D6) -> 515509683 | F6: ='SUMMARY Deve'!D5 -> 29800000 | G6: 462546797 | H6: =SUM(E6:F6) -> 545309683 | I6: 557933501 | J6: 608528145 | K6: =J6-H6-H7 -> 0 | L6: 468100000 | M6: =L6-C6-C7 -> 0
A7: PUBLIC PARTICIPATION, DISASTER SERVICES AND SPECIAL PROGRAMMES | C7: =STAKEHOLDER!F13 -> 39303018 | D7: =STAKEHOLDER!F110 -> 13715444 | E7: =SUM(C7:D7) -> 53018462 | F7: ='SUMMARY Deve'!D6 -> 10200000 | G7: ='PROJECTS DETAILS'!#REF!+STAKEHOLDER!#REF! -> #REF! | H7: =SUM(E7:F7) -> 63218462 | I7: 79853018
A8: FINANCE, ACCOUNTING SERVICES AND REVENUE MANAGEMENT | B8: =Revenue!C25 -> 12536029020 | C8: =FINANCE!F16 -> 457136160 | D8: =FINANCE!F219 -> 503900000 | E8: =SUM(C8:D8) -> 961036160 | F8: 0 | G8: =FINANCE!#REF! -> #REF! | H8: =SUM(E8:F8) -> 961036160 | I8: 938339170 | J8: 1305000000 | K8: =J8-H8-H9 -> 0 | L8: 530000000 | M8: =L8-C8-C9 -> 0
A9: ECONOMIC PLANNING AND ICT SERVICES | C9: =PLANNING!F14 -> 72863840 | D9: =PLANNING!F165 -> 46100000 | E9: =SUM(C9:D9) -> 118963840 | F9: ='SUMMARY Deve'!D8 -> 225000000 | G9: 165091154 | H9: =SUM(E9:F9) -> 343963840 | I9: 309563828
A10: AGRICULTURE AND COOPERATIVES DEVELOPMENT | C10: ='AGRIC & COOP'!F16 -> 168975432 | D10: ='AGRIC & COOP'!F169 -> 10406497 | E10: =SUM(C10:D10) -> 179381929 | F10: ='SUMMARY Deve'!D10 -> 337025773 | G10: 365911128 | H10: =SUM(E10:F10) -> 516407702 | I10: 782115201 | J10: 740812995 | K10: =J10-H10-H11 -> 0 | L10: 270000000 | M10: =L10-C10-C11 -> 0
A11: FISHERIES, LIVESTOCK AND VETERINARY SERVICES | C11: ='LIVESTOCK & VET'!F15 -> 101024568 | D11: ='LIVESTOCK & VET'!F148 -> 10406497 | E11: =SUM(C11:D11) -> 111431065 | F11: ='SUMMARY Deve'!D9 -> 112974228 | G11: 437961003 | H11: =SUM(E11:F11) -> 224405293 | I11: 260959880
A12: WATER, ENVIRONMENT, NATURAL RESOURCES, ENERGY AND CLIMATE CHANGE | C12: ='WATER, ENERGY, ENVIRONMENT AND '!F13 -> 70000000 | D12: ='WATER, ENERGY, ENVIRONMENT AND '!F83 -> 43166382 | E12: =SUM(C12:D12) -> 113166382 | F12: ='SUMMARY Deve'!D11 -> 507020000 | G12: 290604377 | H12: =SUM(E12:F12) -> 620186382 | I12: 692385883 | J12: 620186382 | K12: =J12-H12 -> 0 | L12: 70000000 | M12: =L12-C12 -> 0
A13: EDUCATION,TECHNICAL TRAINING & INNOVATION | C13: =EDUCATION!F13 -> 675000000 | D13: =EDUCATION!F92 -> 269859123 | E13: =SUM(C13:D13) -> 944859123 | F13: ='SUMMARY Deve'!D13 -> 100000000 | G13: 723526775 | H13: =SUM(E13:F13) -> 1044859123 | I13: 1153917270 | J13: 1044859123 | K13: =J13-H13 -> 0 | L13: 675000000 | M13: =L13-C13 -> 0
A14: MEDICAL SERVICES, PUBLIC HEALTH AND SANITATION | C14: =MEDICAL!F19 -> 2989204081 | D14: =MEDICAL!F99+'PUBLIC HEALTH'!F81 -> 285705071 | E14: =SUM(C14:D14) -> 3274909152 | F14: ='SUMMARY Deve'!D14 -> 550000000 | G14: =3731518798+29750000 -> 3761268798 | H14: =SUM(E14:F14) -> 3824909152 | I14: 3957430185 | J14: 3824909152 | K14: =J14-H14 -> 0 | L14: 2989204081 | M14: =L14-C14 -> 0
A15: LANDS, PHYSICAL PLANNING , HOUSING AND URBAN DEVELOPMENT | C15: =LANDS!F13 -> 85700000 | D15: =LANDS!F92 -> 25000000 | E15: =SUM(C15:D15) -> 110700000 | F15: ='SUMMARY Deve'!D16 -> 200000000 | G15: 235747982 | H15: =SUM(E15:F15) -> 310700000 | I15: 355795336 | J15: 310700000 | K15: =J15-H15 -> 0 | L15: 85700000 | M15: =L15-C15 -> 0
A16: ROADS | C16: =ROADS!F13 -> 122550000 | D16: =ROADS!F82 -> 62150000 | E16: =SUM(C16:D16) -> 184700000 | F16: ='PROJECTS DETAILS'!G1592 -> 1271537374 | G16: =806552927+144500312 -> 951053239 | H16: =SUM(E16:F16) -> 1456237374 | I16: 1292971559 | J16: 1526537374 | K16: =J16-H16-H17 -> 0 | L16: 190000000 | M16: =L16-C16-C17 -> 0
A17: PUBLIC WORKS | C17: ='PUBLIC WORKS'!F13 -> 67450000 | D17: ='PUBLIC WORKS'!F67 -> 2850000 | E17: =SUM(C17:D17) -> 70300000 | F17: ='PROJECTS DETAILS'!G1602 -> 0 | H17: =SUM(E17:F17) -> 70300000
A18: TRADE,TOURISM, INDUSTRY AND MARKETING | C18: =TRADE!F13 -> 70000000 | D18: =TRADE!F236 -> 15673042 | E18: =SUM(C18:D18) -> 85673042 | F18: ='SUMMARY Deve'!D19 -> 350000000 | G18: =SUM('PROJECTS DETAILS'!#REF!,TRADE!#REF!) -> #REF! | H18: =SUM(E18:F18) -> 435673042 | I18: 378548147 | J18: 435673042 | K18: =J18-H18 -> 0 | L18: 70000000 | M18: =L18-C18 -> 0
A19: YOUTH ,SPORTS, CULTURE, ARTS AND SOCIAL SERVICES | C19: =CULTURE!F13 -> 80000000 | D19: =CULTURE!F137 -> 20852345 | E19: =SUM(C19:D19) -> 100852345 | F19: ='SUMMARY Deve'!D20 -> 15000000 | G19: =SUM('PROJECTS DETAILS'!#REF!,CULTURE!#REF!) -> #REF! | H19: =SUM(E19:F19) -> 115852345 | I19: 208717320 | J19: 115852345 | K19: =J19-H19 -> 0 | L19: 80000000 | M19: =L19-C19 -> 0
A20: KISII MUNICIPALITY | C20: ='KISII MUNICIPALITY'!F13 -> 95000000 | D20: ='KISII MUNICIPALITY'!F101 -> 7957337 | E20: =SUM(C20:D20) -> 102957337 | F20: ='SUMMARY Deve'!D21 -> 80000000 | G20: =SUM('PROJECTS DETAILS'!#REF!,'KISII MUNICIPALITY'!#REF!) -> #REF! | H20: =SUM(E20:F20) -> 182957337 | I20: 272361200 | J20: 182957337 | K20: =J20-H20 -> 0 | L20: 95000000 | M20: =L20-C20 -> 0
A21: OGEMBO MUNICIPALITY | C21: ='OGEMBO MUNICIPALITY '!F13 -> 4300000 | D21: ='OGEMBO MUNICIPALITY '!F116 -> 7485175 | E21: =SUM(C21:D21) -> 11785175 | F21: ='SUMMARY Deve'!D22 -> 25000000 | G21: =SUM('PROJECTS DETAILS'!#REF!,'OGEMBO MUNICIPALITY '!#REF!) -> #REF! | H21: =SUM(E21:F21) -> 36785175 | I21: 60372692 | J21: 36785175 | K21: =J21-H21 -> 0 | L21: 4300000 | M21: =L21-C21 -> 0
A22: TOTAL | B22: =SUM(B3:B20) -> 12536029020 | C22: =SUM(C3:C21) -> 6430506132 | D22: =SUM(D3:D21) -> 2061965513 | E22: =SUM(E3:E21) -> 8492471645 | F22: =SUM(F3:F21) -> 4043557375 | G22: =SUM(G3:G21) -> #REF! | H22: =SUM(H3:H21) -> 12536029020 | I22: =SUM(I3:I21) -> 13260121884 | J22: =SUM(J3:J21) -> 12536029020 | K22: =SUM(K3:K21) -> 0
A23: SURPLUS/DEFICIT | H23: =B22-H22 -> 0

Sheet SUMMARY Deve
A1: SUMMARY OF DEVELOPMENT EXPENDITURE
B2: DEPARTMENT | C2: APPROVED REVISED BUDGET 2023/24 | D2: PROPOSED BUDGET 2024/25
A3: 1 | B3: EXECUTIVE | C3: ='PROJECTS DETAILS'!F8 -> 140000000 | D3: ='PROJECTS DETAILS'!G8 -> 200000000
A4: 2 | B4: PUBLIC SERVICE BOARD | C4: 0 | D4: 0
A5: 3 | B5: ADMINISTRATION | C5: ='PROJECTS DETAILS'!F34 -> 40846072 | D5: ='PROJECTS DETAILS'!G34 -> 29800000
A6: 4 | B6: STAKEHOLDER MANAGEMENT | C6: ='PROJECTS DETAILS'!F44 -> 26000000 | D6: ='PROJECTS DETAILS'!G44 -> 10200000
A7: 5 | B7: FINANCE AND ACCOUNTING SERVICES | C7: 0 | D7: 0
A8: 6 | B8: ECONOMIC PLANNING | C8: ='PROJECTS DETAILS'!F69 -> 159280850 | D8: ='PROJECTS DETAILS'!G69 -> 225000000
A9: 7 | B9: FISHERIES, LIVESTOCK AND VETERINARY SERVICES | C9: ='PROJECTS DETAILS'!F168 -> 136305312 | D9: ='PROJECTS DETAILS'!G168 -> 112974228
A10: 8 | B10: AGRICULTURE AND CO-OPERATIVE DEVELOPMENT | C10: ='PROJECTS DETAILS'!F122 -> 588107919 | D10: ='PROJECTS DETAILS'!G122 -> 337025773
A11: 9 | B11: WATER AND SANITATION SERVICES | C11: ='PROJECTS DETAILS'!F388 -> 541390883 | D11: ='PROJECTS DETAILS'!G388 -> 507020000
A12: 10 | B12: ENERGY, ENVIRONMENT AND NATURAL RESOURCES | C12: 0 | D12: 0
A13: 11 | B13: EDUCATION | C13: ='PROJECTS DETAILS'!F603 -> 143208541 | D13: ='PROJECTS DETAILS'!G603 -> 100000000
A14: 12 | B14: MEDICAL SERVICES | C14: ='PROJECTS DETAILS'!F805 -> 631515312 | D14: ='PROJECTS DETAILS'!G805 -> 550000000
A15: 13 | B15: PUBLIC HEALTH | C15: 0 | D15: 0
A16: 14 | B16: LANDS AND PHYSICAL PLANNING | C16: ='PROJECTS DETAILS'!F866 -> 213845336 | D16: ='PROJECTS DETAILS'!G866 -> 200000000
A17: 15 | B17: ROADS | C17: ='PROJECTS DETAILS'!F1603 -> 1101026264 | D17: ='PROJECTS DETAILS'!G1603 -> 1271537374
A18: 16 | B18: PUBLIC WORKS | C18: 0 | D18: 0
A19: 17 | B19: TRADE | C19: ='PROJECTS DETAILS'!F1666 -> 198848680 | D19: ='PROJECTS DETAILS'!G1666 -> 350000000
A20: 18 | B20: CULTURE | C20: ='PROJECTS DETAILS'!F1708 -> 77462320 | D20: ='PROJECTS DETAILS'!G1708 -> 15000000
A21: 19 | B21: KISII MUNICIPALITY | C21: ='PROJECTS DETAILS'!F1743 -> 127826294 | D21: ='PROJECTS DETAILS'!G1743 -> 80000000
A22: 20 | B22: OGEMBO MUNICIPALITY | C22: ='PROJECTS DETAILS'!F1767 -> 46372692 | D22: ='PROJECTS DETAILS'!G1767 -> 25000000
A23: 21 | B23: COUNTY ASSEMBLY | C23: =' ASSEMBLY'!F226 -> 154491231 | D23: 30000000
B24: TOTAL | C24: =SUM(C3:C23) -> 4326527706 | D24: =SUM(D3:D23) -> 4043557375

Sheet SUMMARY RECURRENT
A1: SUMMARY OF RECURRENT EXPENDITURE
B2: DEPARTMENT | C2: APPROVED BUDGET 2022/23 | D2: PROPOSED BUDGET 2024/2025
A3: 1 | B3: EXECUTIVE | C3: =EXECUTIVE!C194 -> 405146720 | D3: =EXECUTIVE!F194 -> 383730000
A4: 2 | B4: PUBLIC SERVICE BOARD | C4: =CPSB!C67 -> 7460000 | D4: =CPSB!F67 -> 16384950 | E4: 416206720
A5: 3 | B5: ADMINISTRATION | C5: =ADMINISTRATION!C148 -> 519087429 | D5: =ADMINISTRATION!F148 -> 515509683
A6: 4 | B6: STAKEHOLDER MANAGEMENT | C6: =STAKEHOLDER!C111 -> 110353018 | D6: =STAKEHOLDER!F111 -> 53018462
A7: 5 | B7: FINANCE AND ACCOUNTING SERVICES | C7: =FINANCE!C220 -> 962189170 | D7: =FINANCE!F220 -> 961036160
A8: 6 | B8: ECONOMIC PLANNING | C8: =PLANNING!C166 -> 146482978 | D8: =PLANNING!F166 -> 118963840
A9: 7 | B9: FISHERIES, LIVESTOCK AND VETERINARY SERVICES | C9: ='LIVESTOCK & VET'!C149 -> 134524568 | D9: ='LIVESTOCK & VET'!F149 -> 111431065
A10: 8 | B10: AGRICULTURE AND CO-OPERATIVE DEVELOPMENT | C10: ='AGRIC & COOP'!C170 -> 202025432 | D10: ='AGRIC & COOP'!F170 -> 179381929
A11: 9 | B11: WATER AND SANITATION SERVICES | C11: ='WATER, ENERGY, ENVIRONMENT AND '!C102 -> 127495000 | D11: ='WATER, ENERGY, ENVIRONMENT AND '!F102 -> 120186382
A12: 10 | B12: ENERGY, ENVIRONMENT AND NATURAL RESOURCES | C12: ='ENVIRONMENT '!C9 -> 22000000 | D12: ='ENVIRONMENT '!D9 -> 0
A13: 11 | B13: EDUCATION | C13: =EDUCATION!C93 -> 1035000000 | D13: =EDUCATION!F93 -> 944859123
A14: 12 | B14: MEDICAL SERVICES | C14: =MEDICAL!C100 -> 2981137498 | D14: =MEDICAL!F100 -> 3201262671
A15: 13 | B15: PUBLIC HEALTH | C15: ='PUBLIC HEALTH'!C81 -> 24530000 | D15: ='PUBLIC HEALTH'!F81 -> 73646481
A16: 14 | B16: LANDS AND PHYSICAL PLANNING | C16: =LANDS!C113 -> 145700000 | D16: =LANDS!F113 -> 135700000
A17: 15 | B17: ROADS | C17: =ROADS!C83 -> 153750000 | D17: =ROADS!F83 -> 184700000
A18: 16 | B18: PUBLIC WORKS | C18: ='PUBLIC WORKS'!C81 -> 35250000 | D18: ='PUBLIC WORKS'!F81 -> 70300000
A19: 17 | B19: TRADE | C19: =TRADE!C237 -> 153012240 | D19: =TRADE!F237 -> 85673042
A20: 18 | B20: CULTURE | C20: =CULTURE!C138 -> 130105000 | D20: =CULTURE!F138 -> 100852345 | F20: =C20-E20 -> 130105000
A21: 19 | B21: KISII MUNICIPALITY | C21: ='KISII MUNICIPALITY'!C102 -> 115000000 | D21: ='KISII MUNICIPALITY'!F102 -> 102957337
A22: 20 | B22: OGEMBO MUNICIPALITY | C22: ='OGEMBO MUNICIPALITY '!C117 -> 14000000 | D22: ='OGEMBO MUNICIPALITY '!F117 -> 11785175
A23: 21 | B23: COUNTY ASSEMBLY | C23: =' ASSEMBLY'!D213+' ASSEMBLY'!D215 -> 1232890743 | D23: 1153113000 | F23: =C24-F20 -> 8527034796
B24: TOTAL | C24: =SUM(C3:C23) -> 8657139796 | D24: =SUM(D3:D23) -> 8524491645
E25: =E24+'SUMMARY Deve'!#REF! -> #REF!

Sheet PROJECTS DETAILS
B1: KISII COUNTY GOVERNMENT
B2: DEVELOPMENT BUDGET
B3: KISII COUNTY GOVERNMENT | C3: PROJECT LOCATION | D3: APPROVED BUDGET 2023/2024 | E3: ADJUSTMENTS | F3: APPROVED REVISED BUDGET 2023/2024 | G3: PROPOSED BUDGET 2024/2025
B4: OFFICE OF THE GOVERNOR AND DEPUTY GOVERNOR
A5: 3110201 | B5: Completion of Governor's Residence | C5: Kisii Town | D5: 20000000 | E5: 10000000 | F5: =SUM(D5:E5) -> 30000000 | G5: 32000000
A6: 3110202 | B6: Construction of County Headquarters | D6: 100000000 | F6: =SUM(D6:E6) -> 100000000 | G6: 168000000
B7: Construction of car Park and Fence (PSB) | D7: 10000000 | F7: =SUM(D7:E7) -> 10000000
B8: TOTAL COUNTY EXECUTIVE | D8: =SUM(D5:D7) -> 130000000 | E8: =SUM(E5:E7) -> 10000000 | F8: =SUM(F5:F7) -> 140000000 | G8: =SUM(G5:G7) -> 200000000
B9: PUBLIC SERVICE, COUNTY ADMINISTARTION AND PUBLIC PARTICIPATION
B10: PUBLIC SERVICE AND PUBLIC ADMINISTRATION
A11: 3110200 | B11: Completion of ward offices
A12: 3110202 | B12: Completion of ward office (Administration Block) | C12: Bomariba | D12: 1000000 | F12: =SUM(D12:E12) -> 1000000 | G12: 1000000
A13: 3110202 | B13: Completion of ward office (Administration Block) | C13: Bosoti Sengera | D13: 2819120 | F13: =SUM(D13:E13) -> 2819120 | G13: 2819120
A14: 3110202 | B14: Completion of ward office (Administration Block) | C14: Chitago Borabu | D14: 800000 | F14: =SUM(D14:E14) -> 800000 | G14: 800000
A15: 3110202 | B15: Completion of ward office (Administration Block) | C15: Ibeno | D15: 3435170 | E15: 3432250 | F15: =SUM(D15:E15) -> 6867420 | G15: 6867420
A16: 3110202 | B16: Completion of ward office (Administration Block) | C16: Machoge Bassi | D16: 2000000 | F16: =SUM(D16:E16) -> 2000000 | G16: 1000000
A17: 3110202 | B17: Completion of ward office | C17: Masige West | D17: 3059270 | F17: =SUM(D17:E17) -> 3059270 | G17: 3059270
A18: 3110202 | B18: Completion of ward office (Administration Block) | C18: Nyatieko | D18: 1000000 | F18: =SUM(D18:E18) -> 1000000 | G18: 1000000
A19: 3110202 | B19: Completion of ward office (Administration Block) | C19: Riana | D19: 1005087 | E19: 1005084 | F19: =SUM(D19:E19) -> 2010171 | G19: 2010171
B20: SUB TOTAL | D20: =SUM(D12:D19) -> 15118647 | E20: =SUM(E12:E19) -> 4437334 | F20: =SUM(F12:F19) -> 19555981 | G20: =SUM(G12:G19) -> 18555981
A21: 3110202 | B21: Extension of Marani Sub-County office -Phase II | C21: Kitutu Chache North | D21: 9500000 | F21: =SUM(D21:E21) -> 9500000
A22: 3110202 | B22: Construction of County Court | C22: Kisii Central | D22: 3000000 | F22: =SUM(D22:E22) -> 3000000 | G22: 2921978
A23: 3110599 | B23: Fencing of treasury | C23: County Treasury | D23: 3601466 | F23: =SUM(D23:E23) -> 3601466 | G23: 3601466
B24: Construction of Enforcement unit at Daraja mbili | C24: Kitutu Central | E24: 520575 | F24: =SUM(D24:E24) -> 520575 | G24: 520575
B25: Installation of split air conditional in computer server room | C25: Headquarters | E25: 1468050 | F25: =SUM(D25:E25) -> 1468050
B26: SUB TOTAL | D26: =SUM(D21:D25) -> 16101466 | E26: =SUM(E21:E25) -> 1988625 | F26: =SUM(F21:F25) -> 18090091 | G26: =SUM(G21:G25) -> 7044019
B27: Construction of Pit latrines at Ward Offices
A28: 3110299 | B28: Construction of Pit Latrine | C28: Masimba (Nyaribari Masaba) | D28: 800000 | E28: -800000 | F28: =SUM(D28:E28) -> 0 | G28: 1000000
A29: 3110299 | B29: Construction of Toilet Block at County Treasury | C29: Headquarters | D29: 1000000 | F29: =SUM(D29:E29) -> 1000000 | G29: 1000000
A30: 3110299 | B30: Construction of Pit Latrine at Kitutu Chache South Sub County Office | C30: Mosocho | D30: 800000 | F30: =SUM(D30:E30) -> 800000 | G30: 800000
A31: 3110299 | B31: Construction of Pit Latrine at Nyatieko Ward Office | C31: Nyatieko | D31: 600000 | F31: =SUM(D31:E31) -> 600000 | G31: 600000
A32: 3110299 | B32: Construction of Pit Latrine at Bomariba Ward Office | C32: Bomariba | D32: 800000 | F32: =SUM(D32:E32) -> 800000 | G32: 800000
B33: SUB TOTAL | D33: =SUM(D28:D32) -> 4000000 | E33: =SUM(E28:E32) -> -800000 | F33: =SUM(F28:F32) -> 3200000 | G33: =SUM(G28:G32) -> 4200000
B34: TOTAL PUBLIC SERVICE AND COUNTY ADMINISTRATION | D34: =SUM(#REF!,D33,D26,D20) -> #REF! | E34: =SUM(#REF!,E33,E26,E20) -> #REF! | F34: =SUM(,F33,F26,F20) -> 40846072 | G34: =SUM(,G33,G26,G20) -> 29800000
B35: PUBLIC PARTICIPATION, DISASTER SERVICES AND SPECIAL PROGRAMMES
A36: 3110902 | B36: Purchase of Household and Institution appliances ( Thunder Arrestors) | C36: Headquarters | D36: 4000000 | F36: =SUM(D36:E36) -> 4000000 | G36: 4000000
A37: 3111106 | B37: Purchase of Fire fighting Vehicles and Equipment (Pending Payment) | C37: Headquarters | D37: 16600000 | F37: =SUM(D37:E37) -> 16600000
B38: Fire hydrants civil works | C38: Headquarters | D38: 1500000 | F38: =SUM(D38:E38) -> 1500000 | G38: 1500000
A39: 3111120 | B39: Purchase of Rescue Machinery | C39: Headquarters | D39: 3900000 | F39: =SUM(D39:E39) -> 3900000 | G39: 3900000
B40: SUB TOTAL | D40: =SUM(D36:D39) -> 26000000 | E40: =SUM(E36:E39) -> 0 | F40: =SUM(F36:F39) -> 26000000 | G40: =SUM(G36:G39) -> 9400000
B41: Special programmes
B42: Kisii Central Ward Office (Ward based project) | G42: 800000
B43: SUB TOTAL | D43: =SUM(#REF!) -> #REF! | E43: =SUM(#REF!) -> #REF! | F43: =SUM(F42) -> 0 | G43: =SUM(G42) -> 800000
B44: TOTAL PUBLIC PARTICIPATION, DISASTER SERVICES AND SPECIAL PROGRAMMES | D44: =SUM(D43,D40) -> #REF! | E44: =SUM(E43,E40) -> #REF! | F44: =SUM(F43,F40) -> 26000000 | G44: =SUM(G43,G40) -> 10200000
B45: TOTAL PUBLIC SERVICE, COUNTY ADMINISTRATION AND PARTICIPATORY DEVELOPMENT | D45: =SUM(D44,D34) -> #REF! | E45: =SUM(E44,E34) -> #REF! | F45: =SUM(F44,F34) -> 66846072 | G45: =SUM(G44,G34) -> 40000000
A46: FINANCE, ECONOMIC PLANNING AND ICT
A47: ECONOMIC PLANNING AND ICT SERVICES
A48: 3111112 | B48: Supply and Installation of video conference solution | C48: Headquarters | F48: =SUM(D48:E48) -> 0
A49: 3111111 | B49: Enterprise Computer Operating Platform for all departments - Phase 1 | C49: Headquarters | F49: =SUM(D49:E49) -> 0
A50: 3111112 | B50: Development and Deployment of Customer service portal IT support and ticket management system | C50: Headquarters | D50: 1655840 | F50: =SUM(D50:E50) -> 1655840 | G50: 0
A51: 3111112 | B51: Upgrade and redesign of Kisii county Active Directory Systems (H/W&S/W) | C51: Headquarters | D51: 3750000 | F51: =SUM(D51:E51) -> 3750000 | G51: 3800000
A52: 3111112 | B52: Deployment of Budgeting Public Partitipation, Recruitment and Intranet management | C52: Headquarters | D52: 2882120 | F52: =SUM(D52:E52) -> 2882120 | G52: 5000000
A53: 3111111 | B53: Installation of Metro fiber to Kisii Municipality and SD-WAN to Sub counties | C53: Headquarters | D53: 4126122 | F53: =SUM(D53:E53) -> 4126122 | G53: 0
A54: 3111002 | B54: Establishment of Information center complete with public wifi hotsports | D54: 9000000 | E54: -9000000 | F54: =SUM(D54:E54) -> 0 | G54: 10000000
A55: 3111111 | B55: Upgrade of Core network and monitoring infrastructure (power, routing and switching) | C55: Headquarters | D55: 6000000 | E55: -6000000 | F55: =SUM(D55:E55) -> 0 | G55: 10000000
A56: 3111111 | B56: Installation of structured and telecoms networks at New Public works, Water, Stadium and NOC offices | D56: 9366768 | F56: =SUM(D56:E56) -> 9366768 | G56: 4700000
A57: 3111111 | B57: Installation and Extension of CCTV to key service points | C57: Headquarters | D57: 20000000 | E57: -5000000 | F57: =SUM(D57:E57) -> 15000000 | G57: 10000000
A58: 3111120 | B58: Installation of solar based Power backup at the Headquater and Subcounties to support implementation of systems | C58: Headquarters | D58: 10000000 | E58: 6000000 | F58: =SUM(D58:E58) -> 16000000 | G58: 15500000
A59: 3110399 | B59: Establishment of a county ICT Repair workshop for inhouse equipment repair and maintenance | C59: Headquarters | D59: 3000000 | F59: =SUM(D59:E59) -> 3000000 | G59: 3000000
A60: 3111111 | B60: Structured and wireless LAN for 10 health facilities in readiness for implementation of HMIS - Phase2 | C60: Headquarters | D60: 23000000 | E60: 2000000 | F60: =SUM(D60:E60) -> 25000000 | G60: 25000000
A61: 3111299 | B61: Upgrade of Data center, recovery Site and virtualization of Servers for hosting of county applications and data | C61: Headquarters | D61: 30000000 | E61: -22500000 | F61: =SUM(D61:E61) -> 7500000 | G61: 20000000
A62: 3111120 | B62: Customazation and Implementation of Revenue collection and management system | C62: Headquarters | D62: 25000000 | E62: 6000000 | F62: =SUM(D62:E62) -> 31000000 | G62: 25000000
A63: 3111120 | B63: ICT equipment | C63: Headquarters | D63: 20000000 | E63: -5000000 | F63: =SUM(D63:E63) -> 15000000 | G63: 30000000
A64: 3111112 | B64: Automation of departmental workflows (trade schemes, Cabinet meeting, Agric extension services, ATC services, mapping of facilities) Integration and operationalization of existing applications (county planning, PMS, Performace management, Bursary management, stakeholder management, Asset management, procurement management onlice service portal) | C64: Headquarters | D64: 16310000 | E64: -16310000 | F64: =SUM(D64:E64) -> 0 | G64: 16000000
A65: 3111112 | B65: Supply Installation and deployment of enterprise office collaboration and integration with Ms Active directory | C65: Headquarters | D65: 5000000 | E65: -5000000 | F65: =SUM(D65:E65) -> 0 | G65: 5000000
B66: Setting up of a multi-story container storage facility | C66: Headquarters | G66: 7000000
B67: Deployment and support of Internal Audit Management and reporting system | C67: Headquarters | G67: 10000000
A68: 3111299 | B68: Supply and Installation of Enterprise Biometric time and attendance system | C68: Headquarters | E68: 25000000 | F68: =SUM(D68:E68) -> 25000000 | G68: 25000000
B69: TOTAL FINANCE, ECONOMIC PLANNING AND ICT | D69: =SUM(D50:D68) -> 189090850 | E69: =SUM(E50:E68) -> -29810000 | F69: =SUM(F50:F68) -> 159280850 | G69: =SUM(G50:G68) -> 225000000
A70: AGRICULTURE, LIVESTOCK, FISHERIES AND CO-OPERATIVE DEVELOPMENT
A71: AGRICULTURE AND CO-OPERATIVES DEVELOPMENT
A72: 2640503 | B72: Kenya Agricultural Development Project SIDA contribution | C72: Headquarters | D72: 3168601 | F72: =SUM(D72:E72) -> 3168601 | G72: 11918919
B73: Kenya Agricultural Development Project County contribution | G73: 5000000
B74: SUB-TOTAL | D74: =SUM(D72) -> 3168601 | E74: =SUM(E72) -> 0 | F74: =SUM(F72) -> 3168601 | G74: =SUM(G72:G73) -> 16918919
B75: NATIONAL AGRICULTURAL AND RURAL INCLUSIVE GROWTH PROJECT (NARIGP) | F75: =SUM(D75:E75) -> 0
A76: 2630203 | B76: National Agricultural and Rural inclusive growth project(WB) | C76: 21 wards | D76: 150000000 | E76: -145000000 | F76: =SUM(D76:E76) -> 5000000
B77: National Agricultural and Rural inclusive growth project(Counterpart) | D77: 2000000 | F77: =SUM(D77:E77) -> 2000000
B78: SUB TOTAL | D78: =SUM(D76:D77) -> 152000000 | E78: =SUM(E76:E77) -> -145000000 | F78: =SUM(F76:F77) -> 7000000 | G78: =SUM(G76:G77) -> 0
B79: National Agricultural Value Chain Development Project(NAVCDP)
A80: 2640503 | B80: National Agricultural Value Chain Development Project (WB Contribution) | C80: 45Wards | D80: 250000000 | E80: 67192656 | F80: =SUM(D80:E80) -> 317192656 | G80: 251515512
A81: 2630203 | B81: National Agricultural Value Chain Development Project (KCG Contribution) | C81: 45Wards | D81: 5000000 | E81: 5000000 | F81: =SUM(D81:E81) -> 10000000 | G81: 10000000
B82: SUB TOTAL | D82: =SUM(D80:D81) -> 255000000 | E82: =SUM(E80:E81) -> 72192656 | F82: =SUM(F80:F81) -> 327192656 | G82: =SUM(G80:G81) -> 261515512
B83: AGROPROCESSING
A84: 3110202 | B84: Completion of Agribusiness policy | C84: headquarters | D84: 1000000 | E84: -1000000 | F84: =SUM(D84:E84) -> 0 | G84: 700000
A85: 3111120 | B85: Development of designs for avocado waste management | C85: ATC | D85: 3000000 | E85: -3000000 | F85: =SUM(D85:E85) -> 0 | G85: 500000
B86: SUB-TOTAL | D86: =SUM(D84:D85) -> 4000000 | E86: =SUM(E84:E85) -> -4000000 | F86: =SUM(F84:F85) -> 0 | G86: =SUM(G84:G85) -> 1200000
A87: CROP DEVELOPMENT
A88: 3111301 | B88: Supply of soil testing kits | C88: All 45 wards | D88: 1500720 | F88: =SUM(D88:E88) -> 1500720
A89: 2211319 | B89: Provision of Fertilizer Subsidy | C89: All 45 wards | D89: 186645942 | F89: =SUM(D89:E89) -> 186645942
A90: 3111399 | B90: Supply of Coffee Seedlings | C90: ATC | D90: 1500000 | F90: =SUM(D90:E90) -> 1500000 | G90: 1062500
A91: 3111399 | B91: Supply of pyrethrum seedlings | C91: ATC | D91: 1500000 | F91: =SUM(D91:E91) -> 1500000 | G91: 500000
A92: 3111399 | B92: Development and supply of certified fruit tree nursery and seedlings | C92: ATC | D92: 4000000 | F92: =SUM(D92:E92) -> 4000000 | G92: 0
B93: Construction of Ablution block | C93: Headquarters | G93: 2569836
A94: 3111399 | B94: Supply of coffee seedlings | C94: Majoge Bassi Ward | D94: 400000 | F94: =SUM(D94:E94) -> 400000
A95: 3111399 | B95: Avocado tree seedlings | C95: Ibeno | D95: 200000 | F95: =SUM(D95:E95) -> 200000
A96: 3111299 | B96: Completion of the cereal depot at Nyamarambe | C96: Bogetenga ward | D96: 3500000 | F96: =SUM(D96:E96) -> 3500000 | G96: 1600000
B97: SUB-TOTAL | D97: =SUM(D88:D96) -> 199246662 | E97: =SUM(E88:E96) -> 0 | F97: =SUM(F88:F96) -> 199246662 | G97: =SUM(G88:G96) -> 5732336
A98: ENGINEERING,IRRIGARION AND DRAINAGE
B99: Climate Smart Agriculture Promotion-drip and water harvesting technologies | C99: ATC | D99: 1000000 | F99: =SUM(D99:E99) -> 1000000 | G99: 1000000
B100: Landscape rehabilitation and conservation | C100: All 45 wards | G100: 2000000
...

Sheet EXECUTIVE
A1: OFFICE OF THE GOVERNOR AND DEPUTY GOVERNOR
A2: CHART OF ACCOUNTS -RECURRENT | C2: APPROVED BUDGET 2023/2024 | D2: Adjustments | E2: APPROVED REVISED BUDGET 2023/2024 | F2: PROPOSED BUDGET 2024/2025
A3: 10201 | B3: General Administration, Planning and Support Services
A4: 2100000 | B4: Compensation of Employees
B5: Basic Salaries - Permanent Employees
A6: 2110101 | B6: Basic Salaries | C6: 171102468 | E6: =SUM(C6:D6) -> 171102468 | F6: =SUM(D6:E6) -> 171102468
A7: Sub Total | C7: =SUM(C6) -> 171102468 | D7: =SUM(D6) -> 0 | E7: =SUM(E6) -> 171102468 | F7: =SUM(F6) -> 171102468
B8: Personal Allowance Paid as Part of Salary | E8: =SUM(C8:D8) -> 0 | F8: =SUM(D8:E8) -> 0
A9: 2110301 | B9: House Allowance | C9: 27731233 | E9: =SUM(C9:D9) -> 27731233 | F9: =SUM(D9:E9) -> 27731233
A10: 2110314 | B10: Transport Allowance | C10: 12494305 | E10: =SUM(C10:D10) -> 12494305 | F10: =SUM(D10:E10) -> 12494305
A11: 2110320 | B11: Leave Allowance | C11: 1181240 | E11: =SUM(C11:D11) -> 1181240 | F11: =SUM(D11:E11) -> 1181240
A12: 2110405 | B12: Telephone Allowance | C12: 408113 | E12: =SUM(C12:D12) -> 408113 | F12: =SUM(D12:E12) -> 408113
A13: 2110502 | B13: Other Allowances | C13: 1960000 | E13: =SUM(C13:D13) -> 1960000 | F13: =SUM(D13:E13) -> 1960000
A14: 2120103 | B14: Employer Contribution to Staff Pensions Scheme (Gratuity) | C14: 35122641 | E14: =SUM(C14:D14) -> 35122641 | F14: =SUM(D14:E14) -> 35122641
A15: Sub Total | C15: =SUM(C9:C14) -> 78897532 | D15: =SUM(D9:D14) -> 0 | E15: =SUM(E9:E14) -> 78897532 | F15: =SUM(F9:F14) -> 78897532
A16: Total Salaries and Wages | C16: =C7+C15 -> 250000000 | D16: =D7+D15 -> 0 | E16: =E7+E15 -> 250000000 | F16: =F7+F15 -> 250000000
A17: 2200000 | B17: Use of Goods and Services
B18: Utilities Supplies and Services
A19: 2210101 | B19: Electricity | C19: 6000000 | D19: 1500000 | E19: =SUM(C19:D19) -> 7500000 | F19: 6000000
A20: 2210102 | B20: Water and sewerage charges | C20: 2000000 | E20: =SUM(C20:D20) -> 2000000 | F20: 2000000
A21: Sub Total | C21: =SUM(C19:C20) -> 8000000 | D21: =SUM(D19:D20) -> 1500000 | E21: =SUM(E19:E20) -> 9500000 | F21: =SUM(F19:F20) -> 8000000
B22: Communication, Supplies and Services
A23: 2210201 | B23: Telephone, Telex, Facsmile and Mobile Phone Services | C23: 50000 | E23: =SUM(C23:D23) -> 50000 | F23: 50000
A24: 2210203 | B24: Courier and Postal Services | C24: 200000 | E24: =SUM(C24:D24) -> 200000 | F24: 200000
A25: Sub Total | C25: =SUM(C23:C24) -> 250000 | D25: =SUM(D23:D24) -> 0 | E25: =SUM(E23:E24) -> 250000 | F25: =SUM(F23:F24) -> 250000
B26: Domestic Travel and Subsistence, and Other Transportation Costs
A27: 2210301 | B27: Travel Costs (airlines, bus, railway, mileage allowances, etc.) | C27: 500000 | E27: =SUM(C27:D27) -> 500000 | F27: 200000
A28: 2210302 | B28: Accommodation - Domestic Travel | C28: 4100000 | E28: =SUM(C28:D28) -> 4100000 | F28: 5000000
A29: 2210303 | B29: Daily Subsistence Allowance | C29: 11000000 | E29: =SUM(C29:D29) -> 11000000 | F29: 6000000
A30: 2210304 | B30: Sundry Items (e.g. airport tax, taxis, etc…) | C30: 100000 | E30: =SUM(C30:D30) -> 100000 | F30: 50000
A31: Sub Total | C31: =SUM(C27:C30) -> 15700000 | D31: =SUM(D27:D30) -> 0 | E31: =SUM(E27:E30) -> 15700000 | F31: =SUM(F27:F30) -> 11250000
B32: Foreign Travel and Subsistence, and other transportation costs
A33: 2210401 | B33: Travel Costs (airlines, bus, railway, etc.) | C33: 3000000 | D33: -2000000 | E33: =SUM(C33:D33) -> 1000000 | F33: 2000000
A34: 2210402 | B34: Accommodation | C34: 1300000 | D34: -1300000 | E34: =SUM(C34:D34) -> 0 | F34: 2000000
A35: 2210403 | B35: Daily Subsistence Allowance | C35: 6000000 | D35: -5000000 | E35: =SUM(C35:D35) -> 1000000 | F35: 1000000
A36: 2210404 | B36: Sundry Items (airport tax, taxis, etc…) | C36: 100000 | E36: =SUM(C36:D36) -> 100000 | F36: 100000
A37: Sub Total | C37: =SUM(C33:C36) -> 10400000 | D37: =SUM(D33:D36) -> -8300000 | E37: =SUM(E33:E36) -> 2100000 | F37: =SUM(F33:F36) -> 5100000
B38: Printing , Advertising and Information Supplies and Services
A39: 2210502 | B39: Publishing and Printing Services | C39: 2800000 | E39: =SUM(C39:D39) -> 2800000 | F39: 1000000
A40: 2210503 | B40: Subscriptions to Newspapers, Magazines and Periodicals | C40: 300000 | E40: =SUM(C40:D40) -> 300000 | F40: 100000
A41: 2210504 | B41: Advertising, Awareness and Publicity Campaigns | C41: 2000000 | E41: =SUM(C41:D41) -> 2000000 | F41: 2000000
A42: Sub Total | C42: =SUM(C39:C41) -> 5100000 | D42: =SUM(D39:D41) -> 0 | E42: =SUM(E39:E41) -> 5100000 | F42: =SUM(F39:F41) -> 3100000
B43: Rentals of Produced Assets
A44: 2210603 | B44: Payment of Rents and Rates - Non-Residential | C44: 2000000 | E44: =SUM(C44:D44) -> 2000000 | F44: 4000000
A45: Sub Total | C45: =SUM(C44) -> 2000000 | D45: =SUM(D44) -> 0 | E45: =SUM(E44) -> 2000000 | F45: =SUM(F44) -> 4000000
B46: Training Expense (including capacity building)
A47: 2210701 | B47: Travel Allowance | C47: 150000 | E47: =SUM(C47:D47) -> 150000 | F47: 100000
A48: 2210703 | B48: Production and Printing of Training Materials | C48: 300000 | E48: =SUM(C48:D48) -> 300000 | F48: 200000
A49: 2210710 | B49: Accommodation Allowance | C49: 500000 | E49: =SUM(C49:D49) -> 500000 | F49: 300000
A50: 2210711 | B50: Tuition Fees Allowance | C50: 1500000 | E50: =SUM(C50:D50) -> 1500000 | F50: 300000
A51: 2210715 | B51: Kenya School of Government (Pending bills) | C51: 1596720 | E51: =SUM(C51:D51) -> 1596720 | F51: 0
A52: Sub Total | C52: =SUM(C47:C51) -> 4046720 | D52: =SUM(D47:D51) -> 0 | E52: =SUM(E47:E51) -> 4046720 | F52: =SUM(F47:F51) -> 900000
B53: Hospitality Supplies and Services
A54: 2210801 | B54: Catering Services (receptions), Accommodation, Gifts, Food and Drinks | C54: 4000000 | D54: -1000000 | E54: =SUM(C54:D54) -> 3000000 | F54: 3000000
A55: 2210802 | B55: Boards, Committees, Conferences and Seminars | C55: 2000000 | D55: -1000000 | E55: =SUM(C55:D55) -> 1000000 | F55: 2000000
A56: 2210803 | B56: Hospitality Costs | E56: =SUM(C56:D56) -> 0 | F56: 500000
A57: 2210805 | B57: National Celebrations | C57: 5500000 | E57: =SUM(C57:D57) -> 5500000 | F57: 0
A58: Sub Total | C58: =SUM(C54:C57) -> 11500000 | D58: =SUM(D54:D57) -> -2000000 | E58: =SUM(E54:E57) -> 9500000 | F58: =SUM(F54:F57) -> 5500000
B59: Office and General Supplies and Services
A60: 2211101 | B60: General Office Supplies (papers, pencils, forms, small office equipment etc) | C60: 2000000 | D60: -500000 | E60: =SUM(C60:D60) -> 1500000 | F60: 1500000
A61: 2211102 | B61: Supplies and Accessories for Computers and Printers | C61: 400000 | E61: =SUM(C61:D61) -> 400000 | F61: 500000
A62: 2211103 | B62: Sanitary and Cleaning Materials, Supplies and Services | C62: 1600000 | E62: =SUM(C62:D62) -> 1600000 | F62: 600000
A63: Sub Total | C63: =SUM(C60:C62) -> 4000000 | D63: =SUM(D60:D62) -> -500000 | E63: =SUM(E60:E62) -> 3500000 | F63: =SUM(F60:F62) -> 2600000
B64: Fuel Oil and Lubricants | E64: =SUM(C64:D64) -> 0
A65: 2211201 | B65: Refined Fuels and Lubricants for Transport | C65: 0 | E65: =SUM(C65:D65) -> 0
A66: 2211203 | B66: Refined Fuels and Lubricants -- Other | C66: 0 | E66: =SUM(C66:D66) -> 0
A67: Sub Total | C67: 0 | E67: =SUM(C67:D67) -> 0
B68: Fuel Oil and Lubricants
A69: 2211201 | B69: Refined Fuels and Lubricants for Transport | C69: 5000000 | E69: =SUM(C69:D69) -> 5000000 | F69: 5000000
A70: Sub Total | C70: =SUM(C69) -> 5000000 | D70: =SUM(D69) -> 0 | E70: =SUM(E69) -> 5000000 | F70: =SUM(F69) -> 5000000
B71: Other Operating Expenses
A72: 2211306 | B72: Membership Fees, Dues and Subscriptions to Professional and Trade Bodies | C72: 5000000 | E72: =SUM(C72:D72) -> 5000000 | F72: 3000000
A73: 3111001 | B73: Purchase of office furniture | C73: 3000000 | E73: =SUM(C73:D73) -> 3000000 | F73: 0
B74: Boards and Confrences | F74: 11400000
A75: 3111002 | B75: Purchase of Computers, Printers and other IT Equipment | C75: 3000000 | D75: -3000000 | F75: 1000000
A76: 2211311 | B76: Contracted Technical Services | C76: 2000000 | E76: =SUM(C76:D76) -> 2000000 | F76: 8000000
A77: 2211311 | B77: Contracted Proffessional Services | C77: 0 | E77: =SUM(C77:D77) -> 0
B78: Contracted Proffessional Services-Consultancy | D78: 6000000 | E78: =SUM(C78:D78) -> 6000000 | F78: 0
A79: 2211313 | B79: Security Operations | C79: 4000000 | E79: =SUM(C79:D79) -> 4000000 | F79: 2000000
A80: 2211322 | B80: Binding of Records | C80: 100000 | E80: =SUM(C80:D80) -> 100000 | F80: 100000
A81: 3110701 | B81: Purchase of motorvehicles | C81: 0 | E81: =SUM(C81:D81) -> 0
A82: Sub Total | C82: =SUM(C72:C81) -> 17100000 | D82: =SUM(D72:D81) -> 3000000 | E82: =SUM(E72:E81) -> 20100000 | F82: =SUM(F72:F81) -> 25500000
B83: Routine Maintenance - Vehicles and Other Transport Equipment
A84: 2220101 | B84: Maintenance Expenses - Motor Vehicles and cycles | C84: 1000000 | E84: =SUM(C84:D84) -> 1000000 | F84: 2000000
A85: Sub Total | C85: =SUM(C84) -> 1000000 | D85: =SUM(D84) -> 0 | E85: =SUM(E84) -> 1000000 | F85: =SUM(F84) -> 2000000
B86: Routine Maintenance - Other Assets
A87: 2220205 | B87: Maintenance of Buildings and Stations -- Non-Residential | C87: 17000000 | D87: 8000000 | E87: =SUM(C87:D87) -> 25000000 | F87: 3000000
A88: 2220212 | B88: Maintenance of Communications Equipment | C88: 300000 | E88: =SUM(C88:D88) -> 300000 | F88: 500000
A89: Sub Total | C89: =SUM(C87:C88) -> 17300000 | D89: =SUM(D87:D88) -> 8000000 | E89: =SUM(E87:E88) -> 25300000 | F89: =SUM(F87:F88) -> 3500000
B90: Total O&M for General Administration, Planning and Support Services | C90: =SUM(C89,C85,C82,C70,C63,C58,C52,C45,C42,C37,C31,C25,C21) -> 101396720 | D90: =SUM(D89,D85,D82,D70,D63,D58,D52,D45,D42,D37,D31,D25,D21) -> 1700000 | E90: =SUM(E89,E85,E82,E70,E63,E58,E52,E45,E42,E37,E31,E25,E21) -> 103096720 | F90: =SUM(F89,F85,F82,F70,F63,F58,F52,F45,F42,F37,F31,F25,F21) -> 76700000
B91: Total Recurrent for General Administration, Planning and Support Services | C91: =C90+C16 -> 351396720 | D91: =D90+D16 -> 1700000 | E91: =E90+E16 -> 353096720 | F91: =F90+F16 -> 326700000
A92: 3100000 | B92: Development Expenditure | E92: =SUM(C92:D92) -> 0
A93: 3110201 | B93: Construction of Governor's Residence | C93: 20000000 | E93: =SUM(C93:D93) -> 20000000
A94: 3110202 | B94: Construction of Office Block (CPSB) | C94: #REF! | E94: =SUM(C94:D94) -> #REF!
B95: Construction of County Headquarters | C95: 100000000 | E95: =SUM(C95:D95) -> 100000000
B96: Construction of car Park and Fence (PSB) | C96: 10000000 | E96: =SUM(C96:D96) -> 10000000
B97: Total Development for General Administration, Planning and Support Services | C97: #REF! | E97: =SUM(C97:D97) -> #REF!
B98: Total for General Administration, Planning and Support Services | C98: #REF! | E98: =SUM(C98:D98) -> #REF!
A99: 10202 | B99: County Secretary
A100: 2210201 | B100: Telephone, Telex, Facsmile and Mobile Phone Services | C100: 20000 | E100: =SUM(C100:D100) -> 20000 | F100: 50000
...

Sheet EXECUTIVE 1
B2: Code | C2: Programme | D2: Budget Estimates(KShs) | E2: Projected Estimates (KShs)
D3: 2023/2024 | E3: 2024/2025 | F3: 2025/2026
B4: 10201 | C4: General Administration, Planning and Support Services | D4: =D17 -> #REF! | E4: =1.04*D4 -> #REF! | F4: =1.04*E4 -> #REF!
B5: 10202 | C5: County Secretary | D5: =D20 -> 9620000 | E5: =1.04*D5 -> 10004800 | F5: =1.04*E5 -> 10404992
B6: 10203 | C6: Legal Services | D6: =D23 -> 34670000 | E6: =1.04*D6 -> 36056800 | F6: =1.04*E6 -> 37499072
B7: 10204 | C7: Communication Services | D7: =D26 -> 3230000 | E7: =1.04*D7 -> 3359200 | F7: =1.04*E7 -> 3493568
B8: 10205 | C8: Special Programmes | D8: =D29 -> 2960000 | E8: =1.04*D8 -> 3078400 | F8: =1.04*E8 -> 3201536
B9: 10206 | C9: Public Private Partnership | D9: =D32 -> 650000 | E9: =1.04*D9 -> 676000 | F9: =1.04*E9 -> 703040
B10: 10207 | C10: Advisory Services | D10: =D35 -> 7460000 | E10: =1.04*D10 -> 7758400 | F10: =1.04*E10 -> 8068736
B11: 10208 | C11: County Public Service Board | D11: =D38 -> 2620000 | E11: =1.04*D11 -> 2724800 | F11: =1.04*E11 -> 2833792
B12: Total | D12: =SUM(D4:D11) -> #REF! | E12: =SUM(E4:E11) -> #REF! | F12: =SUM(F4:F11) -> #REF!
B15: Code | C15: Programme | D15: Approved Budget Estimates (KShs) | E15: Projected Estimates (KShs)
D16: 2023/2024 | E16: 2024/2025 | F16: 2025/2026
B17: 10201 | C17: General Administration, Planning and Support Services | D17: =D18+D19 -> #REF! | E17: =1.04*D17 -> #REF! | F17: =1.04*E17 -> #REF!
C18: Recurrent Expenditure | D18: =EXECUTIVE!C91 -> 351396720 | E18: =1.04*D18 -> 3.6545259e+08 | F18: =1.04*E18 -> 3.8007069e+08
C19: Development Expenditure | D19: =EXECUTIVE!C97 -> #REF! | E19: =1.04*D19 -> #REF! | F19: =1.04*E19 -> #REF!
B20: 10202 | C20: County Secretary | D20: =D21+D22 -> 9620000 | E20: =1.04*D20 -> 10004800 | F20: =1.04*E20 -> 10404992
C21: Recurrent Expenditure | D21: =EXECUTIVE!C112 -> 9620000 | E21: =1.04*D21 -> 10004800 | F21: =1.04*E21 -> 10404992
C22: Development Expenditure | D22: 0 | E22: =1.04*D22 -> 0 | F22: =1.04*E22 -> 0
B23: 10203 | C23: Legal Services | D23: =D24+D25 -> 34670000 | E23: =1.04*D23 -> 36056800 | F23: =1.04*E23 -> 37499072
C24: Recurrent Expenditure | D24: =EXECUTIVE!C139 -> 34670000 | E24: =1.04*D24 -> 36056800 | F24: =1.04*E24 -> 37499072
C25: Development Expenditure | D25: 0 | E25: =1.04*D25 -> 0 | F25: =1.04*E25 -> 0
B26: 10204 | C26: Communication Services | D26: =D27+D28 -> 3230000 | E26: =1.04*D26 -> 3359200 | F26: =1.04*E26 -> 3493568
C27: Recurrent Expenditure | D27: =EXECUTIVE!C151 -> 3230000 | E27: =1.04*D27 -> 3359200 | F27: =1.04*E27 -> 3493568
C28: Development Expenditure | D28: 0 | E28: =1.04*D28 -> 0 | F28: =1.04*E28 -> 0
B29: 10205 | C29: Governor's Advisors, Service Delivery Unit and Efficiency Monitoring | D29: =D30+D31 -> 2960000 | E29: =1.04*D29 -> 3078400 | F29: =1.04*E29 -> 3201536
C30: Recurrent Expenditure | D30: =EXECUTIVE!C160 -> 2960000 | E30: =1.04*D30 -> 3078400 | F30: =1.04*E30 -> 3201536
C31: Development Expenditure | D31: 0 | E31: =1.04*D31 -> 0 | F31: =1.04*E31 -> 0
B32: 10206 | C32: Chief of Staff | D32: =D33+D34 -> 650000 | E32: =1.04*D32 -> 676000 | F32: =1.04*E32 -> 703040
C33: Recurrent Expenditure | D33: =EXECUTIVE!C165 -> 650000 | E33: =1.04*D33 -> 676000 | F33: =1.04*E33 -> 703040
C34: Development Expenditure | D34: 0 | E34: =1.04*D34 -> 0 | F34: =1.04*E34 -> 0
B35: 10208 | C35: County Public Service Board | D35: =D36+D37 -> 7460000 | E35: =1.04*D35 -> 7758400 | F35: =1.04*E35 -> 8068736
C36: Recurrent Expenditure | D36: =CPSB!C67 -> 7460000 | E36: =1.04*D36 -> 7758400 | F36: =1.04*E36 -> 8068736
C37: Development Expenditure | E37: =1.04*D37 -> 0 | F37: =1.04*E37 -> 0
B38: 10209 | C38: County Liasion Office | D38: =D39+D40 -> 2620000 | E38: =1.04*D38 -> 2724800 | F38: =1.04*E38 -> 2833792
C39: Recurrent Expenditure | D39: =EXECUTIVE!C192 -> 2620000 | E39: =1.04*D39 -> 2724800 | F39: =1.04*E39 -> 2833792
C40: Development Expenditure | E40: =1.04*D40 -> 0 | F40: =1.04*E40 -> 0
B41: Total | D41: =SUM(D17,D20,D23,D26,D29,D32,D35,D38) -> #REF! | E41: =SUM(E17,E20,E23,E26,E29,E32,E35,E38) -> #REF! | F41: =SUM(F17,F20,F23,F26,F29,F32,F35,F38) -> #REF!

Sheet CPSB
A1: COUNTY PUBLIC SERVICE BOARD
A2: CHART OF ACCOUNTS -RECURRENT | C2: APPROVED BUDGET 2023/2024 | D2: Adjustments | E2: APPROVED REVISED BUDGET 2023/2024 | F2: PROPOSED BUDGET 2024/2025
A3: 10208 | B3: County Public Service Board
A4: 2200000 | B4: Use of Goods and Services
B5: Utilities Supplies and Services
A6: 2210101 | B6: Electricity | C6: 120000 | E6: =SUM(C6:D6) -> 120000 | F6: 120000
A7: 2210102 | B7: water and sewarage | C7: 110000 | E7: =SUM(C7:D7) -> 110000 | F7: 110000
A8: Sub Total | C8: =SUM(C6:C7) -> 230000 | D8: =SUM(D6:D7) -> 0 | E8: =SUM(E6:E7) -> 230000 | F8: =SUM(F6:F7) -> 230000
B9: Communication, Supplies and Services
A10: 2210201 | B10: Telephone, Telex, Facsmile and Mobile Phone Services | E10: =SUM(C10:D10) -> 0
A11: 2210203 | B11: Courier and Postal Services | C11: 10000 | E11: =SUM(C11:D11) -> 10000 | F11: 20000
A12: Sub Total | C12: =SUM(C11) -> 10000 | D12: =SUM(D11) -> 0 | E12: =SUM(E11) -> 10000 | F12: =SUM(F11) -> 20000
B13: Domestic Travel and Subsistence, and Other Transportation Costs
A14: 2210301 | B14: Travel Costs (airlines, bus, railway, mileage allowances, etc.) | C14: 300000 | E14: =SUM(C14:D14) -> 300000 | F14: 500000
A15: 2210302 | B15: Accommodation - Domestic Travel | E15: =SUM(C15:D15) -> 0
A16: 2210303 | B16: Daily Subsistence Allowance | C16: 1000000 | D16: 1000000 | E16: =SUM(C16:D16) -> 2000000 | F16: 2000000
A17: Sub Total | C17: =SUM(C14:C16) -> 1300000 | D17: =SUM(D14:D16) -> 1000000 | E17: =SUM(E14:E16) -> 2300000 | F17: =SUM(F14:F16) -> 2500000
B18: Foreign Travel and Subsistence, and other transportation costs | E18: =SUM(C18:D18) -> 0
A19: 2210401 | B19: Travel Costs (airlines, bus, railway, etc.) | C19: 0 | E19: =SUM(C19:D19) -> 0
A20: 2210402 | B20: Accomodation | C20: 0 | E20: =SUM(C20:D20) -> 0
A21: Sub Total | C21: 0 | E21: =SUM(C21:D21) -> 0
B22: Printing , Advertising and Information Supplies and Services
A23: 2210502 | B23: Publishing and Printing Services | E23: =SUM(C23:D23) -> 0
A24: 2210503 | B24: Subscriptions to Newspapers, Magazines and Periodicals | C24: 100000 | E24: =SUM(C24:D24) -> 100000 | F24: 100000
A25: 2210504 | B25: Advertising, Awareness and Publicity Campaigns | C25: 800000 | D25: 200000 | E25: =SUM(C25:D25) -> 1000000 | F25: 1500000
A26: Sub Total | C26: =SUM(C24:C25) -> 900000 | D26: =SUM(D24:D25) -> 200000 | E26: =SUM(E24:E25) -> 1100000 | F26: =SUM(F24:F25) -> 1600000
B27: Rentals of Produced Assets
A28: 2210603 | B28: Rents and Rates - Non-Residential | C28: 320000 | E28: =SUM(C28:D28) -> 320000 | F28: 320000
A29: Sub Total | C29: =SUM(C28) -> 320000 | D29: =SUM(D28) -> 0 | E29: =SUM(E28) -> 320000 | F29: =SUM(F28) -> 320000
B30: Training Expense (including capacity building)
A31: 2210702 | B31: Remuneration of Instructors and Contract Based Training Services | C31: 1000000 | E31: =SUM(C31:D31) -> 1000000 | F31: 1000000
A32: 2210711 | B32: Tution Fee allowance | C32: 500000 | D32: 500000 | E32: =SUM(C32:D32) -> 1000000 | F32: 1500000
A33: 2210710 | B33: Accommodation Allowance | E33: =SUM(C33:D33) -> 0
A34: 2210715 | B34: Kenya School of Government | C34: 1000000 | E34: =SUM(C34:D34) -> 1000000 | F34: 1000000
A35: Sub Total | C35: =SUM(C31:C34) -> 2500000 | D35: =SUM(D31:D34) -> 500000 | E35: =SUM(E31:E34) -> 3000000 | F35: =SUM(F31:F34) -> 3500000
B36: Hospitality Supplies and Services
A37: 2210801 | B37: Catering Services (receptions), Accommodation, Gifts, Food and Drinks | C37: 300000 | D37: 750000 | E37: =SUM(C37:D37) -> 1050000
A38: 2210802 | B38: Boards, Committees, Conferences and Seminars | C38: 200000 | D38: 600000 | E38: =SUM(C38:D38) -> 800000
A39: Sub Total | C39: =SUM(C37:C38) -> 500000 | D39: =SUM(D37:D38) -> 1350000 | E39: =SUM(E37:E38) -> 1850000 | F39: =SUM(F37:F38) -> 0
B40: Specialised Materials and Supplies | E40: =SUM(C40:D40) -> 0
A41: 2211010 | B41: Supplies for Broadcasting and Information Services | E41: =SUM(C41:D41) -> 0
A42: Sub Total | C42: 0 | E42: =SUM(C42:D42) -> 0
B43: Office and General Supplies and Services
A44: 2211101 | B44: General Office Supplies (papers, pencils, forms, small office equipment etc) | C44: 300000 | D44: 400000 | E44: =SUM(C44:D44) -> 700000 | F44: 500000
A45: 2211102 | B45: Supplies and Accessories for Computers and Printers | C45: 100000 | D45: 150000 | E45: =SUM(C45:D45) -> 250000 | F45: 350000
B46: Supplies and Accessories for Computers and Printers | D46: 100000 | E46: =SUM(C46:D46) -> 100000
A47: 2211103 | B47: Sanitary and Cleaning Materials, Supplies and Services | C47: 100000 | D47: 300000 | E47: =SUM(C47:D47) -> 400000 | F47: 200000
A48: Sub Total | C48: =SUM(C44:C47) -> 500000 | D48: =SUM(D44:D47) -> 950000 | E48: =SUM(E44:E47) -> 1450000 | F48: =SUM(F44:F47) -> 1050000
B49: Fuel Oil and Lubricants
A50: 2211201 | B50: Refined Fuels and Lubricants for Transport | C50: 500000 | D50: 500000 | E50: =SUM(C50:D50) -> 1000000 | F50: 1000000
A51: Sub Total | C51: =SUM(C50) -> 500000 | D51: =SUM(D50) -> 500000 | E51: =SUM(E50) -> 1000000 | F51: =SUM(F50) -> 1000000
B52: Other Operating Expenses
B53: Purchase of Furniture | D53: 2000000 | E53: =SUM(C53:D53) -> 2000000 | F53: 500000
B54: Performance contracting and Appraisals | D54: 2500000 | E54: =SUM(C54:D54) -> 2500000 | F54: 3164950
A55: 2211306 | B55: Membership Fees, Dues and Subscriptions to Professional and Trade Bodies | C55: 200000 | D55: 869000 | E55: =SUM(C55:D55) -> 1069000 | F55: 1500000
A56: Sub Total | C56: =SUM(C53:C55) -> 200000 | D56: =SUM(D53:D55) -> 5369000 | E56: =SUM(E53:E55) -> 5569000 | F56: =SUM(F53:F55) -> 5164950
B57: Routine Mantainance-Vehicles and Other Transport Equipment
B58: Maintenance of Buildings and stations-Non-Residential | D58: 1000000 | E58: =SUM(C58:D58) -> 1000000 | F58: 500000
A59: 2220101 | B59: Maintenance Expenses - Motor Vehicles and cycles | C59: 500000 | E59: =SUM(C59:D59) -> 500000 | F59: 500000
A60: Sub Total | C60: =SUM(C58:C59) -> 500000 | D60: =SUM(D58:D59) -> 1000000 | E60: =SUM(E58:E59) -> 1500000 | F60: =SUM(F58:F59) -> 1000000
B61: Routine Maintenance - Other Assets
A62: 2220205 | B62: Maintenance of Buildings and Stations -- Non-Residential
A63: Sub Total | C63: 0 | D63: 1 | E63: 2 | F63: 3
B64: Routine Maintenance - Other Assets
A65: 2220205 | B65: Maintenance of Buildings and Stations -- Non-Residential
A66: Sub Total | C66: 0 | D66: =SUM(D65) -> 0 | E66: =SUM(E65) -> 0 | F66: =SUM(F65) -> 0
B67: Total O & M for County Public Service Board | C67: =C60+C56+C51+C48+C39+C35+C29+C26+C17+C12+C8 -> 7460000 | D67: =D60+D56+D51+D48+D39+D35+D29+D26+D17+D12+D8 -> 10869000 | E67: =E60+E56+E51+E48+E39+E35+E29+E26+E17+E12+E8 -> 18329000 | F67: =F60+F56+F51+F48+F39+F35+F29+F26+F17+F12+F8 -> 16384950

Sheet ADMINISTRATION
A1: PUBLIC SERVICE AND COUNTY ADMINISTRATION | B1: q
A2: CHART OF ACCOUNTS -RECURRENT | C2: APPROVED BUDGET 2023/2024 | D2: Adjustments | E2: APPROVED REVISED BUDGET 2023/2024 | F2: PROPOSED BUDGET 2024/2025
A3: 103 | B3: Administration, Enforcement and Devolved Services
A4: 10301 | B4: General Administration, Planning and Support Services
A5: 2100000 | B5: Compensation of Employees
B6: Basic Salaries - Permanent Employees
A7: 2110101 | B7: Basic Salaries | C7: 306920140 | E7: =SUM(C7:D7) -> 306920140 | F7: 306920140
A8: Sub Total | C8: =SUM(C7) -> 306920140 | D8: =SUM(D7) -> 0 | E8: =SUM(E7) -> 306920140 | F8: =SUM(F7) -> 306920140
B9: Personal Allowance Paid as Part of Salary
A10: 2110301 | B10: House Allowance | C10: 73876525 | E10: =SUM(C10:D10) -> 73876525 | F10: 73876525
A11: 2110314 | B11: Transport Allowance | C11: 38529214 | E11: =SUM(C11:D11) -> 38529214 | F11: 38529214
A12: 2110502 | B12: Other Allowances | C12: 4039790 | E12: =SUM(C12:D12) -> 4039790 | F12: 4039790
A13: 2110320 | B13: Leave Allowance | C13: 5431313 | E13: =SUM(C13:D13) -> 5431313 | F13: 5431313
A14: Sub Total | C14: =SUM(C10:C13) -> 121876842 | D14: =SUM(D10:D13) -> 0 | E14: =SUM(E10:E13) -> 121876842 | F14: =SUM(F10:F13) -> 121876842
A15: Total Salaries and Wages | C15: =C8+C14 -> 428796982 | D15: =D8+D14 -> 0 | E15: =E8+E14 -> 428796982 | F15: =F8+F14 -> 428796982
A16: 2200000 | B16: Use of Goods and Services
B17: Utilities Supplies and Services | E17: =SUM(C17:D17) -> 0
A18: 2210101 | B18: Electricity | E18: =SUM(C18:D18) -> 0
A19: Sub Total | C19: 0 | E19: =SUM(C19:D19) -> 0
B20: Communication, Supplies and Services | E20: =SUM(C20:D20) -> 0
A21: 2210201 | B21: Telephone, Telex, Facsmile and Mobile Phone Services | E21: =SUM(C21:D21) -> 0
A22: Sub Total | C22: 0 | E22: =SUM(C22:D22) -> 0
B23: Domestic Travel and Subsistence, and Other Transportation Costs
A24: 2210301 | B24: Travel Costs (airlines, bus, railway, mileage allowances, etc.) | C24: 300000 | E24: =SUM(C24:D24) -> 300000 | F24: 200000
A25: 2210302 | B25: Accommodation - Domestic Travel | C25: 500000 | E25: =SUM(C25:D25) -> 500000 | F25: 100000
A26: 2210303 | B26: Daily Subsistence Allowance | C26: 1200000 | E26: =SUM(C26:D26) -> 1200000 | F26: 2000000
A27: Sub Total | C27: =SUM(C24:C26) -> 2000000 | D27: =SUM(D24:D26) -> 0 | E27: =SUM(E24:E26) -> 2000000 | F27: =SUM(F24:F26) -> 2300000
B28: Foreign Travel and Subsistence, and other transportation costs | E28: =SUM(C28:D28) -> 0
A29: 2210401 | B29: Travel Costs (airlines, bus, railway, etc.) | C29: 0 | E29: =SUM(C29:D29) -> 0
A30: 2210402 | B30: Accommodation | C30: 0 | E30: =SUM(C30:D30) -> 0
A31: 2210403 | B31: Daily Subsistence Allowance | C31: 0 | E31: =SUM(C31:D31) -> 0
A32: Sub Total | C32: 0 | E32: =SUM(C32:D32) -> 0
B33: Printing , Advertising and Information Supplies and Services | E33: =SUM(C33:D33) -> 0
A34: 2210502 | B34: Publishing and Printing Services | E34: =SUM(C34:D34) -> 0
A35: 2210504 | B35: Advertising, Awareness and Publicity Campaigns | E35: =SUM(C35:D35) -> 0
A36: 2210505 | B36: Trade Shows and Exhibitions | E36: =SUM(C36:D36) -> 0
A37: Sub Total | C37: 0 | E37: =SUM(C37:D37) -> 0
B38: Training Expense (including capacity building) | E38: =SUM(C38:D38) -> 0
A39: 2210701 | B39: Travel Allowance | C39: 0 | E39: =SUM(C39:D39) -> 0
A40: 2210710 | B40: Accommodation Allowance | C40: 0 | E40: =SUM(C40:D40) -> 0
A41: Sub Total | C41: 0 | E41: =SUM(C41:D41) -> 0
B42: Hospitality Supplies and Services
A43: 2210805 | B43: National Celebrations | C43: 15630000 | E43: =SUM(C43:D43) -> 15630000 | F43: 10000000
A44: 2210808 | B44: Purchase of Coffins- claims outstanding | C44: 2000000 | D44: 1000000 | E44: =SUM(C44:D44) -> 3000000 | F44: 3000000
A45: Sub Total | C45: =SUM(C43:C44) -> 17630000 | D45: =SUM(D43:D44) -> 1000000 | E45: =SUM(E43:E44) -> 18630000 | F45: =SUM(F43:F44) -> 13000000
B46: Specialised Materials and Supplies | C46: 0 | E46: =SUM(C46:D46) -> 0
A47: 2211016 | B47: Purchase of Uniforms and Clothing - Staff | C47: 0 | E47: =SUM(C47:D47) -> 0
A48: Sub Total | C48: 0 | E48: =SUM(C48:D48) -> 0
B49: Office and General Supplies and Services
A50: 2211101 | B50: General Office Supplies (papers, pencils, forms, small office equipment etc) | C50: 536200 | E50: =SUM(C50:D50) -> 536200 | F50: 1500000
A51: 3111002 | B51: Purchase of Computers, Printers and other IT Equipment - pending bill | C51: 589800 | E51: =SUM(C51:D51) -> 589800 | F51: 589800
A52: 3111002 | B52: Purchase of Computers, Printers and other IT Equipment | C52: 500000 | D52: -500000 | E52: =SUM(C52:D52) -> 0 | F52: 1000000
A53: 2211021 | B53: Purchase of Linens (curtains) | F53: 200000
A54: 2211103 | B54: Sanitary and Cleaning Materials, Supplies and Services | C54: 100000 | E54: =SUM(C54:D54) -> 100000 | F54: 400000
A55: Sub Total | C55: =SUM(C50:C54) -> 1726000 | D55: =SUM(D50:D54) -> -500000 | E55: =SUM(E50:E54) -> 1226000 | F55: =SUM(F50:F54) -> 3689800
B56: Printing , Advertising and Information Supplies and Services
A57: 2210504 | B57: Advertising, Awareness and Publicity Campaigns - pending bills | C57: 2044800 | E57: =SUM(C57:D57) -> 2044800 | F57: 2044800
A58: 2210505 | B58: Trade shows and Exhibitions | F58: 1800000
A59: 2211203 | B59: Publishing and Printing Services- pending bill | C59: 838600 | E59: =SUM(C59:D59) -> 838600 | F59: 836600
A60: Sub Total | C60: =SUM(C57:C59) -> 2883400 | D60: =SUM(D57:D59) -> 0 | E60: =SUM(E57:E59) -> 2883400 | F60: =SUM(F57:F59) -> 4681400
B61: Other Operating Expenses
A62: 2211305 | B62: Contracted Guards and Cleaning Services- arrears pending | C62: 1300000 | E62: =SUM(C62:D62) -> 1300000 | F62: 1300000
A63: 3111009 | B63: Purchase of Office Equipment | C63: 4050000 | D63: -3000000 | E63: =SUM(C63:D63) -> 1050000 | F63: 1050000
A64: 2110802 | B64: Boards, Committees, Conferences and Seminars - pending bills | C64: 5867451 | E64: =SUM(C64:D64) -> 5867451 | F64: 5867451
A65: 2111313 | B65: Security Operations | C65: 14500000 | D65: 3000000 | E65: =SUM(C65:D65) -> 17500000 | F65: 12000000
B66: Rent arrears | C66: 1200000 | E66: =SUM(C66:D66) -> 1200000 | F66: 1200000
A67: 2211306 | B67: Membership Fees, Dues and Subscriptions to Professional and Trade Bodies | C67: 200000 | E67: =SUM(C67:D67) -> 200000 | F67: 200000
A68: Sub Total | C68: =SUM(C62:C67) -> 27117451 | D68: =SUM(D62:D67) -> 0 | E68: =SUM(E62:E67) -> 27117451 | F68: =SUM(F62:F67) -> 21617451
B69: Devolution Conference
A70: 2210301 | B70: Travel Costs (airlines, bus, railway, mileage allowances, etc.) | C70: 700000 | E70: =SUM(C70:D70) -> 700000 | F70: 600000
A71: 2211306 | B71: Membership Fees, Dues and Subscriptions to Professional and Trade Bodies | F71: 200000
A72: 2210302 | B72: Accommodation - Domestic Travel | C72: 1500000 | E72: =SUM(C72:D72) -> 1500000 | F72: 1500000
A73: 2210303 | B73: Daily Subsistence Allowance | C73: 2000000 | E73: =SUM(C73:D73) -> 2000000 | F73: 2000000
A74: 2210502 | B74: Publishing and Printing Services | C74: 0 | E74: =SUM(C74:D74) -> 0
A75: 2210505 | B75: Trade Shows and Exhibitions | C75: 0 | E75: =SUM(C75:D75) -> 0
A76: 2210801 | B76: Catering Services (receptions), Accommodation, Gifts, Food and Drinks | C76: 0 | E76: =SUM(C76:D76) -> 0
A77: 2210802 | B77: Boards, Committees, Conferences and Seminars | C77: 0 | E77: =SUM(C77:D77) -> 0
A78: 2211101 | B78: General Office Supplies (papers, pencils, forms, small office equipment etc) | C78: 500000 | E78: =SUM(C78:D78) -> 500000 | F78: 600000
A79: 2211102 | B79: Supplies and Accessories for Computers and Printers | C79: 0 | E79: =SUM(C79:D79) -> 0
A80: 2211306 | B80: Membership Fees, Dues and Subscriptions to Professional and Trade Bodies | C80: 0 | E80: =SUM(C80:D80) -> 0
A81: 2211103 | B81: Sanitary and Cleaning Materials, Supplies and Services | C81: 300000 | E81: =SUM(C81:D81) -> 300000 | F81: 400000
A82: 2211016 | B82: Purchase of Uniforms and Clothing - Staff | E82: =SUM(C82:D82) -> 0 | F82: 1000000
A83: Sub Total | C83: =SUM(C70:C82) -> 5000000 | D83: =SUM(D70:D82) -> 0 | E83: =SUM(E70:E82) -> 5000000 | F83: =SUM(F70:F82) -> 6300000
B84: Routine Maintenance - Vehicles and Other Transport Equipment | C84: 0 | E84: =SUM(C84:D84) -> 0
A85: 2220101 | B85: Maintenance Expenses - Motor Vehicles and cycles | C85: 0 | E85: =SUM(C85:D85) -> 0
A86: Sub Total | C86: 0 | E86: =SUM(C86:D86) -> 0
B87: Routine Maintenance - Other Assets
A88: 2220205 | B88: Maintenance of Buildings and Stations -- Non-Residential- pending bills | C88: 3468050 | E88: =SUM(C88:D88) -> 3468050 | F88: 6468050
A89: Sub Total | C89: =SUM(C88) -> 3468050 | D89: =SUM(D88) -> 0 | E89: =SUM(E88) -> 3468050 | F89: =SUM(F88) -> 6468050
B90: Total O&M for General Administration, Planning and Support Services | C90: =SUM(C89,C83,C68,C60,C55,C45,C27) -> 59824901 | D90: =SUM(D89,D83,D68,D60,D55,D45,D27) -> 500000 | E90: =SUM(E89,E83,E68,E60,E55,E45,E27) -> 60324901 | F90: =SUM(F89,F83,F68,F60,F55,F45,F27) -> 58056701
B91: Total Recurrent for General Administration, Planning and Support Services | C91: =C90+C15 -> 488621883 | D91: =D90+D15 -> 500000 | E91: =E90+E15 -> 489121883 | F91: =F90+F15 -> 486853683
A92: 10302 | B92: Devolved Services
A93: 2210201 | B93: Telephone, Telex, Facsmile and Mobile Phone Services
A94: 2210301 | B94: Travel Costs (airlines, bus, railway, mileage allowances, etc.) | C94: 200000 | E94: =SUM(C94:D94) -> 200000 | F94: 200000
A95: 2210309 | B95: Field operations allowances | C95: 1000000 | D95: -500000 | E95: =SUM(C95:D95) -> 500000 | F95: 1000000
A96: 2210708 | B96: Trainer Allowance (Paramilitary Training of Sub- County & Ward Officers) | E96: =SUM(C96:D96) -> 0
A97: 2210710 | B97: Accommodation Allowance | E97: =SUM(C97:D97) -> 0
A98: 2210802 | B98: Boards, Committees, Conferences and Seminars | E98: =SUM(C98:D98) -> 0
A99: 2211101 | B99: General Office Supplies (papers, pencils, forms, small office equipment etc) | C99: 791532 | E99: =SUM(C99:D99) -> 791532 | F99: 800000
A100: 2211102 | B100: Supplies for Computer Accessories & Printers | C100: 200000 | E100: =SUM(C100:D100) -> 200000
...

Sheet ADMIN 1
B2: Code | C2: Programme | D2: Budget Estimates(KShs) | E2: Projected Estimates (KShs)
D3: 2023/2024 | E3: 2024/2025 | F3: 2025/2026
B4: 10301 | C4: General Administration, Planning and Support Services | D4: =D19 -> 488621883 | E4: =1.04*D4 -> 5.0816676e+08 | F4: =1.04*E4 -> 5.2849343e+08
B5: 10302 | C5: Devolved Services | D5: =D22 -> 80151085 | E5: =1.04*D5 -> 83357128 | F5: =1.04*E5 -> 86691414
B6: 10303 | C6: Human Resource Services | D6: =D25 -> 4500000 | E6: =1.04*D6 -> 4680000 | F6: =1.04*E6 -> 4867200
B7: 10304 | C7: Enforcement Services | D7: =D28 -> 14908000 | E7: =1.04*D7 -> 15504320 | F7: =1.04*E7 -> 16124493
B8: 10305 | C8: Stakeholder Management | D8: =D31 -> 43203018 | E8: =1.04*D8 -> 44931139 | F8: =1.04*E8 -> 46728384
B9: 10306 | C9: Public Participation and Civic Education | D9: =D34 -> 6700000 | E9: =1.04*D9 -> 6968000 | F9: =1.04*E9 -> 7246720
B10: 10307 | C10: Disaster Management and Rescue Services | D10: =D37 -> 54050000 | E10: =1.04*D10 -> 56212000 | F10: =1.04*E10 -> 58460480
B11: 10308 | C11: Fleet Management | D11: =D41 -> 5766014 | E11: =E41 -> 5996654.6 | F11: =F41 -> 6236520.7
B12: 10309 | C12: Strategy Delivery & Project Management | D12: =D43 -> 2700000 | E12: =E43 -> 2808000 | F12: =F43 -> 2920320
B13: 10310 | C13: Special Programmes | D13: =D46 -> 72400000 | E13: =E46 -> 75296000 | F13: =F46 -> 78307840
B14: Total | D14: =SUM(D4:D13) -> 773000000 | E14: =SUM(E4:E13) -> 803920000 | F14: =SUM(F4:F13) -> 8.360768e+08
B17: Code | C17: Programme | D17: Approved Budget Estimates (KShs) | E17: Projected Estimates (KShs)
D18: 2023/2024 | E18: 2024/2025 | F18: 2025/2026
B19: 10301 | C19: General Administration, Planning and Support Services | D19: =D20+D21 -> 488621883 | E19: =1.04*D19 -> 5.0816676e+08 | F19: =1.04*E19 -> 5.2849343e+08
C20: Recurrent Expenditure | D20: =ADMINISTRATION!C91 -> 488621883 | E20: =1.04*D20 -> 5.0816676e+08 | F20: =1.04*E20 -> 5.2849343e+08
C21: Development Expenditure | D21: 0 | E21: =1.04*D21 -> 0 | F21: =1.04*E21 -> 0
B22: 10302 | C22: Devolved Services | D22: =D23+D24 -> 80151085 | E22: =1.04*D22 -> 83357128 | F22: =1.04*E22 -> 86691414
C23: Recurrent Expenditure | D23: =ADMINISTRATION!C103 -> 2591532 | E23: =1.04*D23 -> 2695193.3 | F23: =1.04*E23 -> 2803001
C24: Development Expenditure | D24: =ADMINISTRATION!C109 -> 77559553 | E24: =1.04*D24 -> 80661935 | F24: =1.04*E24 -> 83888413
B25: 10303 | C25: Human Resource Services | D25: =D26+D27 -> 4500000 | E25: =1.04*D25 -> 4680000 | F25: =1.04*E25 -> 4867200
C26: Recurrent Expenditure | D26: =ADMINISTRATION!C122 -> 4500000 | E26: =1.04*D26 -> 4680000 | F26: =1.04*E26 -> 4867200
C27: Development Expenditure | D27: 0 | E27: =1.04*D27 -> 0 | F27: =1.04*E27 -> 0
B28: 10304 | C28: Enforcement Services | D28: =D29+D30 -> 14908000 | E28: =1.04*D28 -> 15504320 | F28: =1.04*E28 -> 16124493
C29: Recurrent Expenditure | D29: =ADMINISTRATION!C132 -> 14908000 | E29: =1.04*D29 -> 15504320 | F29: =1.04*E29 -> 16124493
C30: Development Expenditure | D30: 0 | E30: =1.04*D30 -> 0 | F30: =1.04*E30 -> 0
B31: 10305 | C31: Stakeholder Management | D31: =D32+D33 -> 43203018 | E31: =1.04*D31 -> 44931139 | F31: =1.04*E31 -> 46728384
C32: Recurrent Expenditure | D32: =STAKEHOLDER!C60 -> 43203018 | E32: =1.04*D32 -> 44931139 | F32: =1.04*E32 -> 46728384
C33: Development Expenditure | E33: =1.04*D33 -> 0 | F33: =1.04*E33 -> 0
B34: 10306 | C34: Public Participation and Civic Education | D34: =D35+D36 -> 6700000 | E34: =1.04*D34 -> 6968000 | F34: =1.04*E34 -> 7246720
C35: Recurrent Expenditure | D35: =STAKEHOLDER!C73 -> 6700000 | E35: =1.04*D35 -> 6968000 | F35: =1.04*E35 -> 7246720
C36: Development Expenditure | E36: =1.04*D36 -> 0 | F36: =1.04*E36 -> 0
B37: 10307 | C37: Disaster Management and Rescue Services | D37: =D38+D39 -> 54050000 | E37: =1.04*D37 -> 56212000 | F37: =1.04*E37 -> 58460480
C38: Recurrent Expenditure | D38: =STAKEHOLDER!C87 -> 28050000 | E38: =1.04*D38 -> 29172000 | F38: =1.04*E38 -> 30338880
C39: Development Expenditure | D39: =STAKEHOLDER!C93 -> 26000000 | E39: =1.04*D39 -> 27040000 | F39: =1.04*E39 -> 28121600
B40: 10308 | C40: Fleet Management | D40: =SUM(D41:D42) -> 5766014 | E40: =SUM(E41:E42) -> 5996654.6 | F40: =SUM(F41:F42) -> 6236520.7
C41: Recurrent Expenditure | D41: =ADMINISTRATION!C139 -> 5766014 | E41: =D41*1.04 -> 5996654.6 | F41: =E41*1.04 -> 6236520.7
C42: Development Expenditure | D42: 0 | E42: =D42*1.04 -> 0 | F42: =E42*1.04 -> 0
B43: 10309 | C43: Strategy Delivery & Project Management | D43: =SUM(D44:D45) -> 2700000 | E43: =SUM(E44:E45) -> 2808000 | F43: =SUM(F44:F45) -> 2920320
C44: Recurrent Expenditure | D44: =ADMINISTRATION!C146 -> 2700000 | E44: =D44*1.04 -> 2808000 | F44: =E44*1.04 -> 2920320
C45: Development Expenditure | D45: 0 | E45: =D45*1.04 -> 0 | F45: =E45*1.04 -> 0
B46: 10310 | C46: Special Programmes | D46: =SUM(D47:D48) -> 72400000 | E46: =SUM(E47:E48) -> 75296000 | F46: =SUM(F47:F48) -> 78307840
C47: Recurrent Expenditure | D47: =STAKEHOLDER!C106 -> 32400000 | E47: =D47*1.04 -> 33696000 | F47: =E47*1.04 -> 35043840
C48: Development Expenditure | D48: =STAKEHOLDER!C109 -> 40000000 | E48: =D48*1.04 -> 41600000 | F48: =E48*1.04 -> 43264000
B49: Total | D49: =SUM(D19,D22,D25,D28,D31,D34,D37,D46,D43,D40) -> 773000000 | E49: =SUM(E19,E22,E25,E28,E31,E34,E37,E46,E43,E40) -> 803920000 | F49: =SUM(F19,F22,F25,F28,F31,F34,F37,F46,F43,F40) -> 8.360768e+08

Sheet STAKEHOLDER
A2: CHART OF ACCOUNTS -RECURRENT | C2: APPROVED BUDGET 2023/2024 | D2: Adjustments | E2: APPROVED REVISED BUDGET 2023/2024 | F2: PROPOSED BUDGET 2024/2025
A3: 10401 | B3: Stakeholder Management
A4: 2100000 | B4: Compensation of Employees
B5: Basic Salaries - Permanent Employees
A6: 2110101 | B6: Basic Salaries | C6: 27822624 | E6: =SUM(C6:D6) -> 27822624 | F6: 27822624
A7: Sub Total | C7: 27822624 | D7: =SUM(D6) -> 0 | E7: =SUM(E6) -> 27822624 | F7: =SUM(F6) -> 27822624
B8: Personal Allowance Paid as Part of Salary
A9: 2110301 | B9: House Allowance | C9: 7142219 | E9: =SUM(C9:D9) -> 7142219 | F9: 7142219
A10: 2110314 | B10: Transport Allowance | C10: 3977085 | E10: =SUM(C10:D10) -> 3977085 | F10: 3977085
A11: 2110320 | B11: Leave Allowance | C11: 361090 | E11: =SUM(C11:D11) -> 361090 | F11: 361090
A12: Sub Total | C12: 11480394 | D12: =SUM(D9:D11) -> 0 | E12: =SUM(E9:E11) -> 11480394 | F12: =SUM(F9:F11) -> 11480394
A13: Total Salaries and Wages | C13: 39303018 | D13: =SUM(D12,D7) -> 0 | E13: =SUM(E12,E7) -> 39303018 | F13: =SUM(F12,F7) -> 39303018
A14: 2200000 | B14: Use of Goods and Services
B15: Utilities Supplies and Services
A16: 2210101 | B16: Electricity
A17: Sub Total | C17: 0
B18: Communication, Supplies and Services
A19: 2210201 | B19: Telephone, Telex, Facsmile and Mobile Phone Services
A20: 2210203 | B20: Courier and Postal Services
A21: Sub Total | C21: 0
B22: Domestic Travel and Subsistence, and Other Transportation Costs
A23: 2210301 | B23: Travel Costs (airlines, bus, railway, mileage allowances, etc.) | C23: 200000 | E23: =SUM(C23:D23) -> 200000 | F23: 200000
A24: 2210302 | B24: Accommodation - Domestic Travel | C24: 1000000 | D24: -500000 | E24: =SUM(C24:D24) -> 500000 | F24: 500000
A25: 2210303 | B25: Daily Subsistence Allowance | C25: 800000 | D25: -300000 | E25: =SUM(C25:D25) -> 500000 | F25: 500000
A26: Sub Total | C26: 2000000 | D26: =SUM(D23:D25) -> -800000 | E26: =SUM(E23:E25) -> 1200000 | F26: =SUM(F23:F25) -> 1200000
B27: Foreign Travel and Subsistence, and other transportation costs
A28: 2210401 | B28: Travel Costs (airlines, bus, railway, etc.) | C28: 500000 | D28: -500000 | E28: =SUM(C28:D28) -> 0
A29: 2210402 | B29: Accommodation | E29: =SUM(C29:D29) -> 0
A30: 2210403 | B30: Daily Subsistence Allowance | C30: 800000 | D30: -800000 | E30: =SUM(C30:D30) -> 0
A31: Sub Total | C31: 1300000 | D31: =SUM(D28:D30) -> -1300000 | E31: =SUM(E28:E30) -> 0 | F31: =SUM(F28:F30) -> 0
B32: Printing , Advertising and Information Supplies and Services | E32: =SUM(C32:D32) -> 0
A33: 2210504 | B33: Advertising, Awareness and Publicity Campaigns | E33: =SUM(C33:D33) -> 0
A34: Sub Total | C34: 0 | E34: =SUM(C34:D34) -> 0
B35: Hospitality Supplies and Services
A36: 2210801 | B36: Catering Services (receptions), Accommodation, Gifts, Food and Drinks | E36: =SUM(C36:D36) -> 0
A37: 2211306 | B37: Membership Fees, Dues and Subscriptions to Professional and Trade Bodies | E37: =SUM(C37:D37) -> 0
A38: 2210802 | B38: Boards, Committees, Conferences and Seminars | C38: 200000 | E38: =SUM(C38:D38) -> 200000
A39: 2211306 | B39: Membership Fees, Dues and Subscriptions to Professional and Trade Bodies | F39: 100000
A40: Sub Total | C40: 200000 | D40: =SUM(D36:D38) -> 0 | E40: =SUM(E36:E38) -> 200000 | F40: =SUM(F36:F39) -> 100000
B41: Office and General Supplies and Services
A42: 2211101 | B42: General Office Supplies (papers, pencils, forms, small office equipment etc) | C42: 200000 | E42: =SUM(C42:D42) -> 200000 | F42: 200000
A43: 2211102 | B43: Supplies and Accessories for Computers and Printers | C43: 100000 | E43: =SUM(C43:D43) -> 100000 | F43: 150000
A44: 2211103 | B44: Sanitary and Cleaning Materials, Supplies and Services | C44: 100000 | E44: =SUM(C44:D44) -> 100000 | F44: 100000
A45: Sub Total | C45: 400000 | D45: =SUM(D42:D44) -> 0 | E45: =SUM(E42:E44) -> 400000 | F45: =SUM(F42:F44) -> 450000
B46: Fuel Oil and Lubricants | C46: 0 | D46: 0 | E46: 0 | F46: 0
A47: 2211201 | B47: Refined Fuels and Lubricants for Transport | C47: 0 | D47: 0 | E47: 0 | F47: 0
A48: 2211203 | B48: Refined Fuels and Lubricants -- Other | C48: 0 | D48: 0 | E48: 0 | F48: 0
A49: Sub Total
B50: Other Operating Expenses
A51: 2210716 | B51: Purchase of Furniture | C51: 0 | D51: 0 | E51: 0 | F51: 0
A52: Sub Total | C52: 0 | D52: =SUM(D51) -> 0 | E52: =SUM(E51) -> 0 | F52: =SUM(F51) -> 0
B53: Routine Maintenance - Vehicles and Other Transport Equipment | C53: 0 | D53: 0 | E53: 0 | F53: 0
A54: 2220101 | B54: Maintenance Expenses - Motor Vehicles and cycles | C54: 0 | D54: 0 | E54: 0 | F54: 0
A55: Sub Total | C55: 0 | D55: 0 | E55: 0 | F55: 0
B56: Routine Maintenance - Other Assets
A57: 2220205 | B57: Maintenance of Buildings and Stations -- Non-Residential
A58: Sub Total | C58: 0 | D58: =SUM(D57) -> 0 | E58: =SUM(E57) -> 0 | F58: =SUM(F57) -> 0
B59: Total O & M Stakeholder Management | C59: 3900000 | D59: =SUM(D58,D52,D45,D40,D34,D31,D26) -> -2100000 | E59: =SUM(E58,E52,E45,E40,E34,E31,E26) -> 1800000 | F59: =SUM(F58,F52,F45,F40,F34,F31,F26) -> 1750000
B60: Total Recurrent Stakeholder Management | C60: 43203018 | D60: =SUM(D59,D13) -> -2100000 | E60: =SUM(E59,E13) -> 41103018 | F60: =SUM(F59,F13) -> 41053018
A61: 10402 | B61: Public Participation and Civic Education
A62: 2210201 | B62: Telephone, Telex, Facsmile and Mobile Phone Services | E62: =SUM(C62:D62) -> 0
A63: 2210301 | B63: Travel Costs (airlines, bus, railway, mileage allowances, etc.) | C63: 50000 | E63: =SUM(C63:D63) -> 50000 | F63: 145000
A64: 2210302 | B64: Accommodation - Domestic Travel | C64: 600000 | E64: =SUM(C64:D64) -> 600000 | F64: 300000
A65: 2210303 | B65: Daily Subsistence Allowance | C65: 50000 | E65: =SUM(C65:D65) -> 50000 | F65: 145000
A66: 2210309 | B66: Field operations allowances | C66: 1000000 | E66: =SUM(C66:D66) -> 1000000 | F66: 1000000
A67: 2210502 | B67: Publishing and Printing Services | C67: 200000 | E67: =SUM(C67:D67) -> 200000 | F67: 150000
A68: 2210504 | B68: Advertising, Awareness and Publicity Campaigns | C68: 300000 | E68: =SUM(C68:D68) -> 300000 | F68: 200000
A69: 2210299 | B69: E-participation bulk sms and airtime | C69: 200000 | E69: =SUM(C69:D69) -> 200000 | F69: 100000
A70: 2210802 | B70: Boards, Committees, Conferences and Seminars | E70: =SUM(C70:D70) -> 0
A71: 2211101 | B71: General Office Supplies (papers, pencils, forms, small office equipment etc) | C71: 200000 | E71: =SUM(C71:D71) -> 200000 | F71: 150000
A72: 2211102 | B72: Supplies and Accessories for Computers and Printers | C72: 100000 | E72: =SUM(C72:D72) -> 100000
B73: Total for Public Participation and Civic Education | C73: 6700000 | D73: =SUM(D63:D72) -> 0 | E73: =SUM(E63:E72) -> 2700000 | F73: =SUM(F63:F72) -> 2190000
A74: 10403 | B74: Disaster Management and Rescue Services
A75: 2210301 | B75: Travel Costs (airlines, bus, railway, mileage allowances, etc.) | C75: 0 | E75: =SUM(C75:D75) -> 0
A76: 2210301 | B76: Travel Costs (airlines, bus, railway, mileage allowances, etc.) | C76: 50000 | E76: =SUM(C76:D76) -> 50000 | F76: 45000
A77: 2210303 | B77: Daily Subsistence Allowance | C77: 200000 | E77: =SUM(C77:D77) -> 200000 | F77: 150000
A78: 2210309 | B78: Field operational allowances | C78: 500000 | E78: =SUM(C78:D78) -> 500000 | F78: 400000
A79: 2220105 | B79: Routine Maintenance - Vehicles (Fire Engine) | C79: 2000000 | D79: 2000000 | E79: =SUM(C79:D79) -> 4000000 | F79: 3000000
A80: 2211201 | B80: Refined oils and lubricants | C80: 1400000 | E80: =SUM(C80:D80) -> 1400000 | F80: 1300000
A81: 3111111 | B81: Communication equipments | C81: 100000 | E81: =SUM(C81:D81) -> 100000 | F81: 100000
A82: 2210606 | B82: Hire of Equipment, Plant and Machinery | C82: 1800000 | E82: =SUM(C82:D82) -> 1800000 | F82: 1500000
A83: 2210711 | B83: Training allowances | C83: 500000 | E83: =SUM(C83:D83) -> 500000 | F83: 400444
A84: 2220213 | B84: Rehabilitation of Fire Hydrants | C84: 1000000 | E84: =SUM(C84:D84) -> 1000000
A85: 2220299 | B85: Refilling of Fire Extinguishers | C85: 500000 | E85: =SUM(C85:D85) -> 500000
A86: 3111106 | B86: Fire Fighting Equipment Assorted | C86: 0 | E86: =SUM(C86:D86) -> 0
B87: Total O&M for Disaster Management and Rescue Services | C87: 28050000 | D87: =SUM(D75:D86) -> 2000000 | E87: =SUM(E75:E86) -> 10050000 | F87: =SUM(F75:F86) -> 6895444
A88: 3100000 | B88: Development Expenditure | E88: =SUM(C88:D88) -> 0
A89: 3110902 | B89: Purchase of Household and Instutution appliances (Thunder Arrestors) | C89: 4000000 | E89: =SUM(C89:D89) -> 4000000
A90: 3111106 | B90: Purchase of Fire fighting Vehicles and Equipment (Pending Payment) | C90: 16600000 | E90: =SUM(C90:D90) -> 16600000
B91: Fire hydrants civil works | C91: 1500000 | E91: =SUM(C91:D91) -> 1500000
A92: 3111120 | B92: Purchase of Rescue Machinery | C92: 3900000 | E92: =SUM(C92:D92) -> 3900000
A93: Sub Total | B93: Total Development Expenditure for Disaster Management and Rescue Services | C93: 26000000 | E93: =SUM(C93:D93) -> 26000000
A94: Total Expenditure for Disaster Management and Rescue Services | C94: 54050000 | E94: =SUM(C94:D94) -> 54050000
A95: 10208 | B95: Special Programmes
A96: 2210201 | B96: Telephone, Telex, Facsmile and Mobile Phone Services | E96: =SUM(C96:D96) -> 0
A97: 2210301 | B97: Travel Costs (airlines, bus, railway, mileage allowances, etc.) | C97: 100000 | D97: -100000 | E97: =SUM(C97:D97) -> 0 | F97: 100000
A98: 2210302 | B98: Accommodation - Domestic Travel | C98: 0 | D98: 0 | E98: =SUM(C98:D98) -> 0
A99: 2210303 | B99: Daily Subsistence Allowance | C99: 0 | D99: 0 | E99: =SUM(C99:D99) -> 0
A100: 2210310 | B100: Field operations | C100: 1500000 | D100: -1500000 | E100: =SUM(C100:D100) -> 0 | F100: 1500000
A101: 2210504 | B101: Advertising, Awareness and Publicity Campaigns | C101: 800000 | D101: -800000 | E101: =SUM(C101:D101) -> 0 | F101: 800000
...

Sheet FINANCE
A1: FINANCE, ACCOUNTING SERVICES AND REVENUE MANAGEMENT
A2: CHART OF ACCOUNTS -RECURRENT | C2: APPROVED BUDGET 2023/2024 | D2: Adjustments | E2: APPROVED REVISED BUDGET 2023/2024 | F2: PROPOSED BUDGET 2024/2025
A3: 10501 | B3: General Administration, Planning and Support Services
A4: 2100000 | B4: Compensation of Employees
B5: Basic Salaries - Permanent Employees
A6: 2110101 | B6: Basic Salaries | C6: 169363115 | E6: =SUM(C6:D6) -> 169363115 | F6: 169363115
A7: Sub Total | C7: =SUM(C6) -> 169363115 | D7: =SUM(D6) -> 0 | E7: =SUM(E6) -> 169363115 | F7: =SUM(F6) -> 169363115
B8: Personal Allowance Paid as Part of Salary
A9: 2110301 | B9: House Allowance | C9: 57120000 | E9: =SUM(C9:D9) -> 57120000 | F9: 57120000
A10: 2110314 | B10: Transport Allowance | C10: 17032400 | E10: =SUM(C10:D10) -> 17032400 | F10: 17032400
A11: 2110502 | B11: Other Allowances | C11: 400000 | E11: =SUM(C11:D11) -> 400000 | F11: 400000
A12: 2110320 | B12: Leave Allowance | C12: 6220645 | E12: =SUM(C12:D12) -> 6220645 | F12: 6220645
A13: 2120103 | B13: Employers Contribution to Staff Pensions Scheme | C13: 205000000 | E13: =SUM(C13:D13) -> 205000000 | F13: 167000000
B14: Employers Contribution to Housing levy | F14: 40000000
A15: Sub Total | C15: =SUM(C9:C13) -> 285773045 | D15: =SUM(D9:D13) -> 0 | E15: =SUM(E9:E13) -> 285773045 | F15: =SUM(F9:F14) -> 287773045
A16: Total Salaries and Wages | C16: =C15+C7 -> 455136160 | D16: =D15+D7 -> 0 | E16: =E15+E7 -> 455136160 | F16: =F15+F7 -> 457136160
A17: 2200000 | B17: Use of Goods and Services
B18: Utilities Supplies and Services
A19: 2210101 | B19: Electricity | C19: 12000000 | D19: 12000000 | E19: =SUM(C19:D19) -> 24000000 | F19: 24000000
A20: 2210102 | B20: Water and sewerage charges | C20: 1000000 | E20: =SUM(C20:D20) -> 1000000 | F20: 200000
A21: Sub Total | C21: =SUM(C19:C20) -> 13000000 | D21: =SUM(D19:D20) -> 12000000 | E21: =SUM(E19:E20) -> 25000000 | F21: =SUM(F19:F20) -> 24200000
B22: Communication, Supplies and Services
A23: 2210201 | B23: Telephone, Telex, Facsmile and Mobile Phone Services | E23: =SUM(C23:D23) -> 0
A24: 2210203 | B24: Courier and Postal Services | C24: 100000 | E24: =SUM(C24:D24) -> 100000 | F24: 100000
A25: Sub Total | C25: =SUM(C24) -> 100000 | D25: =SUM(D24) -> 0 | E25: =SUM(E24) -> 100000 | F25: =SUM(F24) -> 100000
B26: Domestic Travel and Subsistence, and Other Transportation Costs
A27: 2210301 | B27: Travel Costs (airlines, bus, railway, mileage allowances, etc.) | C27: 500000 | E27: =SUM(C27:D27) -> 500000 | F27: 500000
A28: 2210302 | B28: Accommodation - Domestic Travel | C28: 4000000 | E28: =SUM(C28:D28) -> 4000000 | F28: 3000000
A29: 2210303 | B29: Daily Subsistence Allowance | C29: 5000000 | E29: =SUM(C29:D29) -> 5000000 | F29: 4000000
A30: Sub Total | C30: =SUM(C27:C29) -> 9500000 | D30: =SUM(D27:D29) -> 0 | E30: =SUM(E27:E29) -> 9500000 | F30: =SUM(F27:F29) -> 7500000
B31: Foreign Travel and Subsistence, and other transportation costs
A32: 2210401 | B32: Travel Costs (airlines, bus, railway, etc.) | C32: 500000 | D32: -500000 | E32: =SUM(C32:D32) -> 0
A33: 2210403 | B33: Daily Subsistence Allowance | C33: 3550000 | D33: -3550000 | E33: =SUM(C33:D33) -> 0
A34: Sub Total | C34: 4050000 | D34: =SUM(D32:D33) -> -4050000 | E34: =SUM(E32:E33) -> 0 | F34: =SUM(F32:F33) -> 0
B35: Printing , Advertising and Information Supplies and Services
A36: 2210502 | B36: Publishing and Printing Services | E36: =SUM(C36:D36) -> 0
A37: 2210503 | B37: Subscriptions to Newspapers, Magazines and Periodicals | E37: =SUM(C37:D37) -> 0
A38: 2210504 | B38: Advertising, Awareness and Publicity Campaigns | C38: 300000 | E38: =SUM(C38:D38) -> 300000 | F38: 1000000
A39: Sub Total | C39: 300000 | D39: =SUM(D36:D38) -> 0 | E39: =SUM(E36:E38) -> 300000 | F39: =SUM(F36:F38) -> 1000000
B40: Training Expense (including capacity building) | E40: =SUM(C40:D40) -> 0
A41: 2210701 | B41: Travel Allowance | E41: =SUM(C41:D41) -> 0
A42: 2210710 | B42: Accommodation Allowance | E42: =SUM(C42:D42) -> 0
A43: 2210711 | B43: Tuition Fees | E43: =SUM(C43:D43) -> 0
A44: Sub Total | C44: 0 | E44: =SUM(C44:D44) -> 0
B45: Hospitality Supplies and Services
A46: 2210801 | B46: Catering Services (receptions), Accommodation, Gifts, Food and Drinks | C46: 2500000 | D46: -1000000 | E46: =SUM(C46:D46) -> 1500000 | F46: 500000
A47: 2210802 | B47: Boards, Committees, Conferences and Seminars | C47: 300000 | E47: =SUM(C47:D47) -> 300000 | F47: 5000000
A48: Sub Total | C48: 2800000 | D48: =SUM(D46:D47) -> -1000000 | E48: =SUM(E46:E47) -> 1800000 | F48: =SUM(F46:F47) -> 5500000
B49: Insurance Costs
A50: 2210903 | B50: Plant, Equipment and Machinery Insurance | C50: 5000000 | D50: -3000000 | E50: =SUM(C50:D50) -> 2000000 | F50: 2000000
A51: 2210904 | B51: Motor Vehicle Insurance | C51: 8000000 | D51: 10000000 | E51: =SUM(C51:D51) -> 18000000 | F51: 8000000
A52: 2210910 | B52: Medical Insurance | C52: 200000000 | D52: 45000000 | E52: =SUM(C52:D52) -> 245000000 | F52: 280000000
B53: ICT infrastructure Insurance | F53: 2000000
A54: Sub Total | C54: 226000000 | D54: =SUM(D50:D52) -> 52000000 | E54: =SUM(E50:E52) -> 265000000 | F54: =SUM(F50:F53) -> 292000000
A55: 2211000 Specialised Materials and Supplies
A56: 2211004 | B56: Fungicides, Insecticides and Sprays | C56: 950000 | E56: =SUM(C56:D56) -> 950000 | F56: 300000
A57: Sub Total | C57: 950000 | D57: =SUM(D56) -> 0 | E57: =SUM(E56) -> 950000 | F57: =SUM(F56) -> 300000
B58: Training expense(including capacity building)
A59: 2210701 | B59: Travel allowance | E59: 0 | F59: 300000
A60: 2210710 | B60: Accomadation allowance | E60: 0 | F60: 300000
A61: 2210711 | B61: Tuition fees | E61: 0 | F61: 300000
A62: Sub total | F62: =F59+F60+F61 -> 900000
B63: Office and General Supplies and Services
A64: 2211101 | B64: General Office Supplies (papers, pencils, forms, small office equipment etc) | C64: 1500000 | E64: =SUM(C64:D64) -> 1500000 | F64: 3000000
A65: 2211102 | B65: Supplies and Accessories for Computers and Printers | C65: 1300000 | E65: =SUM(C65:D65) -> 1300000 | F65: 2000000
A66: 2211103 | B66: Sanitary and Cleaning Materials, Supplies and Services | C66: 1000000 | E66: =SUM(C66:D66) -> 1000000 | F66: 500000
A67: Sub Total | C67: 3800000 | D67: =SUM(D64:D66) -> 0 | E67: =SUM(E64:E66) -> 3800000 | F67: =SUM(F64:F66) -> 5500000
B68: Fuel Oil and Lubricants
A69: 2211201 | B69: Refined Fuels and Lubricants for Transport | C69: 2000000 | E69: =SUM(C69:D69) -> 2000000 | F69: 2000000
A70: Sub Total | C70: 2000000 | D70: =SUM(D69) -> 0 | E70: =SUM(E69) -> 2000000 | F70: =SUM(F69) -> 2000000
B71: Other Operating Expenses
A72: 2211308 | B72: Legal Dues/fees, Arbitration and Compensation Payments | C72: 2000000 | E72: =SUM(C72:D72) -> 2000000 | F72: 45000000
B73: Allocation for mineral loyalties | C73: 682562 | E73: =SUM(C73:D73) -> 682562 | F73: 117616
A74: 2211322 | B74: Binding of Records | C74: 200000 | E74: =SUM(C74:D74) -> 200000 | F74: 200000
A75: 9910321 | B75: Remittances to Exchequer Fines,Penalties & Forfeitures & Other charges (KRA) | C75: 35000000 | E75: =SUM(C75:D75) -> 35000000 | F75: 15000000
A76: 2810205 | B76: Car and Mortgage Fund | C76: 90000000 | D76: -50000000 | E76: =SUM(C76:D76) -> 40000000 | F76: 0
A77: 2810205 | B77: County Emergency Fund | C77: 20000000 | D77: -15000000 | E77: =SUM(C77:D77) -> 5000000 | F77: 2000000
A78: Sub Total | C78: 154382562 | D78: =SUM(D72:D77) -> -65000000 | E78: =SUM(E72:E77) -> 82882562 | F78: =SUM(F72:F77) -> 62317616
B79: Routine Maintenance - Vehicles and Other Transport Equipment
A80: 2220101 | B80: Maintenance Expenses - Motor Vehicles and cycles | C80: 1000000 | E80: =SUM(C80:D80) -> 1000000 | F80: 1000000
A81: 2211307 | B81: Transport Costs and Charges (Freight, Loading/ Unloading, Clearing and s) | E81: =SUM(C81:D81) -> 0
A82: Sub Total | C82: 1000000 | D82: =SUM(D80:D81) -> 0 | E82: =SUM(E80:E81) -> 1000000 | F82: =SUM(F80:F81) -> 1000000
B83: Routine Maintenance - Other Assets
A84: 2220205 | B84: Maintenance of Buildings and Stations -- Non-Residential | C84: 1000000 | E84: =SUM(C84:D84) -> 1000000 | F84: 1000000
A85: Sub Total | C85: 1000000 | D85: =SUM(D84) -> 0 | E85: =SUM(E84) -> 1000000 | F85: =SUM(F84) -> 1000000
B86: Total O&M for General Administration, Planning and Support Services | C86: 418882562 | D86: =SUM(D85,D82,D78,D70,D67,D57,D54,D48,D44,D39,D34,D30,D25,D21) -> -6050000 | E86: =SUM(E85,E82,E78,E70,E67,E57,E54,E48,E44,E39,E34,E30,E25,E21) -> 393332562 | F86: =SUM(F85,F82,F78,F70,F67,F57,F54,F48,F44,F39,F34,F30,F25,F21,F62) -> 403317616
B87: Total Expenditure for General Administration, Planning and Support Services | C87: 874018722 | D87: =SUM(D86,D16) -> -6050000 | E87: =SUM(E86,E16) -> 848468722 | F87: =SUM(F86,F16) -> 860453776
A88: 10502 | B88: Public Financial Management
A89: 1050201 | B89: Internal Audit Services
A90: 2210201 | B90: Telephone, Telex, Facsmile and Mobile Phone Services | C90: 50000 | E90: =SUM(C90:D90) -> 50000 | F90: 50000
A91: Sub Total | C91: 50000 | D91: =SUM(D90) -> 0 | E91: =SUM(E90) -> 50000 | F91: =SUM(F90) -> 50000
B92: Domestic Travel and Subsistence, and Other Transportation Costs
A93: 2210301 | B93: Travel Costs (airlines, bus, railway, mileage allowances, etc.) | C93: 50000 | E93: =SUM(C93:D93) -> 50000 | F93: 50000
A94: 2210302 | B94: Accommodation - Domestic Travel | E94: =SUM(C94:D94) -> 0
B95: Accommodation - Domestic Travel | F95: 500000
A96: 2210303 | B96: Daily Subsistence Allowance | C96: 500000 | E96: =SUM(C96:D96) -> 500000 | F96: 500000
A97: 2210309 | B97: Field operational allowance | C97: 1000000 | E97: =SUM(C97:D97) -> 1000000 | F97: 10000000
A98: Sub Total | C98: 1550000 | D98: =SUM(D93:D97) -> 0 | E98: =SUM(E93:E97) -> 1550000 | F98: =SUM(F93:F97) -> 11050000
B99: Printing , Advertising and Information Supplies and Services
A100: 2210502 | B100: Publishing and Printing Services | C100: 50000 | E100: =SUM(C100:D100) -> 50000 | F100: 50000
...

Sheet PLANNING
A1: ECONOMIC PLANNING AND ICT SERVICES
A2: CHART OF ACCOUNTS -RECURRENT | C2: APPROVED BUDGET 2023/2024 | D2: Adjustments | E2: APPROVED REVISED BUDGET 2023/2024 | F2: PROPOSED BUDGET 2024/2025
A3: 10503 | B3: County Planning Services
A4: 2100000 | B4: Compensation of Employees
B5: Basic Salaries - Permanent Employees
A6: 2110101 | B6: Basic Salaries | C6: 51102420 | E6: =SUM(C6:D6) -> 51102420 | F6: 51102420
A7: Sub Total | C7: =SUM(C6) -> 51102420 | D7: =SUM(D6) -> 0 | E7: =SUM(E6) -> 51102420 | F7: =SUM(F6) -> 51102420
B8: Personal Allowance Paid as Part of Salary
A9: 2110301 | B9: House Allowance | C9: 16971420 | E9: =SUM(C9:D9) -> 16971420 | F9: 15971420
A10: 2110314 | B10: Transport Allowance | C10: 5740000 | E10: =SUM(C10:D10) -> 5740000 | F10: 4740000
A11: 2110320 | B11: Leave Allowance | C11: 450000 | E11: =SUM(C11:D11) -> 450000 | F11: 450000
A12: 2110502 | B12: Other Allowances | C12: 600000 | E12: =SUM(C12:D12) -> 600000 | F12: 600000
A13: Sub Total | C13: =SUM(C9:C12) -> 23761420 | D13: =SUM(D9:D12) -> 0 | E13: =SUM(E9:E12) -> 23761420 | F13: =SUM(F9:F12) -> 21761420
A14: Total Salaries and Wages | C14: =C7+C13 -> 74863840 | D14: =D7+D13 -> 0 | E14: =E7+E13 -> 74863840 | F14: =F7+F13 -> 72863840
A15: 1050301 | B15: Budget Formulation, Coordination and Management
A16: 2200000 | B16: Use of Goods and Services
B17: Domestic Travel and Subsistence, and Other Transportation Costs
A18: 2210301 | B18: Travel Costs (airlines, bus, railway, mileage allowances, etc.) | C18: 200000 | E18: =SUM(C18:D18) -> 200000 | F18: 500000
A19: 2210302 | B19: Accommodation - Domestic Travel | C19: 15000000 | E19: =SUM(C19:D19) -> 15000000 | F19: 4000000
A20: 2210303 | B20: Daily Subsistence Allowance | C20: 8000000 | D20: -2500000 | E20: =SUM(C20:D20) -> 5500000 | F20: 1000000
B21: Utilities Supplies and Services
A22: 2210101 | B22: Electricity | C22: 100000 | E22: =SUM(C22:D22) -> 100000 | F22: 350000
B23: Printing , Advertising and Information Supplies and Services
A24: 2210502 | B24: Publishing and Printing Services | C24: 1000000 | D24: -500000 | E24: =SUM(C24:D24) -> 500000 | F24: 500000
A25: 2210503 | B25: Subscriptions to Newspapers, Magazines and Periodicals
A26: 2210504 | B26: Advertising, Awareness and Publicity Campaigns | C26: 1000000 | D26: 3000000 | E26: =SUM(C26:D26) -> 4000000 | F26: 3000000
B27: Training Expense (including capacity building) | C27: 2000000 | E27: =SUM(C27:D27) -> 2000000 | F27: 0
A28: 2210701 | B28: Travel Allowance | E28: =SUM(C28:D28) -> 0 | F28: 400000
A29: 2210710 | B29: Accommodation Allowance | E29: =SUM(C29:D29) -> 0 | F29: 500000
A30: 2210711 | B30: Tuition fees | C30: 500000 | E30: =SUM(C30:D30) -> 500000 | F30: 500000
A31: 2210715 | B31: Kenya School of Government | E31: =SUM(C31:D31) -> 0 | F31: 500000
B32: Hospitality Supplies and Services
A33: 2210801 | B33: Catering Services (receptions), Accommodation, Gifts, Food and Drinks | C33: 500000 | E33: =SUM(C33:D33) -> 500000 | F33: 0
A34: 2210802 | B34: Boards, Committees, Conferences and Seminars | E34: =SUM(C34:D34) -> 0 | F34: 1000000
B35: Fuel Oil and lubricants
B36: Refined Fuels and Lubricants for transport | E36: 0 | F36: 400000
B37: Office and General Supplies and Services
A38: 2211101 | B38: General Office Supplies (papers, pencils, forms, small office equipment etc) | C38: 500000 | E38: =SUM(C38:D38) -> 500000 | F38: 500000
A39: 2211102 | B39: Supplies and Accessories for Computers and Printers | C39: 300000 | E39: =SUM(C39:D39) -> 300000 | F39: 700000
A40: 2211103 | B40: Sanitary and Cleaning Materials, Supplies and Services | C40: 100000 | E40: =SUM(C40:D40) -> 100000 | F40: 100000
A41: 3111001 | B41: Purchase of Office Furniture and Fittings | E41: =SUM(C41:D41) -> 0
A42: 2220205 | B42: Maintenance of Buildings and Stations -- Non-Residential | C42: 1599872 | E42: =SUM(C42:D42) -> 1599872 | F42: 500000
A43: Sub Total | C43: =SUM(C18:C42) -> 30799872 | D43: =SUM(D18:D42) -> 0 | E43: =SUM(E18:E42) -> 30799872 | F43: =SUM(F18:F42) -> 14450000
B44: Kenya Devolution Support Program (Administrative Costs) | C44: 0 | D44: =SUM(C44) -> 0 | E44: =SUM(D44) -> 0 | F44: =SUM(E44) -> 0
B45: Domestic Travel and Subsistence, and Other Transportation Costs | C45: 0 | D45: =SUM(C45) -> 0 | E45: =SUM(D45) -> 0 | F45: =SUM(E45) -> 0
A46: 2210301 | B46: Travel Costs (airlines, bus, railway, mileage allowances, etc.) | C46: 0 | D46: =SUM(C46) -> 0 | E46: =SUM(D46) -> 0 | F46: =SUM(E46) -> 0
A47: 2210302 | B47: Accommodation - Domestic Travel | C47: 0 | D47: =SUM(C47) -> 0 | E47: =SUM(D47) -> 0 | F47: =SUM(E47) -> 0
A48: 2210303 | B48: Daily Subsistence Allowance | C48: 0 | D48: =SUM(C48) -> 0 | E48: =SUM(D48) -> 0 | F48: =SUM(E48) -> 0
A49: Sub Total | C49: 0 | D49: =SUM(C49) -> 0 | E49: =SUM(D49) -> 0 | F49: =SUM(E49) -> 0
B50: Total O & M Budget Formulation, Coordination and Management | C50: =C43 -> 30799872 | D50: =D43 -> 0 | E50: =E43 -> 30799872 | F50: =F43 -> 14450000
A51: 1050302 | B51: Economic Planning
B52: Domestic Travel and Subsistence, and Other Transportation Costs
A53: 2210301 | B53: Travel Costs (airlines, bus, railway, mileage allowances, etc.) | C53: 50000 | E53: =SUM(C53:D53) -> 50000 | F53: 100000
A54: 2210302 | B54: Accommodation - Domestic Travel | E54: =SUM(C54:D54) -> 0 | F54: 500000
A55: 2210303 | B55: Daily Subsistence Allowance | C55: 3000000 | E55: =SUM(C55:D55) -> 3000000 | F55: 1000000
A56: 2210403 | B56: Daily Subsistence Allowance | C56: 2000000 | E56: =SUM(C56:D56) -> 2000000 | F56: 0
A57: 2210309 | B57: Field operations | C57: 1500000 | E57: =SUM(C57:D57) -> 1500000 | F57: 2800000
B58: Utilities Supplies and Services
A59: 2210101 | B59: Electricity | C59: 100000 | E59: =SUM(C59:D59) -> 100000 | F59: 100000
A60: 2210102 | B60: Water and sewerage charges | E60: =SUM(C60:D60) -> 0
B61: Communication, Supplies and Services | E61: =SUM(C61:D61) -> 0
A62: 2210201 | B62: Telephone, Telex, Facsmile and Mobile Phone Services | E62: =SUM(C62:D62) -> 0
A63: 2210202 | B63: Internet Connections | E63: =SUM(C63:D63) -> 0
B64: Printing , Advertising and Information Supplies and Services
A65: 2210502 | B65: Publishing and Printing Services | C65: 3000000 | E65: =SUM(C65:D65) -> 3000000 | F65: 1500000
A66: 2210503 | B66: Subscriptions to Newspapers, Magazines and Periodicals | E66: =SUM(C66:D66) -> 0 | F66: 0
A67: 2210504 | B67: Advertising, Awareness and Publicity Campaigns | C67: 1000000 | D67: 1000000 | E67: =SUM(C67:D67) -> 2000000 | F67: 1450000
B68: Training Expense (including capacity building)
A69: 2210715 | B69: Kenya School of Government | C69: 1317640 | E69: =SUM(C69:D69) -> 1317640 | F69: 500000
B70: Hospitality Supplies and Services
A71: 2210802 | B71: Boards, Committees, Conferences and Seminars | C71: 1000000 | D71: 1000000 | E71: =SUM(C71:D71) -> 2000000 | F71: 2000000
B72: Office and General Supplies and Services
A73: 2211101 | B73: General Office Supplies (papers, pencils, forms, small office equipment etc) | C73: 100000 | E73: =SUM(C73:D73) -> 100000 | F73: 100000
A74: 2211102 | B74: Supplies and Accessories for Computers and Printers | C74: 100000 | E74: =SUM(C74:D74) -> 100000 | F74: 100000
A75: 2211103 | B75: Sanitary and Cleaning Materials, Supplies and Services | C75: 150000 | E75: =SUM(C75:D75) -> 150000 | F75: 150000
B76: Fuel Oil and Lubricants
B77: Refined Fuels and lubricants for transport | E77: 0 | F77: 400000
B78: Other Operating Expenses
A79: 2220205 | B79: Maintenance of Buildings and Stations -- Non-Residential- pending bill | C79: 1500000 | E79: =SUM(C79:D79) -> 1500000 | F79: 0
B80: Members subscriptions | E80: 0 | F80: 100000
B81: County Statistical Absract | D81: 10000000 | E81: =SUM(C81:D81) -> 10000000 | F81: 0
B82: Total O & M for Economic Planning | C82: =SUM(C53:C81) -> 14817640 | D82: =SUM(D53:D81) -> 12000000 | E82: =SUM(E53:E81) -> 26817640 | F82: =SUM(F53:F81) -> 10800000
A83: 1050303 | B83: Monitoring and Evaluation
B84: Domestic Travel and Subsistence, and Other Transportation Costs | E84: =SUM(C84:D84) -> 0
A85: 2210301 | B85: Travel Costs (airlines, bus, railway, mileage allowances, etc.) | C85: 50000 | D85: -50000 | E85: =SUM(C85:D85) -> 0 | F85: 100000
A86: 2210302 | B86: Accommodation - Domestic Travel | C86: 500000 | E86: =SUM(C86:D86) -> 500000 | F86: 500000
A87: 2210303 | B87: Daily Subsistence Allowance | C87: 1000000 | E87: =SUM(C87:D87) -> 1000000 | F87: 1000000
A88: 2210310 | B88: Field operational Allowances | D88: -500000 | E88: =SUM(C88:D88) -> -500000
A89: 2210403 | B89: Daily Subsistence Allowance | C89: 1000000 | D89: -500000 | E89: =SUM(C89:D89) -> 500000 | F89: 0
A90: 2210309 | B90: Field operations | C90: 1000000 | D90: -500000 | E90: =SUM(C90:D90) -> 500000 | F90: 200000
B91: Printing , Advertising and Information Supplies and Services | E91: =SUM(C91:D91) -> 0
A92: 2210503 | B92: Subscriptions to Newspapers, Magazines and Periodicals | E92: =SUM(C92:D92) -> 0
B93: Training Expense (including capacity building) | C93: 500000 | E93: =SUM(C93:D93) -> 500000 | F93: 0
A94: 2210701 | B94: Travel Allowance | E94: =SUM(C94:D94) -> 0 | F94: 100000
A95: 2210710 | B95: Accommodation Allowance | E95: =SUM(C95:D95) -> 0 | F95: 300000
B96: Tuition fees | E96: 0 | F96: 300000
B97: Hospitality Supplies and Services
A98: 2210802 | B98: Boards, Committees, Conferences and Seminars | C98: 500000 | E98: =SUM(C98:D98) -> 500000 | F98: 500000
B99: Fuel Oil and Lubricants
B100: Refined Fuels and lubricants for transport | E100: 0 | F100: 400000
...

Sheet FINANCE 1
B2: Code | C2: Programme | D2: Budget Estimates(KShs) | E2: Projected Estimates (KShs)
D3: 2023/2024 | E3: 2024/2025 | F3: 2025/2026
B4: 10501 | C4: General Administration, Planning and Support Services | D4: =D12 -> 874018722 | E4: =1.04*D4 -> 9.0897947e+08 | F4: =SUM(1.04*E4) -> 9.4533865e+08
B5: 10502 | C5: Public Financial Management | D5: =D15 -> 88170448 | E5: =1.04*D5 -> 91697266 | F5: =SUM(1.04*E5) -> 95365157
B6: 10503 | C6: County Planning Services | D6: =D18 -> #REF! | E6: =1.04*D6 -> #REF! | F6: =SUM(1.04*E6) -> #REF!
B7: Total | D7: =SUM(D4:D6) -> #REF! | E7: =SUM(E4:E6) -> #REF! | F7: =SUM(F4:F6) -> #REF!
B10: Code | C10: Programme | D10: Approved Budget Estimates (KShs) | E10: Projected Estimates (KShs)
D11: 2023/2024 | E11: 2024/2025 | F11: 2025/2026
B12: 10501 | C12: General Administration, Planning and Support Services | D12: =SUM(D13+D14) -> 874018722 | E12: =SUM(D12*1.04) -> 9.0897947e+08 | F12: =SUM(E12*1.04) -> 9.4533865e+08
C13: Recurrent | D13: =FINANCE!C87 -> 874018722 | E13: =SUM(D13*1.04) -> 9.0897947e+08 | F13: =SUM(E13*1.04) -> 9.4533865e+08
C14: Development | D14: 0 | E14: =SUM(D14*1.04) -> 0 | F14: =SUM(E14*1.04) -> 0
B15: 10502 | C15: Public Financial Management | D15: =SUM(D16+D17) -> 88170448 | E15: =SUM(D15*1.04) -> 91697266 | F15: =SUM(E15*1.04) -> 95365157
C16: Recurrent | D16: =FINANCE!C218 -> 88170448 | E16: =SUM(D16*1.04) -> 91697266 | F16: =SUM(E16*1.04) -> 95365157
C17: Development | D17: 0 | E17: =SUM(D17*1.04) -> 0 | F17: =SUM(E17*1.04) -> 0
B18: 10503 | C18: County Planning Services | D18: =SUM(D19+D20) -> #REF! | E18: =SUM(D18*1.04) -> #REF! | F18: =SUM(E18*1.04) -> #REF!
C19: Recurrent | D19: =PLANNING!C167 -> 76369138 | E19: =SUM(D19*1.04) -> 79423904 | F19: =SUM(E19*1.04) -> 82600860
C20: Development | D20: =PLANNING!C168 -> #REF! | E20: =SUM(D20*1.04) -> #REF! | F20: =SUM(E20*1.04) -> #REF!
B21: Total | D21: =SUM(D12,I19,D18,D15) -> #REF! | E21: =SUM(E12,J19,E18,E15) -> #REF! | F21: =SUM(F12,K19,F18,F15) -> #REF!

Sheet AGRIC & COOP
A1: AGRICULTURE AND COOPERATIVE DEVELOPMENT
A2: CHART OF ACCOUNTS -RECURRENT | C2: APPROVED BUDGET 2023/2024 | D2: Adjustments | E2: APPROVED REVISED BUDGET 2023/2024 | F2: PROPOSED BUDGET 2024/2025
A3: 10805 | B3: Crop Development and Value Addition
A4: 10801 | B4: General Administration, Planning and Support Services
A5: 2100000 | B5: Compensation of Employees
B6: Basic Salaries - Permanent Employees
A7: 2110101 | B7: Basic Salaries | C7: 118125000 | E7: =SUM(C7:D7) -> 118125000 | F7: =SUM(D7:E7) -> 118125000
A8: Sub Total | C8: 118125000 | D8: =SUM(D7) -> 0 | E8: =SUM(E7) -> 118125000 | F8: =SUM(F7) -> 118125000
B9: Personal Allowance Paid as Part of Salary
A10: 2110301 | B10: House Allowance | C10: 27225412 | E10: =SUM(C10:D10) -> 27225412 | F10: =SUM(D10:E10) -> 27225412
A11: 2110303 | B11: Acting Allowance | E11: =SUM(C11:D11) -> 0 | F11: =SUM(D11:E11) -> 0
A12: 2110314 | B12: Transport Allowance | C12: 13500000 | E12: =SUM(C12:D12) -> 13500000 | F12: =SUM(D12:E12) -> 13500000
A13: 2110320 | B13: Leave Allowance | C13: 9200688 | E13: =SUM(C13:D13) -> 9200688 | F13: =SUM(D13:E13) -> 9200688
A14: 2110322 | B14: Risk Allowance | C14: 924332 | E14: =SUM(C14:D14) -> 924332 | F14: =SUM(D14:E14) -> 924332
A15: Sub Total | C15: 50850432 | D15: =SUM(D10:D14) -> 0 | E15: =SUM(E10:E14) -> 50850432 | F15: =SUM(F10:F14) -> 50850432
A16: Total Salaries and Wages | C16: 168975432 | D16: =SUM(D15,D8) -> 0 | E16: =SUM(E15,E8) -> 168975432 | F16: =SUM(F15,F8) -> 168975432
A17: 2200000 | B17: Use of Goods and Services
B18: Utilities Supplies and Services
A19: 2210101 | B19: Electricity | C19: 1000000 | E19: =SUM(C19:D19) -> 1000000 | F19: 1000000
A20: 2210102 | B20: Water and sewerage charges | C20: 300000 | E20: =SUM(C20:D20) -> 300000 | F20: 50000
A21: Sub Total | C21: 1300000 | D21: =SUM(D19:D20) -> 0 | E21: =SUM(E19:E20) -> 1300000 | F21: =SUM(F19:F20) -> 1050000
B22: Communication, Supplies and Services
A23: 2210201 | B23: Telephone, Telex, Facsmile and Mobile Phone Services | E23: =SUM(C23:D23) -> 0
A24: 2210203 | B24: Courier and Postal Services | C24: 20000 | E24: =SUM(C24:D24) -> 20000
A25: Sub Total | C25: 20000 | D25: =SUM(D23:D24) -> 0 | E25: =SUM(E23:E24) -> 20000 | F25: =SUM(F23:F24) -> 0
B26: Domestic Travel and Subsistence, and Other Transportation Costs
A27: 2210301 | B27: Travel Costs (airlines, bus, railway, mileage allowances, etc.) | C27: 100000 | E27: =SUM(C27:D27) -> 100000
A28: 2210302 | B28: Accommodation - Domestic Travel | C28: 450000 | E28: =SUM(C28:D28) -> 450000
A29: 2210303 | B29: Daily Subsistence Allowance | C29: 1000000 | D29: -66959 | E29: =SUM(C29:D29) -> 933041 | F29: 500000
A30: Sub Total | C30: 1550000 | D30: =SUM(D27:D29) -> -66959 | E30: =SUM(E27:E29) -> 1483041 | F30: =SUM(F27:F29) -> 500000
B31: Foreign Travel and Subsistence, and other transportation costs
A32: 2210401 | B32: Travel Costs (airlines, bus, railway, etc.) | C32: 1000000 | D32: -1000000 | E32: =SUM(C32:D32) -> 0
A33: 2210402 | B33: Accommodation | C33: 0 | E33: =SUM(C33:D33) -> 0
A34: 2210403 | B34: Daily Subsistence Allowance | C34: 850000 | D34: -850000 | E34: =SUM(C34:D34) -> 0
A35: Sub Total | C35: 1850000 | D35: =SUM(D32:D34) -> -1850000 | E35: =SUM(E32:E34) -> 0
B36: Printing , Advertising and Information Supplies and Services
A37: 2210502 | B37: Publishing and Printing Services | C37: 250000 | E37: =SUM(C37:D37) -> 250000
A38: 2210503 | B38: Subscriptions to Newspapers, Magazines and Periodicals | E38: =SUM(C38:D38) -> 0
A39: 2210504 | B39: Advertising, Awareness and Publicity Campaigns | C39: 300000 | E39: =SUM(C39:D39) -> 300000
A40: 2210505 | B40: Trade Shows and Exhibitions (Agriculutral show) | C40: 10000000 | D40: -5000000 | E40: =SUM(C40:D40) -> 5000000 | F40: 3406497
A41: Sub Total | C41: 10550000 | D41: =SUM(D37:D40) -> -5000000 | E41: =SUM(E37:E40) -> 5550000 | F41: =SUM(F37:F40) -> 3406497
B42: Training Expense (including capacity building)
A43: 2210701 | B43: Travel Allowance | C43: 150000 | E43: =SUM(C43:D43) -> 150000
A44: 2210710 | B44: Accommodation Allowance | E44: =SUM(C44:D44) -> 0
A45: 2210711 | B45: Tuition Fees Allowance | C45: 750000 | E45: =SUM(C45:D45) -> 750000
A46: Sub Total | C46: 900000 | D46: =SUM(D43:D45) -> 0 | E46: =SUM(E43:E45) -> 900000 | F46: =SUM(F43:F45) -> 0
B47: Hospitality Supplies and Services
A48: 2210801 | B48: Catering Services (receptions), Accommodation, Gifts, Food and Drinks | C48: 100000 | E48: =SUM(C48:D48) -> 100000
A49: 2210802 | B49: Boards, Committees, Conferences and Seminars | C49: 200000 | E49: =SUM(C49:D49) -> 200000
A50: Sub Total | C50: 300000 | D50: =SUM(D48:D49) -> 0 | E50: =SUM(E48:E49) -> 300000 | F50: =SUM(F48:F49) -> 0
B51: Specialised Materials and Supplies
A52: 2211016 | B52: Purchase of Uniforms and Clothing - Staff | C52: 500000 | E52: =SUM(C52:D52) -> 500000
A53: 2211004 | B53: Fungicides, Insecticides and Sprays | E53: =SUM(C53:D53) -> 0
A54: Sub Total | C54: 500000 | D54: =SUM(D52:D53) -> 0 | E54: =SUM(E52:E53) -> 500000 | F54: =SUM(F52:F53) -> 0
B55: Office and General Supplies and Services
A56: 2211101 | B56: General Office Supplies (papers, pencils, forms, small office equipment etc) | C56: 400000 | E56: =SUM(C56:D56) -> 400000 | F56: 400000
A57: 2211102 | B57: Supplies and Accessories for Computers and Printers | C57: 300000 | E57: =SUM(C57:D57) -> 300000 | F57: 100000
A58: 2211103 | B58: Sanitary and Cleaning Materials, Supplies and Services | C58: 400000 | E58: =SUM(C58:D58) -> 400000 | F58: 500000
A59: Sub Total | C59: 1100000 | D59: =SUM(D56:D58) -> 0 | E59: =SUM(E56:E58) -> 1100000 | F59: =SUM(F56:F58) -> 1000000
B60: Fuel Oil and Lubricants
A61: 2211201 | B61: Refined Fuels and Lubricants for Transport | C61: 1000000 | E61: =SUM(C61:D61) -> 1000000 | F61: 2000000
A62: Sub Total | C62: 1000000 | D62: =SUM(D61) -> 0 | E62: =SUM(E61) -> 1000000 | F62: =SUM(F61) -> 2000000
B63: Other Operating Expenses
A64: 3110301 | B64: Refurbishment of Buildings-Non residential | C64: 300000 | E64: =SUM(C64:D64) -> 300000
A65: 3111001 | B65: Purchase of office furniture and Fittings | C65: 100000 | E65: =SUM(C65:D65) -> 100000
A66: 2211306 | B66: Membership Fees, Dues and Subscriptions to Professional and Trade Bodies | C66: 200000 | E66: =SUM(C66:D66) -> 200000
A67: 2211305 | B67: Contracted Guards and Cleaning Services | C67: 200000 | E67: =SUM(C67:D67) -> 200000
A68: Sub Total | C68: 1100000 | D68: =SUM(D64:D67) -> 0 | E68: =SUM(E64:E67) -> 800000 | F68: =SUM(F64:F67) -> 0
B69: Routine Maintenance - Vehicles and Other Transport Equipment
A70: 2220101 | B70: Maintenance Expenses - Motor Vehicles and cycles | C70: 500000 | E70: =SUM(C70:D70) -> 500000 | F70: 1000000
A71: Sub Total | C71: 500000 | D71: =SUM(D70) -> 0 | E71: =SUM(E70) -> 500000 | F71: =SUM(F70) -> 1000000
B72: Total O&M for Crop development and Value addition | C72: 20670000 | D72: =SUM(D71,D68,D59,D54,D50,D46,D41,D35,D30,D25,D21,D62, ) -> -6916959 | E72: =SUM(E71,E68,E59,E54,E50,E46,E41,E35,E30,E25,E21,E62, ) -> 13453041 | F72: =SUM(F71,F68,F59,F54,F50,F46,F41,F35,F30,F25,F21,F62, ) -> 8956497
B73: Total Recurrent for Crop development and Value addition | C73: 189645432 | D73: =SUM(D72,D16) -> -6916959 | E73: =SUM(E72,E16) -> 182428473 | F73: =SUM(F72,F16) -> 177931929
A74: 310000 | B74: Development Expenditure | E74: =SUM(C74:D74) -> 0
B75: EU Instruments for Devolution Advise & Support (Donor Contribution) | C75: #REF! | E75: =SUM(C75:D75) -> #REF!
B76: EU Instruments for Devolution Advise & Support (CG Contribution) | C76: #REF! | E76: =SUM(C76:D76) -> #REF!
A77: 2640503 | B77: Agricultural Sector Development Support Project (ASDSP) county contribution | C77: 0 | E77: =SUM(C77:D77) -> 0
A78: 2630203 | B78: Agricultural Sector Development Support Project SIDA contribution | C78: 3168601 | E78: =SUM(C78:D78) -> 3168601
A79: 2630203 | B79: National Agricultural and Rural inclusive growth project(WB) | C79: 150000000 | E79: =SUM(C79:D79) -> 150000000
A80: 2630203 | B80: National Agricultural and Rural inclusive growth project(WB) | C80: 2000000 | E80: =SUM(C80:D80) -> 2000000
A81: 2640503 | B81: National Agricultural Value Chain Development Project (WB Contribution) | C81: 250000000 | E81: =SUM(C81:D81) -> 250000000
A82: 2630203 | B82: National Agricultural Value Chain Development Project (KCG Contribution) | C82: 5000000 | E82: =SUM(C82:D82) -> 5000000
A83: Total Development Expenditure | C83: #REF! | E83: =SUM(C83:D83) -> #REF!
A84: 10806 | B84: Agriculture Training Centre (ATC)
A85: 2210303 | B85: Daily Subsistence Allowance | C85: 300000 | E85: =SUM(C85:D85) -> 300000
A86: 2210101 | B86: Electricity | C86: 70000 | E86: =SUM(C86:D86) -> 70000
A87: 2210102 | B87: Water and sewerage charges | C87: 70000 | E87: =SUM(C87:D87) -> 70000
A88: 2210502 | B88: Publishing and Printing Services | C88: 100000 | E88: =SUM(C88:D88) -> 100000
A89: 2210202 | B89: Internet connection | C89: 200000 | E89: =SUM(C89:D89) -> 200000
A90: 2210302 | B90: Accomodation-Domestic travel | C90: 100000 | E90: =SUM(C90:D90) -> 100000
A91: 2211003 | B91: Veterinary supplies and materials | C91: 100000 | E91: =SUM(C91:D91) -> 100000
A92: 2211009 | B92: Education and Library Supplies | C92: 50000 | E92: =SUM(C92:D92) -> 50000
A93: 2211016 | B93: Purchase of Uniforms and Clothing - Staff | C93: 100000 | E93: =SUM(C93:D93) -> 100000
A94: 2211101 | B94: General Office Supplies (papers, pencils, forms, small office equipment etc) | C94: 100000 | E94: =SUM(C94:D94) -> 100000
A95: 2210504 | B95: Advertising, Awareness and Publicity Campaigns | C95: 150000 | E95: =SUM(C95:D95) -> 150000
A96: 2211102 | B96: Supplies and Accessories for Computers and Printers | C96: 100000 | E96: =SUM(C96:D96) -> 100000
A97: 2220101 | B97: Maintenance Expenses - Motor Vehicles and cycles | C97: 300000 | E97: =SUM(C97:D97) -> 300000
A98: 2220201 | B98: Maintenance of plant,machinery and equipment | C98: 100000 | E98: =SUM(C98:D98) -> 100000
A99: 2220206 | B99: Maintanance of civil works | C99: 100000 | E99: =SUM(C99:D99) -> 100000
A100: 3111001 | B100: Purchase of household and institutional furniture and fittings | C100: 200000 | E100: =SUM(C100:D100) -> 200000
...

Sheet LIVESTOCK
B2: Code | C2: Programme | D2: Budget Estimates(KShs) | E2: Projected Estimates (KShs)
D3: 2023/2024 | E3: 2024/2025 | F3: 2025/2026
B4: 10801 | C4: General Administration, Planning and Support Services | D4: =D20 -> 122074568 | E4: =1.04*D4 -> 1.2695755e+08 | F4: =1.04*E4 -> 1.3203585e+08
B5: 10802 | C5: Veterinary Services | D5: =D23 -> 55725099 | E5: =1.04*D5 -> 57954103 | F5: =1.04*E5 -> 60272267
B6: 10803 | C6: Livestock Development | D6: =D26 -> 64589200 | E6: =1.04*D6 -> 67172768 | F6: =1.04*E6 -> 69859679
B7: 10804 | C7: Fisheries | D7: =D29 -> 47141013 | E7: =E29 -> 49026654 | F7: =F29 -> 50987720
B8: 10805 | C8: Crop Development Headquarters | D8: =D32 -> #REF! | E8: =1.04*D8 -> #REF! | F8: =1.04*E8 -> #REF!
B9: 10806 | C9: Agriculture Training Centre (ATC) | D9: =D35 -> 47480000 | E9: =1.04*D9 -> 49379200 | F9: =1.04*E9 -> 51354368
B10: 10807 | C10: Co-operative Development | D10: =D38 -> 11000000 | E10: =1.04*D10 -> 11440000 | F10: =1.04*E10 -> 11897600
B11: 10808 | C11: Crop Development | D11: =D41 -> 220696662 | E11: =E41 -> 2.2952453e+08 | F11: =F41 -> 2.3870551e+08
B12: 10809 | C12: Monitoring and Evaluation | D12: =D44 -> 900000 | E12: =E44 -> 936000 | F12: =F44 -> 973440
B13: 10810 | C13: Agroprocessing, Value addition and marketing | D13: =D47 -> 4550000 | E13: =E47 -> 4732000 | F13: =F47 -> 4921280
B14: 10811 | C14: Engineering,Irrigation and Drainage | D14: =D50 -> 2190000 | E14: =E50 -> 2277600 | F14: =F50 -> 2368704
B15: Total | D15: =SUM(D4:D14) -> #REF! | E15: =SUM(E4:E14) -> #REF! | F15: =SUM(F4:F14) -> #REF!
B18: Code | C18: Programme | D18: Approved Budget Estimates (KShs) | E18: Projected Estimates (KShs)
D19: 2023/2024 | E19: 2024/2025 | F19: 2025/2026
B20: 10801 | C20: General Administration, Planning and Support Services | D20: =D21+D22 -> 122074568 | E20: =1.04*D20 -> 1.2695755e+08 | F20: =1.04*E20 -> 1.3203585e+08
C21: Recurrent Expenditure | D21: ='LIVESTOCK & VET'!C88 -> 122074568 | E21: =1.04*D21 -> 1.2695755e+08 | F21: =1.04*E21 -> 1.3203585e+08
C22: Development Expenditure | D22: 0 | E22: =1.04*D22 -> 0 | F22: =1.04*E22 -> 0
B23: 10802 | C23: Veterinary Services | D23: =D24+D25 -> 55725099 | E23: =1.04*D23 -> 57954103 | F23: =1.04*E23 -> 60272267
C24: Recurrent Expenditure | D24: ='LIVESTOCK & VET'!C103 -> 5000000 | E24: =1.04*D24 -> 5200000 | F24: =1.04*E24 -> 5408000
C25: Development Expenditure | D25: ='LIVESTOCK & VET'!C106 -> 50725099 | E25: =1.04*D25 -> 52754103 | F25: =1.04*E25 -> 54864267
B26: 10803 | C26: Livestock Development | D26: =D27+D28 -> 64589200 | E26: =1.04*D26 -> 67172768 | F26: =1.04*E26 -> 69859679
C27: Recurrent Expenditure | D27: ='LIVESTOCK & VET'!C123 -> 4080000 | E27: =1.04*D27 -> 4243200 | F27: =1.04*E27 -> 4412928
C28: Development Expenditure | D28: ='LIVESTOCK & VET'!C126 -> 60509200 | E28: =1.04*D28 -> 62929568 | F28: =1.04*E28 -> 65446751
B29: 10804 | C29: Fisheries | D29: =D30+D31 -> 47141013 | E29: =D29*1.04 -> 49026654 | F29: =1.04*E29 -> 50987720
C30: Recurrent Expenditure | D30: ='LIVESTOCK & VET'!C143 -> 3370000 | E30: =D30*1.04 -> 3504800 | F30: =1.04*E30 -> 3644992
C31: Development Expenditure | D31: ='LIVESTOCK & VET'!C146 -> 43771013 | E31: =D31*1.04 -> 45521854 | F31: =1.04*E31 -> 47342728
B32: 10805 | C32: Crop Development Headquarters | D32: =D33+D34 -> #REF! | E32: =1.04*D32 -> #REF! | F32: =1.04*E32 -> #REF!
C33: Recurrent Expenditure | D33: ='AGRIC & COOP'!C73 -> 189645432 | E33: =1.04*D33 -> 1.9723125e+08 | F33: =1.04*E33 -> 2.051205e+08
C34: Development Expenditure | D34: ='AGRIC & COOP'!C83 -> #REF! | E34: =1.04*D34 -> #REF! | F34: =1.04*E34 -> #REF!
B35: 10806 | C35: Agriculture Training Centre (ATC) | D35: =D36+D37 -> 47480000 | E35: =1.04*D35 -> 49379200 | F35: =1.04*E35 -> 51354368
C36: Recurrent Expenditure | D36: ='AGRIC & COOP'!C108 -> 5240000 | E36: =1.04*D36 -> 5449600 | F36: =1.04*E36 -> 5667584
C37: Development Expenditure | D37: ='AGRIC & COOP'!C111 -> 42240000 | E37: =1.04*D37 -> 43929600 | F37: =1.04*E37 -> 45686784
B38: 10807 | C38: Co-operative Development | D38: =D39+D40 -> 11000000 | E38: =1.04*D38 -> 11440000 | F38: =1.04*E38 -> 11897600
C39: Recurrent Expenditure | D39: ='AGRIC & COOP'!C119+'AGRIC & COOP'!C128 -> 3200000 | E39: =1.04*D39 -> 3328000 | F39: =1.04*E39 -> 3461120
C40: Development Expenditure | D40: ='AGRIC & COOP'!C131 -> 7800000 | E40: =1.04*D40 -> 8112000 | F40: =1.04*E40 -> 8436480
B41: 10808 | C41: Crop Development | D41: =D42+D43 -> 220696662 | E41: =1.04*D41 -> 2.2952453e+08 | F41: =1.04*E41 -> 2.3870551e+08
C42: Recurrent Expenditure | D42: ='AGRIC & COOP'!C165 -> 1300000 | E42: =1.04*D42 -> 1352000 | F42: =1.04*E42 -> 1406080
C43: Development Expenditure | D43: ='AGRIC & COOP'!C168 -> 219396662 | E43: =1.04*D43 -> 2.2817253e+08 | F43: =1.04*E43 -> 2.3729943e+08
B44: 10809 | C44: Monitoring and Evaluation | D44: =D45+D46 -> 900000 | E44: =1.04*D44 -> 936000 | F44: =1.04*E44 -> 973440
C45: Recurrent Expenditure | D45: ='AGRIC & COOP'!C158 -> 900000 | E45: =1.04*D45 -> 936000 | F45: =1.04*E45 -> 973440
C46: Development Expenditure | D46: 0 | E46: =1.04*D46 -> 0 | F46: =1.04*E46 -> 0
B47: 10810 | C47: Agroprocessing, Value addition and marketing | D47: =D48+D49 -> 4550000 | E47: =1.04*D47 -> 4732000 | F47: =1.04*E47 -> 4921280
C48: Recurrent Expenditure | D48: ='AGRIC & COOP'!C149 -> 550000 | E48: =1.04*D48 -> 572000 | F48: =1.04*E48 -> 594880
C49: Development Expenditure | D49: ='AGRIC & COOP'!C152 -> 4000000 | E49: =1.04*D49 -> 4160000 | F49: =1.04*E49 -> 4326400
B50: 10811 | C50: Engineering,Irrigation and Drainage | D50: =D51+D52 -> 2190000 | E50: =1.04*D50 -> 2277600 | F50: =1.04*E50 -> 2368704
C51: Recurrent Expenditure | D51: ='AGRIC & COOP'!C139 -> 1190000 | E51: =1.04*D51 -> 1237600 | F51: =1.04*E51 -> 1287104
C52: Development Expenditure | D52: ='AGRIC & COOP'!C142 -> 1000000 | E52: =1.04*D52 -> 1040000 | F52: =1.04*E52 -> 1081600
B53: Total | D53: =SUM(D20,D23,D26,D32,D35,D38,D29,D50,D47,D44,D41) -> #REF! | E53: =SUM(E20,E23,E26,E32,E35,E38,E29,E50,E47,E44,E41) -> #REF! | F53: =SUM(F20,F23,F26,F32,F35,F38,F29,F50,F47,F44,F41) -> #REF!

Sheet ENVIRONMENT 
A3: WATER, ENVIRONMENT, NATURAL RESOURCES, ENERGY, AND CLIMATE CHANGE
A4: CHART OF ACCOUNTS -RECURRENT | C4: APPROVED REVISED BUDGET 2023/2024 | D4: PROPOSED BUDGET 2024/2025
B5: Environment Management
A6: 2640503 | B6: Finance for Locally-Led Climate Action Program (FLLoCA) | C6: 22000000
B7: Total O&M for Climate Change | C7: =SUM(C6) -> 22000000 | D7: =SUM(D6) -> 0
B8: Total Operations and Maintenance | C8: =C7 -> 22000000 | D8: =D7 -> 0
B9: Total Recurrent Expenditure | C9: =C8 -> 22000000 | D9: =D8 -> 0

Sheet WATER, ENERGY, ENVIRONMENT AND 
A1: WATER AND SANITATION SERVICES
A2: CHART OF ACCOUNTS -RECURRENT | C2: APPROVED BUDGET 2023/2024 | D2: Adjustments | E2: APPROVED REVISED BUDGET 2023/2024 | F2: PROPOSED BUDGET 2024/2025
A3: 10604 | B3: Water Services and Sanitation
A4: 2100000 | B4: Compensation of Employees
B5: Basic Salaries - Permanent Employees
A6: 2110101 | B6: Basic Salaries | C6: 63718721 | E6: =SUM(C6:D6) -> 63718721 | F6: 65468721
A7: Sub Total | C7: 63718721 | D7: =SUM(D6) -> 0 | E7: =SUM(E6) -> 63718721 | F7: =SUM(F6) -> 65468721
B8: Personal Allowance Paid as Part of Salary
A9: 2110301 | B9: House Allowance | C9: 3626994 | E9: =SUM(C9:D9) -> 3626994 | F9: 2504994
A10: 2110314 | B10: Transport Allowance | C10: 2331555 | E10: =SUM(C10:D10) -> 2331555 | F10: 1803555
A11: 2110320 | B11: Leave Allowance | C11: 322730 | E11: =SUM(C11:D11) -> 322730 | F11: 222730
A12: Sub Total | C12: 6281279 | D12: =SUM(D9:D11) -> 0 | E12: =SUM(E9:E11) -> 6281279 | F12: =SUM(F9:F11) -> 4531279
A13: Total Salaries and Wages | C13: 70000000 | D13: =SUM(D12,D7) -> 0 | E13: =SUM(E12,E7) -> 70000000 | F13: =SUM(F12,F7) -> 70000000
A14: 2200000 | B14: Use of Goods and Services
B15: Utilities Supplies and Services
A16: 2210101 | B16: Electricity | C16: 3000000 | D16: 10000000 | E16: =SUM(C16:D16) -> 13000000 | F16: 1500000
A17: 2210102 | B17: Water and sewerage charges | C17: 200000 | E17: =SUM(C17:D17) -> 200000
A18: Sub Total | C18: =SUM(C16:C17) -> 3200000 | D18: =SUM(D16:D17) -> 10000000 | E18: =SUM(E16:E17) -> 13200000 | F18: =SUM(F16:F17) -> 1500000
B19: Communication, Supplies and Services
A20: 2210201 | B20: Telephone, Telex, Facsmile and Mobile Phone Services | C20: 50000 | E20: =SUM(C20:D20) -> 50000 | F20: 40000
A21: 2210203 | B21: Courier and Postal Services | C21: 20000 | E21: =SUM(C21:D21) -> 20000 | F21: 10000
A22: Sub Total | C22: 70000 | D22: =SUM(D20:D21) -> 0 | E22: =SUM(E20:E21) -> 70000 | F22: =SUM(F20:F21) -> 50000
B23: Foreign Travel and Subsistence, and other transportation costs
A24: 2210401 | B24: Travel Costs (airlines, bus, railway, etc.) | C24: 500000 | D24: -500000 | E24: =SUM(C24:D24) -> 0
A25: 2210402 | B25: Accommodation | E25: =SUM(C25:D25) -> 0
A26: 2210403 | B26: Daily Subsistence Allowance | C26: 1000000 | D26: -1000000 | E26: =SUM(C26:D26) -> 0
A27: Sub Total | C27: 1500000 | D27: =SUM(D24:D26) -> -1500000 | E27: =SUM(E24:E26) -> 0 | F27: =SUM(F24:F26) -> 0
B28: Domestic Travel and Subsistence, and Other Transportation Costs
A29: 2210301 | B29: Travel Costs (airlines, bus, railway, mileage allowances, etc.) | C29: 100000 | E29: =SUM(C29:D29) -> 100000 | F29: 500000
A30: 2210302 | B30: Accommodation - Domestic Travel | E30: =SUM(C30:D30) -> 0 | F30: 1000000
A31: 2210303 | B31: Daily Subsistence Allowance | C31: 1000000 | E31: =SUM(C31:D31) -> 1000000 | F31: 1000000
A32: Sub Total | C32: 1100000 | D32: =SUM(D29:D31) -> 0 | E32: =SUM(E29:E31) -> 1100000 | F32: =SUM(F29:F31) -> 2500000
B33: Printing , Advertising and Information Supplies and Services
A34: 2210502 | B34: Publishing and Printing Services | C34: 200000 | E34: =SUM(C34:D34) -> 200000 | F34: 500000
A35: 2210504 | B35: Advertising, Awareness and Publicity Campaigns | C35: 1150000 | E35: =SUM(C35:D35) -> 1150000 | F35: 1000000
A36: Sub Total | C36: 1350000 | D36: =SUM(D34:D35) -> 0 | E36: =SUM(E34:E35) -> 1350000 | F36: =SUM(F34:F35) -> 1500000
B37: Training Expense (including capacity building)
A38: 2210701 | B38: Travel Allowance | C38: 300000 | E38: =SUM(C38:D38) -> 300000 | F38: 300000
A39: 2210702 | B39: Remuneration of Instructors and Contract Based Training Services | C39: 1000000 | E39: =SUM(C39:D39) -> 1000000 | F39: -
A40: 2210703 | B40: Production and Printing of Training Materials | C40: 300000 | E40: =SUM(C40:D40) -> 300000 | F40: -
A41: 2210704 | B41: Hire of Training Facilities and Equipment | C41: 500000 | E41: =SUM(C41:D41) -> 500000 | F41: -
A42: 2210710 | B42: Accommodation Allowance | C42: 200000 | E42: =SUM(C42:D42) -> 200000 | F42: 700000
A43: 2210711 | B43: Tuition Fees Allowance | C43: 1000000 | E43: =SUM(C43:D43) -> 1000000 | F43: 1000000
A44: Sub Total | C44: 3300000 | D44: =SUM(D38:D43) -> 0 | E44: =SUM(E38:E43) -> 3300000 | F44: =SUM(F38:F43) -> 2000000
B45: Hospitality Supplies and Services
A46: 2210801 | B46: Catering Services (receptions), Accommodation, Gifts, Food and Drinks | C46: 400000 | E46: =SUM(C46:D46) -> 400000 | F46: 516382
A47: 2210802 | B47: Boards, Committees, Conferences and Seminars | C47: 5300000 | E47: =SUM(C47:D47) -> 5300000 | F47: 500000
A48: Sub Total | C48: 5700000 | D48: =SUM(D46:D47) -> 0 | E48: =SUM(E46:E47) -> 5700000 | F48: =SUM(F46:F47) -> 1016382
B49: Office and General Supplies and Services
A50: 2211101 | B50: General Office Supplies (papers, pencils, forms, small office equipment etc) | C50: 300000 | E50: =SUM(C50:D50) -> 300000 | F50: 1000000
A51: 2211102 | B51: Supplies and Accessories for Computers and Printers | C51: 100000 | E51: =SUM(C51:D51) -> 100000 | F51: 100000
A52: 2211103 | B52: Sanitary and Cleaning Materials, Supplies and Services | C52: 100000 | E52: =SUM(C52:D52) -> 100000 | F52: 100000
A53: Sub Total | C53: 500000 | D53: =SUM(D50:D52) -> 0 | E53: =SUM(E50:E52) -> 500000 | F53: =SUM(F50:F52) -> 1200000
B54: Fuel Oil and Lubricants
A55: 2211201 | B55: Refined Fuels and Lubricants for Transport | C55: 1500000 | E55: =SUM(C55:D55) -> 1500000 | F55: 3000000
A56: Sub Total | C56: 1500000 | D56: =SUM(D55) -> 0 | E56: =SUM(E55) -> 1500000 | F56: =SUM(F55) -> 3000000
B57: Other Operating Expenses
A58: 2220101 | B58: Maintenance Expenses-Motor vehicles and Cycles | C58: 1000000 | E58: =SUM(C58:D58) -> 1000000 | F58: 1000000
A59: 3111002 | B59: Purchase of Computers and ICT Equipment | C59: 1000000 | D59: -1000000 | E59: =SUM(C59:D59) -> 0 | F59: 1500000
A60: 2211311 | B60: Contracted Professional Services | C60: 7000000 | D60: -5000000 | E60: =SUM(C60:D60) -> 2000000 | F60: -
A61: 3111117 | B61: Purchase of noise meter | C61: 2500000 | E61: =SUM(C61:D61) -> 2500000 | F61: -
A62: 2211029 | B62: Purchase of safety gear | C62: 2000000 | E62: =SUM(C62:D62) -> 2000000 | F62: -
A63: 2211308 | B63: Legal Dues/Fees,Arbitration and Compesation Payments | C63: 1000000 | E63: =SUM(C63:D63) -> 1000000 | F63: 1000000
A64: 2210505 | B64: Trade Shows and Exhibitions (World water day celebrations Nile day) | C64: 7480000 | E64: =SUM(C64:D64) -> 7480000 | F64: 2000000
B65: Draft and validation of policy on excavation and mining | F65: 2000000
B66: Tree nursery | F66: 4000000
B67: International day of forests | F67: 2000000
B68: Energy Policy and regulations | F68: 2000000
B69: Kisii County Energy Plan 2023-2033 Developed | F69: 2000000
B70: Membership Fees, Dues and Subscriptions to Professional and Trade Bodies | C70: 1000000 | E70: =SUM(C70:D70) -> 1000000 | F70: 200000
A71: Sub Total | C71: 23980000 | D71: =SUM(D58:D70) -> -6000000 | E71: =SUM(E58:E70) -> 16980000 | F71: =SUM(F58:F70) -> 17700000
B72: DRILLING RIG OPERATING EXPENSES
A73: 2210310 | B73: Field Operational Allowances | C73: 1400000 | E73: =SUM(C73:D73) -> 1400000 | F73: 800000
A74: 2211201 | B74: Refined Fuels and Lubricants for Transport | C74: 3400000 | E74: =SUM(C74:D74) -> 3400000 | F74: 3400000
A75: 2220213 | B75: Maintenance of Civil Works Equipment | C75: 6000000 | E75: =SUM(C75:D75) -> 6000000 | F75: 6000000
A76: 3111120 | B76: Purchase of water detector | C76: 1495000 | E76: =SUM(C76:D76) -> 1495000 | F76: -
A77: Sub Total | C77: 12295000 | D77: =SUM(D73:D76) -> 0 | E77: =SUM(E73:E76) -> 12295000 | F77: =SUM(F73:F76) -> 10200000
B78: Routine Maintenance - Other Assets
A79: 2210603 | B79: Rents and Rates - Non-Residential | C79: 500000 | E79: =SUM(C79:D79) -> 500000
A80: 2220205 | B80: Maintenance of Buildings and Stations -- Non-Residential | E80: =SUM(C80:D80) -> 0
A81: 2220206 | B81: Maintenance of Civil Works | C81: 2500000 | E81: =SUM(C81:D81) -> 2500000 | F81: 2500000
A82: Sub Total | C82: 3000000 | D82: =SUM(D79:D81) -> 0 | E82: =SUM(E79:E81) -> 3000000 | F82: =SUM(F79:F81) -> 2500000
B83: Total Operations and Maintenance ( Water, Energy &Environment) | C83: =SUM(C82,C77,C71,C56,C53,C48,C44, ,C36,C32,C27,C22,C18) -> 57495000 | D83: =SUM(D82,D77,D71,D56,D53,D48,D44,D36,D32,D27,D22,D18) -> 2500000 | E83: =SUM(C83:D83) -> 59995000 | F83: =SUM(F82,F77,F71,F56,F53,F48,F44,F36,F32,F27,F22,F18, ) -> 43166382
B84: CLIMATE CHANGE DIRECTORATE
B85: Office and General Supplies and Services
B86: Communication, Supplies and Services
B87: Telephone, Telex, Facsimile and Mobile Phone Services | C87: 0 | D87: 10000 | E87: 0 | F87: 10000
B88: Courier and Postal Services | C88: 0 | D88: 10000 | E88: 0 | F88: 10000
A89: Sub Total | C89: 0 | D89: 20000 | E89: 0 | F89: =SUM(F87:F88) -> 20000
B90: Domestic Travel and Subsistence, and Other Transportation Costs
B91: Travel costs | C91: 0 | D91: 300000 | E91: 0 | F91: 300000
B92: Daily subsistence allowance | C92: 0 | D92: 1200000 | E92: 0 | F92: 1200000
A93: Sub Total | C93: 0 | D93: 1500000 | E93: 0 | F93: =SUM(F91:F92) -> 1500000
B94: Boards and committees’ remuneration
B95: Boards committees, conferences and seminars | C95: 0 | D95: 5400000 | E95: 0 | F95: 5400000
A96: Sub Total | C96: 0 | D96: 5400000 | E96: 0 | F96: =SUM(F95) -> 5400000
B97: OTHER OPERATING EXPENSES
B98: Membership Fees, Dues and Subscriptions to Professional and Trade Bodies | C98: 0 | D98: 100000 | E98: 0 | F98: 100000
A99: Sub Total | C99: 0 | D99: 100000 | F99: =SUM(F98:F98) -> 100000
A100: Total operations Climate Change | C100: 3000000 | D100: =SUM(#REF!) -> #REF! | E100: =SUM(E94:E96) -> 0 | F100: =SUM(,F89,F93,F96,F99) -> 7020000
...

Sheet LIVESTOCK & VET
A1: FISHERIES, LIVESTOCK AND VETERINARY SERVICES
A2: CHART OF ACCOUNTS -RECURRENT | C2: APPROVED BUDGET 2023/2024 | D2: Adjustments | E2: APPROVED REVISED BUDGET 2023/2024 | F2: PROPOSED BUDGET 2024/2025
A3: 10801 | B3: General Administration, Planning and Support Services
A4: 2100000 | B4: Compensation of Employees
B5: Basic Salaries - Permanent Employees
A6: 2110101 | B6: Basic Salaries | C6: 70650000 | E6: =SUM(C6:D6) -> 70650000 | F6: =SUM(D6:E6) -> 70650000
A7: Sub Total | C7: 70650000 | D7: =SUM(D6) -> 0 | E7: =SUM(E6) -> 70650000 | F7: =SUM(F6) -> 70650000
B8: Personal Allowance Paid as Part of Salary
A9: 2110301 | B9: House Allowance | C9: 16200000 | E9: =SUM(C9:D9) -> 16200000 | F9: =SUM(D9:E9) -> 16200000
A10: 2110303 | B10: Acting Allowance | C10: 7984712 | E10: =SUM(C10:D10) -> 7984712 | F10: =SUM(D10:E10) -> 7984712
A11: 2110314 | B11: Transport Allowance | C11: 5062068 | E11: =SUM(C11:D11) -> 5062068 | F11: =SUM(D11:E11) -> 5062068
A12: 2110320 | B12: Leave Allowance | C12: 443068 | E12: =SUM(C12:D12) -> 443068 | F12: =SUM(D12:E12) -> 443068
A13: 2110322 | B13: Risk Allowance | C13: 684720 | E13: =SUM(C13:D13) -> 684720 | F13: =SUM(D13:E13) -> 684720
A14: Sub Total | C14: 30374568 | D14: =SUM(D9:D13) -> 0 | E14: =SUM(E9:E13) -> 30374568 | F14: =SUM(F9:F13) -> 30374568
A15: Total Salaries and Wages | C15: 101024568 | D15: =SUM(D14,D7) -> 0 | E15: =SUM(E14,E7) -> 101024568 | F15: =SUM(F14,F7) -> 101024568
A16: 2200000 | B16: Use of Goods and Services
B17: Utilities Supplies and Services
A18: 2210101 | B18: Electricity | C18: 1000000 | E18: =SUM(C18:D18) -> 1000000 | F18: 1000000
A19: 2210102 | B19: Water and sewerage charges | C19: 500000 | E19: =SUM(C19:D19) -> 500000 | F19: 500000
A20: Sub Total | C20: 1500000 | D20: =SUM(D18:D19) -> 0 | E20: =SUM(E18:E19) -> 1500000 | F20: =SUM(F18:F19) -> 1500000
B21: Communication, Supplies and Services
A22: 2210201 | B22: Telephone, Telex, Facsmile and Mobile Phone Services | E22: =SUM(C22:D22) -> 0
A23: 2210203 | B23: Courier and Postal Services | C23: 50000 | E23: =SUM(C23:D23) -> 50000 | F23: 50000
A24: Sub Total | C24: 50000 | D24: =SUM(D22:D23) -> 0 | E24: =SUM(E22:E23) -> 50000 | F24: =SUM(F22:F23) -> 50000
B25: Domestic Travel and Subsistence, and Other Transportation Costs
A26: 2210301 | B26: Travel Costs (airlines, bus, railway, mileage allowances, etc.) | C26: 250000 | E26: =SUM(C26:D26) -> 250000
A27: 2210302 | B27: Accommodation - Domestic Travel | E27: =SUM(C27:D27) -> 0
A28: 2210303 | B28: Daily Subsistence Allowance | C28: 1000000 | E28: =SUM(C28:D28) -> 1000000 | F28: 500000
A29: Sub Total | C29: 1250000 | D29: =SUM(D26:D28) -> 0 | E29: =SUM(E26:E28) -> 1250000 | F29: =SUM(F26:F28) -> 500000
B30: Foreign Travel and Subsistence, and other transportation costs
A31: 2210401 | B31: Travel Costs (airlines, bus, railway, etc.) | C31: 1000000 | D31: -1000000 | E31: =SUM(C31:D31) -> 0
A32: 2210402 | B32: Accommodation | E32: =SUM(C32:D32) -> 0
A33: 2210403 | B33: Daily Subsistence Allowance | C33: 800000 | D33: -800000 | E33: =SUM(C33:D33) -> 0
A34: Sub Total | C34: 1800000 | D34: =SUM(D31:D33) -> -1800000 | E34: =SUM(E31:E33) -> 0 | F34: =SUM(F31:F33) -> 0
A35: 2210505 | B35: Trade Shows and Exhibitions (Agriculutral show)
A36: 2211306 | B36: Annual subscription | C36: 60000 | E36: =SUM(C36:D36) -> 60000
B37: Show enrty | C37: 100000 | E37: =SUM(C37:D37) -> 100000
A38: 2210309 | B38: Show Field operation | C38: 220000 | E38: =SUM(C38:D38) -> 220000
B39: Show Renovations | C39: 100000 | E39: =SUM(C39:D39) -> 100000
A40: 2210102 | B40: Water and sewerage charges | C40: 10000 | E40: =SUM(C40:D40) -> 10000
A41: 2210101 | B41: Electricity | C41: 10000 | E41: =SUM(C41:D41) -> 10000
A42: 2210505 | B42: Regional Agricultural Exhibition | C42: 8000000 | D42: -6800000 | E42: =SUM(C42:D42) -> 1200000 | F42: 2406497
A43: Sub Total | C43: 8500000 | D43: =SUM(D36:D42) -> -6800000 | E43: =SUM(E36:E42) -> 1700000 | F43: =SUM(F36:F42) -> 2406497
B44: Printing , Advertising and Information Supplies and Services
A45: 2210502 | B45: Publishing and Printing Services | C45: 100000 | E45: =SUM(C45:D45) -> 100000 | F45: 100000
A46: 2210503 | B46: Subscriptions to Newspapers, Magazines and Periodicals | C46: 0 | E46: =SUM(C46:D46) -> 0
A47: 2210504 | B47: Advertising, Awareness and Publicity Campaigns | C47: 500000 | D47: -250000 | E47: =SUM(C47:D47) -> 250000 | F47: 250000
A48: Sub Total | C48: 600000 | D48: =SUM(D45:D47) -> -250000 | E48: =SUM(E45:E47) -> 350000 | F48: =SUM(F45:F47) -> 350000
B49: Training Expense (including capacity building)
A50: 2210711 | B50: Tuition Fees | C50: 200000 | E50: =SUM(C50:D50) -> 200000 | F50: 100000
A51: 2210701 | B51: Travel Allowance | C51: 150000 | E51: =SUM(C51:D51) -> 150000
A52: 2210710 | B52: Accommodation Allowance | C52: 0 | E52: =SUM(C52:D52) -> 0
A53: 2211306 | B53: Membership subscriptions | C53: 200000 | E53: =SUM(C53:D53) -> 200000 | F53: 100000
A54: Sub Total | C54: 550000 | D54: =SUM(D50:D53) -> 0 | E54: =SUM(E50:E53) -> 550000 | F54: =SUM(F50:F53) -> 200000
B55: Hospitality Supplies and Services
A56: 2210801 | B56: Catering Services (receptions), Accommodation, Gifts, Food and Drinks | C56: 1000000 | D56: -500000 | E56: =SUM(C56:D56) -> 500000 | F56: 500000
A57: 2210802 | B57: Boards, Committees, Conferences and Seminars | C57: 1000000 | D57: -500000 | E57: =SUM(C57:D57) -> 500000 | F57: 500000
A58: Sub Total | C58: 2000000 | D58: =SUM(D56:D57) -> -1000000 | E58: =SUM(E56:E57) -> 1000000 | F58: =SUM(F56:F57) -> 1000000
B59: Specialised Materials and Supplies
A60: 2211003 | B60: Veterinarian Supplies and Materials | C60: 400000 | E60: =SUM(C60:D60) -> 400000
A61: 2211016 | B61: Purchase of Uniforms and Clothing - Staff | C61: 400000 | E61: =SUM(C61:D61) -> 400000
A62: 2211029 | B62: Purchase of Safety Gear | C62: 400000 | E62: =SUM(C62:D62) -> 400000
A63: 2211008 | B63: Laboratory Materials, Supplies and Small Equipment | C63: 300000 | E63: =SUM(C63:D63) -> 300000
A64: Sub Total | C64: 1500000 | D64: =SUM(D60:D63) -> 0 | E64: =SUM(E60:E63) -> 1500000 | F64: =SUM(F60:F63) -> 0
B65: Office and General Supplies and Services
A66: 2211101 | B66: General Office Supplies (papers, pencils, forms, small office equipment etc) | C66: 1000000 | E66: =SUM(C66:D66) -> 1000000 | F66: 1500000
A67: 2211103 | B67: Sanitary and Cleaning Materials, Supplies and Services | C67: 800000 | E67: =SUM(C67:D67) -> 800000 | F67: 500000
A68: Sub Total | C68: 1800000 | D68: =SUM(D66:D67) -> 0 | E68: =SUM(E66:E67) -> 1800000 | F68: =SUM(F66:F67) -> 2000000
B69: Fuel Oil and Lubricants
A70: 2211201 | B70: Refined Fuels and Lubricants for Transport | C70: 1000000 | E70: =SUM(C70:D70) -> 1000000 | F70: 1400000
A71: Sub Total | C71: 1000000 | D71: =SUM(D70) -> 0 | E71: =SUM(E70) -> 1000000 | F71: =SUM(F70) -> 1400000
B72: Other Operating Expenses | E72: =SUM(C72:D72) -> 0
A73: 3111001 | B73: Purchase of office furniture | E73: =SUM(C73:D73) -> 0
A74: 3111002 | B74: Purchase of computers and ICT equipment | E74: =SUM(C74:D74) -> 0
A75: 2211305 | B75: Contracted Guards and Cleaning Services | E75: =SUM(C75:D75) -> 0
A76: 3110302 | B76: Refurbishment of buildings-Non residential | E76: =SUM(C76:D76) -> 0
A77: 2211310 | B77: Contracted Professional Services | E77: =SUM(C77:D77) -> 0
A78: 2211311 | B78: Contracted Technical Services (Survey and registration of agricultural lands) | C78: 0 | E78: =SUM(C78:D78) -> 0
A79: Sub Total | C79: 0 | E79: =SUM(C79:D79) -> 0
B80: Routine Maintenance - Vehicles and Other Transport Equipment
A81: 2220101 | B81: Maintenance Expenses - Motor Vehicles and cycles | C81: 500000 | E81: =SUM(C81:D81) -> 500000 | F81: 1000000
A82: Sub Total | C82: 500000 | D82: =SUM(D81) -> 0 | E82: =SUM(E81) -> 500000 | F82: =SUM(F81) -> 1000000
B83: Routine Maintenance - Other Assets
A84: 2220205 | B84: Maintenance of Buildings and Stations -- Non-Residential
A85: 2220206 | B85: Maintenance of Civil Works
A86: Sub Total | C86: 0 | D86: =SUM(D84:D85) -> 0 | E86: =SUM(E84:E85) -> 0 | F86: =SUM(F84:F85) -> 0
B87: Total O&M for General Administration, Planning and Support Services | C87: 21050000 | D87: =SUM(D86,D82,D79,D71,D68,D64,D58,D54,D48,D43,D34,D29,D24,D20, ) -> -9850000 | E87: =SUM(E86,E82,E79,E71,E68,E64,E58,E54,E48,E43,E34,E29,E24,E20, ) -> 11200000 | F87: =SUM(F86,F82,F79,F71,F68,F64,F58,F54,F48,F43,F34,F29,F24,F20, ) -> 10406497
A88: Total Expenditure for General Administration, Planning and Support Services | C88: 122074568 | D88: =SUM(D87,D15) -> -9850000 | E88: =SUM(E87,E15) -> 112224568 | F88: =SUM(F87,F15) -> 111431065
A89: 10802 | B89: Veterinary Services
A90: 2210101 | B90: Electricity | C90: 0 | E90: =SUM(C90:D90) -> 0
A91: 2210102 | B91: Water and sewarege charges | C91: 0 | E91: =SUM(C91:D91) -> 0
A92: 2210203 | B92: Courier and Postal Services | C92: 20000 | E92: =SUM(C92:D92) -> 20000
A93: 2210303 | B93: Domestic Travel and Subsistence, and Other Transportation Costs | C93: 200000 | E93: =SUM(C93:D93) -> 200000
A94: 2210310 | B94: field operations | C94: 200000 | E94: =SUM(C94:D94) -> 200000
A95: 2211201 | B95: Fuel Oil and Lubricants | C95: 1000000 | E95: =SUM(C95:D95) -> 1000000
A96: 2211008 | B96: Laboratory Materials, Supplies and Small Equipment | C96: 2000000 | E96: =SUM(C96:D96) -> 2000000
A97: 2210502 | B97: Publishing and Printing Services | C97: 100000 | E97: =SUM(C97:D97) -> 100000
A98: 2211003 | B98: Veterinarian Supplies and Materials | C98: 380000 | E98: =SUM(C98:D98) -> 380000
A99: 2211023 | B99: Supplies for Production | C99: 300000 | E99: =SUM(C99:D99) -> 300000
A100: 2211310 | B100: Contracted Professional Services | C100: 500000 | E100: =SUM(C100:D100) -> 500000
...

Sheet ENERGY 1
B2: Code | C2: Programme | D2: Budget Estimates(KShs) | E2: Projected Estimates (KShs)
D3: 2023/2024 | E3: 2024/2025 | F3: 2025/2026
B4: 10601 | C4: General Administration, Planning and Support Services | D4: =D13 -> 0 | E4: =SUM(1.04*D4) -> 0 | F4: =E4*1.04 -> 0
B5: 10602 | C5: Energy Services | D5: =D16 -> 0 | E5: =SUM(1.04*D5) -> 0 | F5: =E5*1.04 -> 0
B6: 10603 | C6: =C19 -> Environment Management | D6: =D19 -> #REF! | E6: =SUM(1.04*D6) -> #REF! | F6: =E6*1.04 -> #REF!
B7: 10604 | C7: Water Services and Sanitation | D7: =D22 -> #REF! | E7: =SUM(1.04*D7) -> #REF! | F7: =E7*1.04 -> #REF!
B8: Total | D8: =SUM(D4:D7) -> #REF! | E8: =SUM(E4:E7) -> #REF! | F8: =SUM(F4:F7) -> #REF!
B11: Code | C11: Programme | D11: Approved Budget Estimates (KShs) | E11: Projected Estimates (KShs)
D12: 2023/2024 | E12: 2024/2025 | F12: 2025/2026
B13: 10601 | C13: General Administration, Planning and Support Services | D13: =D14+D15 -> 0 | E13: =D13*1.04 -> 0 | F13: =E13*1.04 -> 0
C14: Recurrent Expenditure | D14: ='ENVIRONMENT '!C30 -> 0 | E14: =D14*1.04 -> 0 | F14: =E14*1.04 -> 0
C15: Development Expenditure | D15: 0 | E15: =D15*1.04 -> 0 | F15: =E15*1.04 -> 0
B16: 10602 | C16: Energy Services | D16: =D17+D18 -> 0 | E16: =D16*1.04 -> 0 | F16: =E16*1.04 -> 0
C17: Recurrent Expenditure | D17: ='ENVIRONMENT '!C39 -> 0 | E17: =D17*1.04 -> 0 | F17: =E17*1.04 -> 0
C18: Development Expenditure | D18: ='ENVIRONMENT '!C42 -> 0 | E18: =D18*1.04 -> 0 | F18: =E18*1.04 -> 0
B19: 10603 | C19: Environment Management | D19: =D20+D21 -> #REF! | E19: =D19*1.04 -> #REF! | F19: =E19*1.04 -> #REF!
C20: Recurrent Expenditure | D20: 0 | E20: =D20*1.04 -> 0 | F20: =E20*1.04 -> 0
C21: Development Expenditure | D21: =#REF! -> #REF! | E21: =D21*1.04 -> #REF! | F21: =E21*1.04 -> #REF!
B22: 10604 | C22: Water Services and Sanitation | D22: =D23+D24 -> #REF! | E22: =D22*1.04 -> #REF! | F22: =E22*1.04 -> #REF!
C23: Recurrent Expenditure | D23: ='WATER, ENERGY, ENVIRONMENT AND '!#REF! -> #REF! | E23: =D23*1.04 -> #REF! | F23: =E23*1.04 -> #REF!
C24: Development Expenditure | D24: ='WATER, ENERGY, ENVIRONMENT AND '!#REF! -> #REF! | E24: =D24*1.04 -> #REF! | F24: =E24*1.04 -> #REF!
B25: Total | D25: =SUM(D22,D16,D13,D19) -> #REF! | E25: =SUM(E22,E16,E13,E19) -> #REF! | F25: =SUM(F22,F16,F13,F19) -> #REF!

Sheet EDUCATION 1
B2: Code | C2: Programme | D2: Budget Estimates(KShs) | E2: Projected Estimates (KShs)
D3: 2023/2024 | E3: 2024/2025 | F3: 2025/2026
B4: 10701 | C4: General Administration, Planning and Support Services | D4: =D12 -> 1035000000 | E4: =D4*1.04 -> 1076400000 | F4: =E4*1.04 -> 1119456000
B5: 10702 | C5: ECDE | D5: =D15 -> 183907511 | E5: =D5*1.04 -> 1.9126381e+08 | F5: =E5*1.04 -> 1.9891436e+08
B6: 10703 | C6: Vocational Training | D6: =D18 -> 52199150 | E6: =D6*1.04 -> 54287116 | F6: =E6*1.04 -> 56458601
B7: Total | D7: =SUM(D4:D6) -> 1271106661 | E7: =SUM(E4:E6) -> 1.3219509e+09 | F7: =SUM(F4:F6) -> 1.374829e+09
B10: Code | C10: Programme | D10: Budget Estimates (KShs) | E10: Projected Estimates (KShs)
D11: 2023/2024 | E11: 2024/2025 | F11: 2025/2026
B12: 10701 | C12: General Administration, Planning and Support Services | D12: =D13+D14 -> 1035000000 | E12: =D12*1.04 -> 1076400000 | F12: =E12*1.04 -> 1119456000
C13: Recurrent Expenditure | D13: =EDUCATION!C93 -> 1035000000 | E13: =D13*1.04 -> 1076400000 | F13: =E13*1.04 -> 1119456000
C14: Development Expenditure | D14: 0 | E14: =D14*1.04 -> 0 | F14: =E14*1.04 -> 0
B15: 10702 | C15: ECDE | D15: =D16+D17 -> 183907511 | E15: =D15*1.04 -> 1.9126381e+08 | F15: =E15*1.04 -> 1.9891436e+08
C16: Recurrent Expenditure | D16: 0 | E16: =D16*1.04 -> 0 | F16: =E16*1.04 -> 0
C17: Development Expenditure | D17: =EDUCATION!C98 -> 183907511 | E17: =D17*1.04 -> 1.9126381e+08 | F17: =E17*1.04 -> 1.9891436e+08
B18: 10703 | C18: Vocational Training | D18: =D19+D20 -> 52199150 | E18: =D18*1.04 -> 54287116 | F18: =E18*1.04 -> 56458601
C19: Recurrent Expenditure | D19: 0 | E19: =D19*1.04 -> 0 | F19: =E19*1.04 -> 0
C20: Development Expenditure | D20: =EDUCATION!C102 -> 52199150 | E20: =D20*1.04 -> 54287116 | F20: =E20*1.04 -> 56458601
B21: Total | D21: =SUM(D18,D15,D12) -> 1271106661 | E21: =SUM(E18,E15,E12) -> 1.3219509e+09 | F21: =SUM(F18,F15,F12) -> 1.374829e+09

Sheet EDUCATION
A1: EDUCATION,TECHNICAL TRAINING & INNOVATION
A2: CHART OF ACCOUNTS -RECURRENT | C2: APPROVED BUDGET 2023/2024 | D2: Adjustments | E2: APPROVED REVISED BUDGET 2023/2024 | F2: PROPOSED BUDGET 2024/2025
A3: 10701 | B3: General Administration, Planning and Support Services
A4: 2100000 | B4: Compensation of Employees
B5: Basic Salaries - Permanent Employees
A6: 2110101 | B6: Basic Salaries | C6: 539200000 | E6: =SUM(C6:D6) -> 539200000 | F6: =SUM(D6:E6) -> 539200000
A7: Sub Total | C7: 539200000 | D7: =SUM(D6) -> 0 | E7: =SUM(E6) -> 539200000 | F7: =SUM(F6) -> 539200000
B8: Personal Allowance Paid as Part of Salary
A9: 2110301 | B9: House Allowance | C9: 75800000 | E9: =SUM(C9:D9) -> 75800000 | F9: 75800000
A10: 2110314 | B10: Transport Allowance | C10: 36000000 | E10: =SUM(C10:D10) -> 36000000 | F10: 36000000
A11: 2110320 | B11: Leave Allowance | C11: 24000000 | E11: =SUM(C11:D11) -> 24000000 | F11: 24000000
A12: Sub Total | C12: 135800000 | D12: =SUM(D9:D11) -> 0 | E12: =SUM(E9:E11) -> 135800000 | F12: =SUM(F9:F11) -> 135800000
A13: Total Salaries and Wages | C13: 675000000 | D13: =SUM(D12,D7) -> 0 | E13: =SUM(E12,E7) -> 675000000 | F13: =SUM(F12,F7) -> 675000000
A14: 2200000 | B14: Use of Goods and Services
B15: Utilities Supplies and Services
A16: 2210101 | B16: Electricity | C16: 200000 | E16: =SUM(C16:D16) -> 200000 | F16: 200000
A17: Sub Total | C17: 200000 | D17: =SUM(D16) -> 0 | E17: =SUM(E16) -> 200000 | F17: =SUM(F16) -> 200000
B18: Communication, Supplies and Services | C18: 0
A19: 2210203 | B19: Courier and Postal Services | C19: 20000 | E19: =SUM(C19:D19) -> 20000 | F19: 20000
A20: 2210201 | B20: Airtime | C20: 30000 | E20: =SUM(C20:D20) -> 30000
A21: Sub Total | C21: 50000 | D21: =SUM(D19:D20) -> 0 | E21: =SUM(E19:E20) -> 50000 | F21: =SUM(F19:F20) -> 20000
B22: Domestic Travel and Subsistence, and Other Transportation Costs
A23: 2210301 | B23: Travel Costs (airlines, bus, railway, mileage allowances, etc.) | C23: 150000 | E23: =SUM(C23:D23) -> 150000 | F23: 100000
A24: 2210303 | B24: Daily Subsistence Allowance | C24: 1000000 | E24: =SUM(C24:D24) -> 1000000 | F24: 200000
A25: 2210310 | B25: Fied Operation Allowance | C25: 1200000 | E25: =SUM(C25:D25) -> 1200000 | F25: 2360000
A26: Sub Total | C26: 2350000 | D26: =SUM(D23:D25) -> 0 | E26: =SUM(E23:E25) -> 2350000 | F26: =SUM(F23:F25) -> 2660000
B27: Foreign Travel and Subsistence, and other transportation costs
A28: 2210401 | B28: Travel Costs (airlines, bus, railway, etc.) | C28: 1000000 | D28: -1000000 | E28: =SUM(C28:D28) -> 0
A29: 2210402 | B29: Accommodation | E29: =SUM(C29:D29) -> 0
A30: 2210403 | B30: Daily Subsistence Allowance | C30: 1000000 | D30: -1000000 | E30: =SUM(C30:D30) -> 0
A31: Sub Total | C31: 2000000 | D31: =SUM(D28:D30) -> -2000000 | E31: =SUM(E28:E30) -> 0 | F31: =SUM(F28:F30) -> 0
B32: Printing , Advertising and Information Supplies and Services
A33: 2210502 | B33: Publishing and Printing Services | C33: 5000000 | E33: =SUM(C33:D33) -> 5000000 | F33: 4000000
A34: 2210503 | B34: Subscriptions to Newspapers, Magazines and Periodicals | C34: 50000 | E34: =SUM(C34:D34) -> 50000
A35: 2210504 | B35: Advertising, Awareness and Publicity Campaigns | C35: 450000 | E35: =SUM(C35:D35) -> 450000
A36: Sub Total | C36: 5500000 | D36: =SUM(D33:D35) -> 0 | E36: =SUM(E33:E35) -> 5500000 | F36: =SUM(F33:F35) -> 4000000
B37: Rentals of Produced Assets | E37: =SUM(C37:D37) -> 0
A38: 2210604 | B38: Hire of Transport | E38: =SUM(C38:D38) -> 0
A39: Sub Total | C39: 0 | E39: =SUM(C39:D39) -> 0
B40: Training Expense (including capacity building)
A41: 2210701 | B41: Travel Allowance | C41: 300000 | E41: =SUM(C41:D41) -> 300000 | F41: 250000
A42: 2210710 | B42: Accommodation Allowance | E42: =SUM(C42:D42) -> 0
A43: 2210715 | B43: Training Allowance | C43: 500000 | E43: =SUM(C43:D43) -> 500000 | F43: 300000
A44: 2210710 | B44: Accommodation Allowance | F44: 200000
A45: 2210702 | B45: Remuneration of Instructors and Contract Based Training Services | C45: 500000 | E45: =SUM(C45:D45) -> 500000 | F45: 200000
A46: 2210703 | B46: Production and Printing of Training Materials | C46: 300000 | E46: =SUM(C46:D46) -> 300000 | F46: 300000
A47: 2210704 | B47: Hire of Training Facilities and Equipment | F47: 100000
A48: 2210704 | B48: Hire of Training Facilities and Equipment | E48: =SUM(C48:D48) -> 0
A49: 2211306 | B49: Membership Fees, Dues and Subscriptions to Professional and Trade Bodies | C49: 200000 | E49: =SUM(C49:D49) -> 200000 | F49: 100000
A50: 2210711 | B50: Tuition Fees Allowance | C50: 500000 | E50: =SUM(C50:D50) -> 500000 | F50: 500000
A51: Sub Total | C51: 2300000 | D51: =SUM(D41:D50) -> 0 | E51: =SUM(E41:E50) -> 2300000 | F51: =SUM(F41:F50) -> 1950000
B52: Hospitality Supplies and Services
A53: 2210801 | B53: Catering Services (receptions), Accommodation, Gifts, Food and Drinks | C53: 100000 | E53: =SUM(C53:D53) -> 100000 | F53: 229200
A54: 2210802 | B54: Boards, Committees, Conferences and Seminars | C54: 500000 | E54: =SUM(C54:D54) -> 500000 | F54: 200000
A55: 2210807 | B55: Prize giving (gifts, certificates and Governors presents) | C55: 1000000 | E55: =SUM(C55:D55) -> 1000000 | F55: 200000
A56: Sub Total | C56: 1600000 | D56: =SUM(D53:D55) -> 0 | E56: =SUM(E53:E55) -> 1600000 | F56: =SUM(F53:F55) -> 629200
B57: Other Operating Expenses | E57: =SUM(C57:D57) -> 0
A58: 2211310 | B58: Contracted Proffessional Services | E58: =SUM(C58:D58) -> 0
A59: Sub Total | C59: 0 | E59: =SUM(C59:D59) -> 0
B60: Other Operating Expenses
A61: 2810205 | B61: Bursary Fund | C61: 245000000 | E61: =SUM(C61:D61) -> 245000000 | F61: 245000000
A62: 3111002 | B62: Purchase of Computers and ICT equipment | C62: 500000 | E62: =SUM(C62:D62) -> 500000 | F62: 500000
A63: 2211309 | B63: Temporary Committees Expenses | C63: 7350000 | E63: =SUM(C63:D63) -> 7350000 | F63: 7350000
A64: Sub Total | C64: 252850000 | D64: =SUM(D61:D63) -> 0 | E64: =SUM(E61:E63) -> 252850000 | F64: =SUM(F61:F63) -> 252850000
B65: Office and General Supplies and Services
A66: 2211101 | B66: General Office Supplies (papers, pencils, forms, small office equipment etc) | C66: 1000000 | E66: =SUM(C66:D66) -> 1000000 | F66: 1500000
A67: 2211102 | B67: Supplies and Accessories for Computers and Printers | C67: 500000 | E67: =SUM(C67:D67) -> 500000 | F67: 200000
A68: 2211103 | B68: Sanitary and Cleaning Materials, Supplies and Services | C68: 200000 | E68: =SUM(C68:D68) -> 200000 | F68: 100000
A69: Sub Total | C69: 1700000 | D69: =SUM(D66:D68) -> 0 | E69: =SUM(E66:E68) -> 1700000 | F69: =SUM(F66:F68) -> 1800000
B70: Fuel Oil and Lubricants
A71: 2211201 | B71: Refined Fuels and Lubricants for Transport | C71: 700000 | E71: =SUM(C71:D71) -> 700000 | F71: 1500000
A72: Sub Total | C72: 700000 | D72: =SUM(D71) -> 0 | E72: =SUM(E71) -> 700000 | F72: =SUM(F71) -> 1500000
B73: Routine Maintenance - Vehicles and Other Transport Equipment
A74: 2220101 | B74: Maintenance Expenses - Motor Vehicles and cycles | C74: 300000 | E74: =SUM(C74:D74) -> 300000 | F74: 1500000
A75: Sub Total | C75: 300000 | D75: =SUM(D74) -> 0 | E75: =SUM(E74) -> 300000 | F75: =SUM(F74) -> 1500000
B76: Routine Maintenance - Other Assets
A77: 2220205 | B77: Maintenance of Buildings and Stations -- Non-Residential | C77: 0 | D77: 1 | E77: 2 | F77: 3
A78: Sub Total | C78: 0 | D78: =SUM(D77) -> 1 | E78: =SUM(E77) -> 2 | F78: =SUM(F77) -> 3
A79: 2211310 | B79: Contracted Proffessional Services (Quality assurance services; Inspection of schools)
A80: Sub Total | C80: 0 | D80: =SUM(D79) -> 0 | E80: =SUM(E79) -> 0 | F80: =SUM(F79) -> 0
B81: Operations & Mantainence General Admin | C81: 269550000 | D81: =D75+D72+D69+D64+D56+D51+D36+D31+D26+D21+D17 -> -2000000 | E81: =E75+E72+E69+E64+E56+E51+E36+E31+E26+E21+E17 -> 267550000 | F81: =F75+F72+F69+F64+F56+F51+F36+F31+F26+F21+F17 -> 267109200
A82: VET ICT CENTRES
B83: Capitation toYouth Polytechnics | C83: 40000000 | E83: =SUM(C83:D83) -> 40000000 | F83: 0
A84: 2210310 | B84: Field operations | E84: =SUM(C84:D84) -> 0
B85: Production units Centres | C85: 2400000 | E85: =SUM(C85:D85) -> 2400000 | F85: 0
A86: 3111109 | B86: Purchase of Educational Aids and Related Equipment (VTC) | C86: 10500000 | D86: 4758729 | E86: =SUM(C86:D86) -> 15258729 | F86: 1700000
A87: 2211102 | B87: Supplies and Accessories for Computers and printers | E87: =SUM(C87:D87) -> 0
B88: Total for Youth Polytechnics | C88: 52900000 | D88: =SUM(D83:D87) -> 4758729 | E88: =SUM(E83:E87) -> 57658729 | F88: =SUM(F83:F87) -> 1700000
B89: ECDE CENTRES
B90: Purchase of ECDE CBC Related Equipments | C90: 10500000 | E90: =SUM(C90:D90) -> 10500000 | F90: 1049923
A91: Sub-Totals | B91: Total for ECDE | C91: 37550000 | D91: =SUM(D90:D90) -> 0 | E91: =SUM(E90:E90) -> 10500000 | F91: =SUM(F90:F90) -> 1049923
B92: Total Operations and Maintenance | C92: 360000000 | D92: =SUM(D91+D88+D81) -> 2758729 | E92: =SUM(E91+E88+E81) -> 335708729 | F92: =SUM(F91+F88+F81) -> 269859123
B93: Total Recurrent Expenditure for EDUCATION,TECHNICAL TRAINING & INNOVATION | C93: 1035000000 | D93: =D92+D13 -> 2758729 | E93: =E92+E13 -> 1010708729 | F93: =F92+F13 -> 944859123
A94: 3100000 | B94: Development Expenditure
A95: 10702 | B95: ECDE
A96: 3110299 | B96: Construction of ECDE Classrooms | C96: 161907511 | E96: ='PROJECTS DETAILS'!F541 -> 113962121
A97: 3110202 | B97: Construction of pit latrines at ECDE centres | C97: 22000000 | E97: ='PROJECTS DETAILS'!F582 -> 15879470
B98: Development Expenditure for ECDE | C98: 183907511 | E98: =SUM(E96:E97) -> 129841591
A99: 10703 | B99: Vocational Training
A100: 3110202 | B100: Construction of Workshops | C100: 47399150 | E100: ='PROJECTS DETAILS'!F599 -> 13366950
...

Sheet MEDICAL
A1: MEDICAL SERVICES, PUBLIC HEALTH AND SANITATION
A2: CHART OF ACCOUNTS -RECURRENT | C2: APPROVED BUDGET 2023/2024 | D2: Adjustments | E2: APPROVED REVISED BUDGET 2023/2024 | F2: PROPOSED BUDGET 2024/2025
A3: 10901 | B3: Medical Services
A4: 1080101 | B4: General Administration, Planning and Support Services
A5: 2100000 | B5: Compensation of Employees
B6: Basic Salaries - Permanent Employees
A7: 2110101 | B7: Basic Salaries | C7: 1549122574 | D7: 220000000 | E7: =SUM(C7:D7) -> 1769122574 | F7: 1789122574
A8: Sub Total | C8: 1549122574 | D8: =SUM(D7) -> 220000000 | E8: =SUM(E7) -> 1769122574 | F8: =SUM(F7) -> 1789122574
B9: Personal Allowance Paid as Part of Salary
A10: 2110301 | B10: House Allowance | C10: 362511686 | E10: =SUM(C10:D10) -> 362511686 | F10: =SUM(D10:E10) -> 362511686
A11: 2110314 | B11: Transport Allowance | C11: 150096532 | E11: =SUM(C11:D11) -> 150096532 | F11: =SUM(D11:E11) -> 150096532
A12: 2110315 | B12: Extraneous Allowance | C12: 435239613 | E12: =SUM(C12:D12) -> 435239613 | F12: =SUM(D12:E12) -> 435239613
A13: 2110318 | B13: Non- Practicing Allowance | C13: 36161478 | E13: =SUM(C13:D13) -> 36161478 | F13: =SUM(D13:E13) -> 36161478
A14: 2110320 | B14: Leave Allowance | C14: 27510021 | E14: =SUM(C14:D14) -> 27510021 | F14: =SUM(D14:E14) -> 27510021
A15: 2110322 | B15: Risk Allowance | C15: 132678657 | E15: =SUM(C15:D15) -> 132678657 | F15: =SUM(D15:E15) -> 132678657
A16: 2211016 | B16: Uniform and Clothing Allowances | C16: 10914750 | E16: =SUM(C16:D16) -> 10914750 | F16: =SUM(D16:E16) -> 10914750
A17: 2110335 | B17: Emergency call allowance | C17: 44968770 | E17: =SUM(C17:D17) -> 44968770 | F17: =SUM(D17:E17) -> 44968770
A18: Sub Total | C18: 1200081507 | D18: =SUM(D10:D17) -> 0 | E18: =SUM(E10:E17) -> 1200081507 | F18: =SUM(F10:F17) -> 1200081507
A19: Total Salaries and Wages | C19: 2749204081 | D19: =SUM(D18,D8) -> 220000000 | E19: =SUM(E18,E8) -> 2969204081 | F19: =SUM(F18,F8) -> 2989204081
A20: 2200000 | B20: Use of Goods and Services
B21: Utilities Supplies and Services
A22: 2210101 | B22: Electricity | C22: 2000000 | E22: =SUM(C22:D22) -> 2000000 | F22: 2000000
A23: 2210102 | B23: Water and sewerage charges | C23: 800000 | E23: =SUM(C23:D23) -> 800000 | F23: 800000
A24: Sub Total | C24: 2800000 | D24: =SUM(D22:D23) -> 0 | E24: =SUM(E22:E23) -> 2800000 | F24: =SUM(F22:F23) -> 2800000
B25: Communication, Supplies and Services | C25: 0 | E25: =SUM(C25:D25) -> 0
A26: 2210201 | B26: Telephone, Telex, Facsmile and Mobile Phone Services | C26: 0 | E26: =SUM(C26:D26) -> 0
A27: Sub Total | C27: 0 | E27: =SUM(C27:D27) -> 0
B28: Domestic Travel and Subsistence, and Other Transportation Costs
A29: 2210301 | B29: Travel Costs (airlines, bus, railway, mileage allowances, etc.) | C29: 200000 | E29: =SUM(C29:D29) -> 200000 | F29: 200000
A30: 2210302 | B30: Accommodation - Domestic Travel | C30: 50000 | E30: =SUM(C30:D30) -> 50000 | F30: 1000000
A31: 2210303 | B31: Daily Subsistence Allowance | C31: 900000 | E31: =SUM(C31:D31) -> 900000 | F31: 1000000
A32: 2210310 | B32: Field operational allowance | C32: 150000 | E32: =SUM(C32:D32) -> 150000 | F32: 150000
A33: Sub Total | C33: 1300000 | D33: =SUM(D29:D32) -> 0 | E33: =SUM(E29:E32) -> 1300000 | F33: =SUM(F29:F32) -> 2350000
B34: Foreign Travel and Subsistence, and other transportation costs
A35: 2210401 | B35: Travel Costs (airlines, bus, railway, etc.) | C35: 740000 | D35: -740000 | E35: =SUM(C35:D35) -> 0 | F35: 1000000
A36: 2210402 | B36: Accommodation | C36: 0 | E36: =SUM(C36:D36) -> 0
A37: 2210403 | B37: Daily Subsistence Allowance | C37: 2200000 | D37: -2200000 | E37: =SUM(C37:D37) -> 0 | F37: 300000
A38: Sub Total | C38: 2940000 | D38: =SUM(D35:D37) -> -2940000 | E38: =SUM(E35:E37) -> 0 | F38: =SUM(F35:F37) -> 1300000
B39: Printing , Advertising and Information Supplies and Services
A40: 2210502 | B40: Publishing and Printing Services | C40: 100000 | E40: =SUM(C40:D40) -> 100000 | F40: 100000
A41: 2210504 | B41: Advertising, Awareness and Publicity Campaigns | C41: 2430321 | E41: =SUM(C41:D41) -> 2430321 | F41: 1128519 | G41: =F41-F114 -> 1128519
A42: Sub Total | C42: 2530321 | D42: =SUM(D40:D41) -> 0 | E42: =SUM(E40:E41) -> 2530321 | F42: =SUM(F40:F41) -> 1228519
B43: Rentals of Produced Assets | E43: =SUM(C43:D43) -> 0
A44: 2210602 | B44: Rents and Rates - Residential | C44: 0 | E44: =SUM(C44:D44) -> 0
A45: Sub Total | C45: 0 | E45: =SUM(C45:D45) -> 0
B46: Hospitality Supplies and Services
A47: 2210802 | B47: Boards, Committees, Conferences and Seminars | C47: 400000 | E47: =SUM(C47:D47) -> 400000 | F47: 500000
A48: Sub Total | C48: 400000 | D48: =SUM(D47) -> 0 | E48: =SUM(E47) -> 400000 | F48: =SUM(F47) -> 500000
B49: Specialised Materials and Supplies
A50: 2211001 | B50: Medical Drugs | C50: 142670000 | D50: 50000000 | E50: =SUM(C50:D50) -> 192670000 | F50: =121211971+19000000 -> 140211971
A51: 2211002 | B51: Dressings and Other Non-Pharmaceutical Medical Items | C51: 7000000 | E51: =SUM(C51:D51) -> 7000000 | F51: =5300000-1000000 -> 4300000
A52: 2211008 | B52: Laboratory Materials, Supplies and Small Equipment | C52: 2500000 | E52: =SUM(C52:D52) -> 2500000 | F52: =2500000-800000 -> 1700000
A53: Sub Total | C53: 152170000 | D53: =SUM(D50:D52) -> 50000000 | E53: =SUM(E50:E52) -> 202170000 | F53: =SUM(F50:F52) -> 146211971
B54: Office and General Supplies and Services
A55: 2211101 | B55: General Office Supplies (papers, pencils, forms, small office equipment etc) | C55: 150000 | E55: =SUM(C55:D55) -> 150000 | F55: 300000
A56: 2211102 | B56: Supplies and Accessories for Computers and Printers | C56: 155000 | E56: =SUM(C56:D56) -> 155000 | F56: 3000000
A57: 2211103 | B57: Sanitary and Cleaning Materials, Supplies and Services | C57: 140000 | E57: =SUM(C57:D57) -> 140000 | F57: 300000
A58: Sub Total | C58: 445000 | D58: =SUM(D55:D57) -> 0 | E58: =SUM(E55:E57) -> 445000 | F58: =SUM(F55:F57) -> 3600000
B59: Fuel Oil and Lubricants
A60: 2211201 | B60: Refined Fuels and Lubricants for Transport | C60: 4000000 | E60: =SUM(C60:D60) -> 4000000 | F60: =SUM(D60:E60) -> 4000000
A61: Sub Total | C61: 4000000 | D61: =SUM(D60) -> 0 | E61: =SUM(E60) -> 4000000 | F61: =SUM(F60) -> 4000000
B62: Other Operating Expenses
A63: 2211303 | B63: Purchase of Office Furniture | C63: 400000 | D63: -400000 | E63: =SUM(C63:D63) -> 0
A64: 2211305 | B64: Contracted Guards and Cleaning Services | C64: 300000 | E64: =SUM(C64:D64) -> 300000 | F64: 300000
A65: 2211311 | B65: Contracted Technical Services | C65: 1000000 | E65: =SUM(C65:D65) -> 1000000 | F65: 500000
A66: 2211308 | B66: Legal Dues/fees, Arbitration and Compensation Payments | C66: 500000 | E66: =SUM(C66:D66) -> 500000 | F66: 200000
A67: Sub Total | C67: 2200000 | D67: =SUM(D63:D66) -> -400000 | E67: =SUM(E63:E66) -> 1800000 | F67: =SUM(F63:F66) -> 1000000
A68: AMBULANCE SERVICES
A69: 2211101 | B69: General Office Supplies (papers, pencils, forms, small office equipment etc) | C69: 0 | E69: =SUM(C69:D69) -> 0
A70: 2210904 | B70: Motor Vehicle Insurance | C70: 3870000 | E70: =SUM(C70:D70) -> 3870000 | F70: 3870000
A71: 2211103 | B71: Sanitary and Cleaning Materials, Supplies and Services | C71: 0 | E71: =SUM(C71:D71) -> 0 | F71: 0
A72: 2220101 | B72: Maintenance Expenses - Motor Vehicles and cycles | C72: 3100000 | E72: =SUM(C72:D72) -> 3100000 | F72: 3100000
A73: 2211201 | B73: Refined Fuels and Lubricants for Transport | C73: 5000000 | E73: =SUM(C73:D73) -> 5000000 | F73: 5000000
A74: Sub Total | C74: 11970000 | D74: =SUM(D69:D73) -> 0 | E74: =SUM(E69:E73) -> 11970000 | F74: =SUM(F69:F73) -> 11970000
A75: KISII CANCER CENTER
A76: 2210201 | B76: Telephone, Telex, Facsmile and Mobile Phone Services | C76: 5000 | E76: =SUM(C76:D76) -> 5000 | F76: 5000
A77: 2211101 | B77: General Office Supplies (papers, pencils, forms, small office equipment etc) | C77: 5000 | E77: =SUM(C77:D77) -> 5000 | F77: 5000
A78: 2211103 | B78: Sanitary and Cleaning Materials, Supplies and Services | C78: 5000 | E78: =SUM(C78:D78) -> 5000 | F78: 5000
A79: 2210301 | B79: Travel Costs (airlines, bus, railway, mileage allowances, etc.) | C79: 30000 | E79: =SUM(C79:D79) -> 30000 | F79: 30000
A80: 2210302 | B80: Accommodation - Domestic Travel | C80: 0 | E80: =SUM(C80:D80) -> 0 | F80: 0
A81: 2210303 | B81: Daily Subsistence Allowance | C81: 150000 | E81: =SUM(C81:D81) -> 150000 | F81: 100000
A82: Sub Total | C82: 195000 | D82: =SUM(D76:D81) -> 0 | E82: =SUM(E76:E81) -> 195000 | F82: =SUM(F76:F81) -> 145000
A83: 2640503 | B83: NHIF for Indegents | C83: 24776596 | E83: =SUM(C83:D83) -> 24776596 | F83: 15000000
A84: Sub Total | C84: 24776596 | D84: =SUM(D83) -> 0 | E84: =SUM(E83) -> 24776596 | F84: =SUM(F83) -> 15000000
B85: Conditional Grants
A86: 2630203 | B86: Health systems for universal care | C86: 4500000 | E86: =SUM(C86:D86) -> 4500000 | F86: 0
A87: 2630203 | B87: COVID -19 GRANT | E87: =SUM(C87:D87) -> 0
A88: 2630203 | B88: DANIDA | C88: 14206500 | D88: 15267375 | E88: =SUM(C88:D88) -> 29473875 | F88: 11922500
A89: 2640503 | B89: DANIDA (County Co-Funding) | C89: 2750000 | D89: 8320000 | E89: =SUM(C89:D89) -> 11070000 | F89: 2980600
A90: Sub Total | C90: 21456500 | D90: =SUM(D86:D89) -> 23587375 | E90: =SUM(E86:E89) -> 45043875 | F90: =SUM(F86:F89) -> 14903100
B91: Routine Maintenance - Vehicles and Other Transport Equipment
A92: 2220101 | B92: Maintenance Expenses - Motor Vehicles and cycles | C92: 500000 | E92: =SUM(C92:D92) -> 500000 | F92: 1000000
A93: Sub Total | C93: 500000 | D93: =SUM(D92) -> 0 | E93: =SUM(E92) -> 500000 | F93: =SUM(F92) -> 1000000
B94: Routine Maintenance - Other Assets
A95: 2220203 | B95: Maintenance of Medical and Dental Equipment | C95: 1000000 | E95: =SUM(C95:D95) -> 1000000 | F95: 2800000
A96: 2220205 | B96: Maintenance of Buildings and Stations -- Non-Residential | C96: 2950000 | E96: =SUM(C96:D96) -> 2950000 | F96: 2950000
A97: 2220206 | B97: Maintenance of Civil Works | C97: 300000 | E97: =SUM(C97:D97) -> 300000 | F97: 300000
A98: Sub Total | C98: 4250000 | D98: =SUM(D95:D97) -> 0 | E98: =SUM(E95:E97) -> 4250000 | F98: =SUM(F95:F97) -> 6050000
B99: Total Operations and Maintenance | C99: 231933417 | D99: =SUM(D98,D93,D90,D84,D82,D74,D67,D61,D58,D53,D48,D42,D38,D33,D24, ) -> 70247375 | E99: =SUM(E98,E93,E90,E84,E82,E74,E67,E61,E58,E53,E48,E42,E38,E33,E24, ) -> 302180792 | F99: =SUM(F98,F93,F90,F84,F82,F74,F67,F61,F58,F53,F48,F42,F38,F33,F24 ) -> 212058590
B100: Total Recurrent Expenditure | C100: 2981137498 | D100: =SUM(D99,D19) -> 290247375 | E100: =SUM(E99,E19) -> 3271384873 | F100: =SUM(F99,F19) -> 3201262671
...

Sheet PUBLIC HEALTH
A1: PUBLIC HEALTH AND PREVENTIVE SERVICES
A2: CHART OF ACCOUNTS -RECURRENT | C2: APPROVED BUDGET 2023/2024 | D2: Adjustments | E2: APPROVED REVISED BUDGET 2023/2024 | F2: PROPOSED BUDGET 2024/2025
A3: 10902 | B3: Public Health Services
A4: 2100000 | B4: Compensation of Employees
B5: Basic Salaries - Permanent Employees
A6: 2110101 | B6: Basic Salaries
A7: Sub Total | C7: 0 | E7: 0
B8: Personal Allowance Paid as Part of Salary
A9: 2110301 | B9: House Allowance
A10: 2110301 | B10: Top up Allowance
A11: 2110314 | B11: Transport Allowance
A12: 2110315 | B12: Extraneous Allowance
A13: 2110318 | B13: Non- Practicing Allowance
A14: 2110320 | B14: Leave Allowance
A15: 2110322 | B15: Risk Allowance
A16: 2211016 | B16: Uniform and Clothing Allowances
A17: 2110335 | B17: Emergency call allowance
A18: Sub Total | C18: 0 | E18: 0
A19: Total Salaries and Wages | C19: 0 | E19: 0
A20: 2200000 | B20: Use of Goods and Services
B21: Utilities Supplies and Services
A22: 2210101 | B22: Electricity
A23: Sub Total | C23: 0 | E23: 0
B24: Communication, Supplies and Services
A25: 2210201 | B25: Telephone, Telex, Facsmile and Mobile Phone Services | C25: 30000 | E25: =SUM(C25:D25) -> 30000 | F25: 50000
A26: 2210203 | B26: Courier and Postal Services | C26: 0 | E26: =SUM(C26:D26) -> 0
A27: Sub Total | C27: 30000 | D27: =SUM(D25:D26) -> 0 | E27: =SUM(E25:E26) -> 30000 | F27: =SUM(F25:F26) -> 50000
B28: Domestic Travel and Subsistence, and Other Transportation Costs
A29: 2210301 | B29: Travel Costs (airlines, bus, railway, mileage allowances, etc.) | C29: 100000 | E29: =SUM(C29:D29) -> 100000 | F29: 100000
A30: 2210302 | B30: Accommodation - Domestic Travel | C30: 0 | E30: =SUM(C30:D30) -> 0 | F30: 0
A31: 2210303 | B31: Daily Subsistence Allowance | C31: 450000 | E31: =SUM(C31:D31) -> 450000 | F31: 450000
A32: Sub Total | C32: 550000 | D32: =SUM(D29:D31) -> 0 | E32: =SUM(E29:E31) -> 550000 | F32: =SUM(F29:F31) -> 550000
B33: Printing , Advertising and Information Supplies and Services
A34: 2210502 | B34: Publishing and Printing Services | C34: 50000 | E34: =SUM(C34:D34) -> 50000 | F34: 50000
A35: 2210504 | B35: Advertising, Awareness and Publicity Campaigns | C35: 100000 | E35: =SUM(C35:D35) -> 100000 | F35: 100000
A36: Sub Total | C36: 150000 | D36: =SUM(D34:D35) -> 0 | E36: =SUM(E34:E35) -> 150000 | F36: =SUM(F34:F35) -> 150000
B37: Training Expense (including capacity building) | C37: 0 | E37: =SUM(C37:D37) -> 0
A38: 2210701 | B38: Travel Allowance | C38: 0 | E38: =SUM(C38:D38) -> 0
A39: 2210710 | B39: Accommodation Allowance | C39: 0 | E39: =SUM(C39:D39) -> 0
A40: 2210799 | B40: Training Expense (including capacity building) | C40: 0 | E40: =SUM(C40:D40) -> 0
A41: Sub Total | C41: 0 | E41: =SUM(C41:D41) -> 0
B42: Specialised Materials and Supplies
A43: 2211026 | B43: Purchase of Vaccines and Sera | C43: 550000 | E43: =SUM(C43:D43) -> 550000 | F43: 550000
A44: Sub Total | C44: 550000 | D44: =SUM(D43) -> 0 | E44: =SUM(E43) -> 550000 | F44: =SUM(F43) -> 550000
B45: Fuel Oil and Lubricants | C45: 0 | E45: =SUM(C45:D45) -> 0
A46: 2211201 | B46: Refined Fuels and Lubricants for Transport | C46: 0 | E46: =SUM(C46:D46) -> 0
A47: Sub Total | C47: 0 | E47: =SUM(C47:D47) -> 0
B48: Other Operating Expenses
B49: Community Health Promoters Project
A50: 2210310 | B50: Field operational allowance | C50: 20000000 | D50: 30000000 | E50: =SUM(C50:D50) -> 50000000 | F50: 69096481
B51: Purchase of uniforms for community Volunteers | E51: =SUM(C51:D51) -> 0
B52: Malaria Program
A53: 2210504 | B53: Advertising, Awareness and Publicity Campaigns | E53: =SUM(C53:D53) -> 0
A54: 2210303 | B54: Daily Subsistence Allowance | C54: 200000 | E54: =SUM(C54:D54) -> 200000 | F54: 200000
B55: Infection Prevention & Control & COVID 19 Interventions
A56: 2211031 | B56: Purchase of PPEs & covid 19 supplies | C56: 100000 | E56: =SUM(C56:D56) -> 100000 | F56: 100000
A57: 2210303 | B57: Daily Subsistence Allowance | E57: =SUM(C57:D57) -> 0 | F57: 0
A58: 2210504 | B58: Advertising, Awareness and Publicity Campaigns | E58: =SUM(C58:D58) -> 0 | F58: 0
B59: Family Planning
A60: 2210504 | B60: Advertising, Awareness and Publicity Campaigns | C60: 300000 | E60: =SUM(C60:D60) -> 300000 | F60: 300000
A61: 2211031 | B61: Purchase of FP Commodities & emergency contraceptions | C61: 500000 | E61: =SUM(C61:D61) -> 500000 | F61: 500000
B62: Immunization
A63: 2210504 | B63: Advertising, Awareness and Publicity Campaigns | C63: 300000 | E63: =SUM(C63:D63) -> 300000 | F63: 300000
B64: HIV/TB Program
A65: 2210303 | B65: Daily Subsistence Allowance | C65: 0 | E65: =SUM(C65:D65) -> 0 | F65: 0
A66: 2210504 | B66: Advertising, Awareness and Publicity Campaigns | C66: 500000 | E66: =SUM(C66:D66) -> 500000 | F66: 500000
B67: Community Led Total Sanitation (CLTS)
A68: 2210303 | B68: Daily Subsistence Allowance | C68: 400000 | E68: =SUM(C68:D68) -> 400000 | F68: 400000
A69: 2210504 | B69: Advertising, Awareness and Publicity Campaigns | E69: =SUM(C69:D69) -> 0 | F69: 0
B70: School Health Program | E70: =SUM(C70:D70) -> 0 | F70: 0
A71: 2210504 | B71: Advertising, Awareness and Publicity Campaigns | E71: =SUM(C71:D71) -> 0 | F71: 0
B72: Disease Surveillance
A73: 2210303 | B73: Daily Subsistence Allowance | C73: 700000 | E73: =SUM(C73:D73) -> 700000 | F73: 700000
A74: Sub Total | C74: 23000000 | D74: =SUM(D50:D73) -> 30000000 | E74: =SUM(E50:E73) -> 53000000 | F74: =SUM(F50:F73) -> 72096481
B75: Routine Maintenance - Other Assets | C75: 0 | E75: =SUM(C75:D75) -> 0
A76: 2220205 | B76: Maintenance of Buildings and Stations -- Non-Residential | C76: 0 | E76: =SUM(C76:D76) -> 0
A77: Sub Total | C77: 0 | E77: =SUM(C77:D77) -> 0
B78: Routine Maintenance - Vehicles and Other Transport Equipment
A79: 2220101 | B79: Maintenance Expenses - Motor Vehicles and cycles | C79: 250000 | E79: =SUM(C79:D79) -> 250000 | F79: 250000
A80: Sub Total | C80: 250000 | D80: =SUM(D79) -> 0 | E80: =SUM(E79) -> 250000 | F80: =SUM(F79) -> 250000
A81: Total Operations and Maintenance | C81: 24530000 | D81: =SUM(D80,D77,D74,D44,D41,D36,D32,D27) -> 30000000 | E81: =SUM(E80,E77,E74,E44,E41,E36,E32,E27) -> 54530000 | F81: =SUM(F80,F77,F74,F44,F41,F36,F32,F27) -> 73646481
A82: Total Recurrent | C82: 45060002 | E82: 45060002

Sheet ROADS
A1: INFRASTRUCTURE, ROADS AND PUBLIC WORKS
A2: CHART OF ACCOUNTS -RECURRENT | C2: APPROVED BUDGET 2023/2024 | D2: Adjustments | E2: APPROVED REVISED BUDGET 2023/2024 | F2: PROPOSED BUDGET 2024/2025
A3: 11001 | B3: General Administration, Planning and Support Services
A4: 2100000 | B4: Compensation of Employees
B5: Basic Salaries - Permanent Employees
A6: 2110101 | B6: Basic Salaries | C6: 98000000 | E6: =SUM(C6:D6) -> 98000000 | F6: 89461500
A7: Sub Total | C7: 98000000 | D7: =SUM(D6) -> 0 | E7: =SUM(E6) -> 98000000 | F7: =SUM(F6) -> 89461500
B8: Personal Allowance Paid as Part of Salary
A9: 2110301 | B9: House Allowance | C9: 25000000 | E9: =SUM(C9:D9) -> 25000000 | F9: 18382500
A10: 2110314 | B10: Transport Allowance | C10: 15000000 | E10: =SUM(C10:D10) -> 15000000 | F10: 11519700
A11: 2110320 | B11: Leave Allowance | C11: 2000000 | E11: =SUM(C11:D11) -> 2000000 | F11: 3186300
A12: Sub Total | C12: 42000000 | D12: =SUM(D9:D11) -> 0 | E12: =SUM(E9:E11) -> 42000000 | F12: =SUM(F9:F11) -> 33088500
A13: Total Salaries and Wages | C13: 140000000 | D13: =SUM(D7,D12) -> 0 | E13: =SUM(E7,E12) -> 140000000 | F13: =SUM(F7,F12) -> 122550000
A14: 2200000 | B14: Use of Goods and Services
B15: Utilities Supplies and Services
A16: 2210101 | B16: Electricity | C16: 100000 | E16: =SUM(C16:D16) -> 100000 | F16: 0
A17: 2210102 | B17: Water and sewerage charges | C17: 100000 | E17: =SUM(C17:D17) -> 100000 | F17: 0
A18: Sub Total | C18: 200000 | D18: =SUM(D16:D17) -> 0 | E18: =SUM(E16:E17) -> 200000 | F18: =SUM(F16:F17) -> 0
B19: Communication, Supplies and Services | E19: =SUM(C19:D19) -> 0
A20: 2210201 | B20: Telephone, Telex, Facsmile and Mobile Phone Services | C20: 0 | E20: =SUM(C20:D20) -> 0
A21: 2210202 | B21: Internet Connections | C21: 0 | E21: =SUM(C21:D21) -> 0
A22: 2210203 | B22: Courier and Postal Services | C22: 0 | E22: =SUM(C22:D22) -> 0
A23: Sub Total | C23: 0 | E23: =SUM(C23:D23) -> 0
B24: Domestic Travel and Subsistence, and Other Transportation Costs
A25: 2210301 | B25: Travel Costs (airlines, bus, railway, mileage allowances, etc.) | C25: 200000 | E25: =SUM(C25:D25) -> 200000 | F25: 200000
A26: 2210302 | B26: Accommodation - Domestic Travel | E26: =SUM(C26:D26) -> 0 | F26: 1000000
A27: 2210303 | B27: Daily Subsistence Allowance | C27: 2000000 | E27: =SUM(C27:D27) -> 2000000 | F27: 2000000
A28: 2210309 | B28: Field Allowances | C28: 0 | E28: =SUM(C28:D28) -> 0 | F28: 20000000
A29: Sub Total | C29: 2200000 | D29: =SUM(D26:D28) -> 0 | E29: =SUM(E26:E28) -> 2000000 | F29: =SUM(F25:F28) -> 23200000
B30: Foreign Travel and Subsistence, and other transportation costs
A31: 2210401 | B31: Travel Costs (airlines, bus, railway, etc.) | C31: 1000000 | D31: -1000000 | E31: =SUM(C31:D31) -> 0 | F31: 0
A32: 2210402 | B32: Accommodation | C32: 0 | E32: =SUM(C32:D32) -> 0
A33: 2210403 | B33: Daily Subsistence Allowance | C33: 1400000 | D33: -1400000 | E33: =SUM(C33:D33) -> 0 | F33: 0
A34: Sub Total | C34: 2400000 | D34: =SUM(D31:D33) -> -2400000 | E34: =SUM(E31:E33) -> 0 | F34: =SUM(F31:F33) -> 0
B35: Printing , Advertising and Information Supplies and Services
A36: 2210502 | B36: Publishing and Printing Services | C36: 20000 | E36: =SUM(C36:D36) -> 20000 | F36: 0
A37: 2210503 | B37: Subscriptions to Newspapers, Magazines and Periodicals | C37: 80000 | E37: =SUM(C37:D37) -> 80000 | F37: 0
B38: Adversting , Publicity and Campaigns | E38: 0 | F38: 500000
A39: Sub Total | C39: 100000 | D39: =SUM(D36:D37) -> 0 | E39: =SUM(E36:E38) -> 100000 | F39: =SUM(F36:F38) -> 500000
B40: Rentals of Produced Assets
A41: 2210606 | B41: Hire of Equipment, Plant and Machinery | C41: 200000 | E41: =SUM(C41:D41) -> 200000 | F41: 300000
A42: Sub Total | C42: 200000 | D42: =SUM(D41) -> 0 | E42: =SUM(E41) -> 200000 | F42: =SUM(F41) -> 300000
B43: Training Expense (including capacity building)
A44: 2210701 | B44: Travel Allowance | C44: 50000 | E44: =SUM(C44:D44) -> 50000 | F44: 0
A45: 2210704 | B45: Hire of Training Facilities and Equipment | E45: =SUM(C45:D45) -> 0
A46: 2210715 | B46: Kenya School of Government | C46: 500000 | D46: 2865000 | E46: =SUM(C46:D46) -> 3365000 | F46: 300000
A47: 2210711 | B47: Tuition Fees Allowance | C47: 100000 | E47: =SUM(C47:D47) -> 100000 | F47: 0
A48: Sub Total | C48: 650000 | D48: =SUM(D44:D47) -> 2865000 | E48: =SUM(E44:E47) -> 3515000 | F48: =SUM(F44:F47) -> 300000
B49: Hospitality Supplies and Services
A50: 2210801 | B50: Catering Services (receptions), Accommodation, Gifts, Food and Drinks | C50: 500000 | E50: =SUM(C50:D50) -> 500000 | F50: 0
A51: 2210802 | B51: Boards, Committees, Conferences and Seminars | C51: 1000000 | E51: =SUM(C51:D51) -> 1000000 | F51: 5200000
A52: Sub Total | C52: 1500000 | D52: =SUM(D50:D51) -> 0 | E52: =SUM(E50:E51) -> 1500000 | F52: =SUM(F50:F51) -> 5200000
B53: Specialized Materials and Supplies
A54: 2211006 | B54: Purchase of workshop tools, Spares and small Equipment | C54: 500000 | E54: =SUM(C54:D54) -> 500000 | F54: 500000
A55: Sub Total | C55: 500000 | D55: =SUM(D54) -> 0 | E55: =SUM(E54) -> 500000 | F55: =SUM(F54) -> 500000
B56: Office and General Supplies and Services
A57: 2211101 | B57: General Office Supplies (papers, pencils, forms, small office equipment etc) | C57: 500000 | E57: =SUM(C57:D57) -> 500000 | F57: 2150000
A58: 2211102 | B58: Supplies and Accessories for Computers and Printers | C58: 500000 | E58: =SUM(C58:D58) -> 500000 | F58: 1000000
A59: 2211103 | B59: Sanitary and Cleaning Materials, Supplies and Services | C59: 500000 | E59: =SUM(C59:D59) -> 500000 | F59: 500000
A60: Sub Total | C60: 1500000 | D60: =SUM(D57:D59) -> 0 | E60: =SUM(E57:E59) -> 1500000 | F60: =SUM(F57:F59) -> 3650000
B61: Fuel Oil and Lubricants
A62: 2211201 | B62: Refined Fuels and Lubricants for Transport | C62: 2000000 | E62: =SUM(C62:D62) -> 2000000 | F62: 2000000
A63: Sub Total | C63: 2000000 | D63: =SUM(D62) -> 0 | E63: =SUM(E62) -> 2000000 | F63: =SUM(F62) -> 2000000
B64: Routine Maintenance - Other Assets
B65: Maintenance Expenses - Motor Vehicles and cycles | E65: 4160000 | F65: 5000000
B66: Maintenance of Plant, Machinery and Equipment (Including Lifts,Generators e.t.c) | E66: 12000000 | F66: 16000000
B67: Maintenance of Civil Works | E67: 1500000 | F67: 0
A68: Sub Total | E68: =SUM(E65:E67) -> 17660000 | F68: =SUM(F65:F67) -> 21000000
B69: Other Operating Expenses
A70: 3111001 | B70: Purchase of Office Furniture and Fittings | C70: 500000 | E70: =SUM(C70:D70) -> 500000 | F70: 0
A71: 2211306 | B71: Membership Fees, Dues and Subscriptions to Professional and Trade Bodies | C71: 300000 | E71: =SUM(C71:D71) -> 300000 | F71: 500000
A72: 2210309 | B72: Field Allowances | C72: 500000 | E72: =SUM(C72:D72) -> 500000 | F72: 0
A73: 2211308 | B73: Legal Dues/fees, Arbitration and Compensation Payments | C73: 1000000 | E73: =SUM(C73:D73) -> 1000000 | F73: 5000000
A74: Sub Total | C74: 2500000 | D74: =SUM(D70:D73) -> 0 | E74: =SUM(E70:E73) -> 2300000 | F74: =SUM(F70:F73) -> 5500000
B75: Routine Maintenance - Vehicles and Other Transport Equipment | C75: 0 | D75: 0 | E75: 0 | F75: 0
A76: 2220101 | B76: Maintenance Expenses - Motor Vehicles and cycles | C76: 0 | D76: 0 | E76: 0 | F76: 0
A77: 2220201 | B77: Maintenance of Plant, Machinery and Equipment (Including Lifts,Generators e.t.c) | C77: 0 | D77: 0 | E77: 0 | F77: 0
A78: 2220206 | B78: Maintenance of Civil Works (Service Bay) | C78: 0 | D78: 0 | E78: 0 | F78: 0
A79: Sub Total | C79: 0 | D79: 0 | E79: 0 | F79: 0
B80: Total O&M for General Administration, Planning and Support Services | C80: 13750000 | D80: =SUM(D74,D63,D60,D52,D48,D39,D34,D29,D23,D18,D42,D55) -> 465000 | E80: =SUM(E74,E63,E60,E52,E48,E39,E34,E29,E23,E18,E42,E55) -> 13815000 | F80: =SUM(F74,F63,F60,F52,F48,F39,F34,F29,F23,F18,F42,F55,F68) -> 62150000
B81: Total for General Administration, Planning and Support Services | C81: 153750000 | D81: =SUM(D80,D13) -> 465000 | E81: =SUM(E80,E13) -> 153815000 | F81: =SUM(F80,F13) -> 184700000
B82: Total Operations and Maintenance | C82: 13750000 | D82: =SUM(D80) -> 465000 | E82: =SUM(E80) -> 13815000 | F82: =SUM(F80) -> 62150000
B83: Total Recurrent Expenditure | C83: 153750000 | D83: =SUM(D82,D13) -> 465000 | E83: =SUM(E82,E13) -> 153815000 | F83: =SUM(F82,F13) -> 184700000
A84: 310000 | B84: Development Expenditure | C84: 0 | E84: 0
A85: 3110401 | B85: County Roads | C85: 127001961 | E85: ='PROJECTS DETAILS'!F959 -> 196498858
A86: 3110401 | B86: Village Roads | C86: 759327710 | E86: ='PROJECTS DETAILS'!F1554 -> 659482260
A87: 3110401 | B87: Village Roads Maintenance | C87: 61950808 | E87: =#REF! -> #REF!
A88: 3110601 | B88: Road Maintenance | C88: 32657453 | E88: =#REF! -> #REF!
B89: Total Development Expenditure for Roads Development | C89: 980937932 | E89: =SUM(E84:E88) -> #REF!

Sheet MEDICAL 1
B2: Code | C2: Programme | D2: Budget Estimates(KShs) | E2: Projected Estimates (KShs)
D3: 2023/2024 | E3: 2024/2025 | F3: 2025/2026
B4: 10901 | C4: Medical Services | D4: =D11 -> #REF! | E4: =D4*1.04 -> #REF! | F4: =E4*1.04 -> #REF!
B5: 10902 | C5: Public Health Services | D5: =D14 -> 24530000 | E5: =D5*1.04 -> 25511200 | F5: =E5*1.04 -> 26531648
B6: Total | D6: =SUM(D4:D5) -> #REF! | E6: =SUM(E4:E5) -> #REF! | F6: =SUM(F4:F5) -> #REF!
B9: Code | C9: Programme | D9: Approved Budget Estimates (KShs) | E9: Projected Estimates (KShs)
D10: 2023/2024 | E10: 2024/2025 | F10: 2025/2026
B11: 10901 | C11: Medical Services | D11: =D12+D13 -> #REF! | E11: =D11*1.04 -> #REF! | F11: =E11*1.04 -> #REF!
C12: Recurrent Expenditure | D12: =MEDICAL!C100 -> 2981137498 | E12: =D12*1.04 -> 3.100383e+09 | F12: =E12*1.04 -> 3.2243983e+09
C13: Development Expenditure | D13: =MEDICAL!C110 -> #REF! | E13: =D13*1.04 -> #REF! | F13: =E13*1.04 -> #REF!
B14: 10902 | C14: Public Health Services | D14: =D15+D16 -> 24530000 | E14: =D14*1.04 -> 25511200 | F14: =E14*1.04 -> 26531648
C15: Recurrent Expenditure | D15: ='PUBLIC HEALTH'!C81 -> 24530000 | E15: =D15*1.04 -> 25511200 | F15: =E15*1.04 -> 26531648
C16: Development Expenditure | D16: 0 | E16: =D16*1.04 -> 0 | F16: =E16*1.04 -> 0
B17: Total | D17: =SUM(D11,D14) -> #REF! | E17: =SUM(E11,E14) -> #REF! | F17: =SUM(F11,F14) -> #REF!

Sheet LANDS 1
B2: Code | C2: Programme | D2: Approved Budget Estimates (KShs) | E2: Projected Estimates (KShs)
D3: 2023/2024 | E3: 2024/2025 | F3: 2025/2026
B4: 11101 | C4: General Administration, Planning and Support Services | D4: =D12 -> 145700000 | E4: =E12 -> 151528000 | F4: =F12 -> 157589120
B5: 11102 | C5: Urban Development | D5: =D15 -> #REF! | E5: =E15 -> #REF! | F5: =F15 -> #REF!
B6: 11103 | C6: Land Use Services | D6: =D18 -> #REF! | E6: =E18 -> #REF! | F6: =F18 -> #REF!
B7: Total | D7: =SUM(D4:D6) -> #REF! | E7: =SUM(E4:E6) -> #REF! | F7: =SUM(F4:F6) -> #REF!
B10: Code | C10: Programme | D10: Approved Budget Estimates (KShs) | E10: Projected Estimates (KShs)
D11: 2023/2024 | E11: 2024/2025 | F11: 2025/2026
B12: 11101 | C12: General Administration, Planning and Support Services | D12: =SUM(D13+D14) -> 145700000 | E12: =D12*1.04 -> 151528000 | F12: =E12*1.04 -> 157589120
C13: Recurrent Expenditure | D13: =LANDS!C93 -> 145700000 | E13: =D13*1.04 -> 151528000 | F13: =E13*1.04 -> 157589120
C14: Development Expenditure | E14: =D14*1.04 -> 0 | F14: =E14*1.04 -> 0
B15: 11102 | C15: Urban Development | D15: =D16+D17 -> #REF! | E15: =D15*1.04 -> #REF! | F15: =E15*1.04 -> #REF!
C16: Recurrent Expenditure | D16: =LANDS!#REF! -> #REF! | E16: =D16*1.04 -> #REF! | F16: =E16*1.04 -> #REF!
C17: Development Expenditure | D17: =LANDS!C99 -> 234000000 | E17: =D17*1.04 -> 243360000 | F17: =E17*1.04 -> 253094400
B18: 11103 | C18: Land Use Services | D18: =D19+D20 -> #REF! | E18: =D18*1.04 -> #REF! | F18: =E18*1.04 -> #REF!
C19: Recurrent Expenditure | D19: =LANDS!#REF! -> #REF! | E19: =D19*1.04 -> #REF! | F19: =E19*1.04 -> #REF!
C20: Development Expenditure | D20: =LANDS!C110 -> 3545569 | E20: =D20*1.04 -> 3687391.8 | F20: =E20*1.04 -> 3834887.4
B21: Total | D21: =SUM(D12,D15,D18) -> #REF! | E21: =SUM(E12,E15,E18) -> #REF! | F21: =SUM(F12,F15,F18) -> #REF!

Sheet LANDS
A1: LANDS, PHYSICAL PLANNING, HOUSING AND URBAN DEVELOPMENT
A2: CHART OF ACCOUNTS -RECURRENT | C2: APPROVED BUDGET 2023/2024 | D2: Adjustments | E2: APPROVED REVISED BUDGET 2023/2024 | F2: PROPOSED BUDGET 2024/2024
A3: 11101 | B3: General Administration, Planning and Support Services
A4: 2100000 | B4: Compensation of Employees
B5: Basic Salaries - Permanent Employees
A6: 2110101 | B6: Basic Salaries | C6: 69800000 | E6: =SUM(C6:D6) -> 69800000 | F6: =SUM(D6:E6) -> 69800000
A7: Sub Total | C7: 69800000 | D7: =SUM(D6) -> 0 | E7: =SUM(E6) -> 69800000 | F7: =SUM(F6) -> 69800000
B8: Personal Allowance Paid as Part of Salary
A9: 2110301 | B9: House Allowance | C9: 8300000 | E9: =SUM(C9:D9) -> 8300000 | F9: =SUM(D9:E9) -> 8300000
A10: 2110314 | B10: Transport Allowance | C10: 4100000 | E10: =SUM(C10:D10) -> 4100000 | F10: =SUM(D10:E10) -> 4100000
A11: 2110404 | B11: Leave Expenses | C11: 3500000 | E11: =SUM(C11:D11) -> 3500000 | F11: =SUM(D11:E11) -> 3500000
A12: Sub Total | C12: 15900000 | D12: =SUM(D9:D11) -> 0 | E12: =SUM(E9:E11) -> 15900000 | F12: =SUM(F9:F11) -> 15900000
A13: Total Salaries and Wages | C13: 85700000 | D13: =SUM(D12,D7) -> 0 | E13: =SUM(E12,E7) -> 85700000 | F13: =SUM(F12,F7) -> 85700000
A14: 2200000 | B14: Use of Goods and Services
B15: Utilities Supplies and Services
A16: 2210101 | B16: Electricity | C16: 4000000 | E16: =SUM(C16:D16) -> 4000000 | F16: 6000000
A17: Sub Total | C17: 4000000 | D17: =SUM(D16) -> 0 | E17: =SUM(E16) -> 4000000 | F17: =SUM(F16) -> 6000000
B18: Communication, Supplies and Services
A19: 2210201 | B19: Telephone, Telex, Facsmile and Mobile Phone Services | C19: 20000 | E19: =SUM(C19:D19) -> 20000
A20: 2210202 | B20: Internet Connections | C20: 0 | E20: =SUM(C20:D20) -> 0
A21: Sub Total | C21: 20000 | D21: =SUM(D19:D20) -> 0 | E21: =SUM(E19:E20) -> 20000 | F21: =SUM(F19:F20) -> 0
B22: Domestic Travel and Subsistence, and Other Transportation Costs
A23: 2210301 | B23: Travel Costs (airlines, bus, railway, mileage allowances, etc.) | C23: 100000 | E23: =SUM(C23:D23) -> 100000 | F23: 50000
A24: 2210302 | B24: Accommodation - Domestic Travel | C24: 0 | E24: =SUM(C24:D24) -> 0
A25: 2210303 | B25: Daily Subsistence Allowance | C25: 1000000 | E25: =SUM(C25:D25) -> 1000000
A26: 2210310 | B26: Field operation allowance | C26: 3000000 | E26: =SUM(C26:D26) -> 3000000 | F26: 1500000
A27: 2210304 | B27: Sundry Items (e.g. airport tax, taxis, etc…) | C27: 20000 | E27: =SUM(C27:D27) -> 20000
A28: Sub Total | C28: 4120000 | D28: =SUM(D23:D27) -> 0 | E28: =SUM(E23:E27) -> 4120000 | F28: =SUM(F23:F27) -> 1550000
B29: Foreign Travel and Subsistence, and other transportation costs
A30: 2210401 | B30: Travel Costs (airlines, bus, railway, etc.) | C30: 700000 | D30: -700000 | E30: =SUM(C30:D30) -> 0
A31: 2210402 | B31: Accommodation | C31: 0 | E31: =SUM(C31:D31) -> 0
A32: 2210403 | B32: Daily Subsistence Allowance | C32: 1000000 | D32: -1000000 | E32: =SUM(C32:D32) -> 0
A33: 2210404 | B33: Sundry Items (airport tax, taxis, etc…) | C33: 50000 | D33: -50000 | E33: =SUM(C33:D33) -> 0
A34: Sub Total | C34: 1750000 | D34: =SUM(D30:D33) -> -1750000 | E34: =SUM(E30:E33) -> 0 | F34: =SUM(F30:F33) -> 0
B35: Printing , Advertising and Information Supplies and Services
A36: 2210502 | B36: Publishing and Printing Services | C36: 500000 | E36: =SUM(C36:D36) -> 500000 | F36: 500000
A37: 2210503 | B37: Subscriptions to Newspapers, Magazines and Periodicals | C37: 0 | E37: =SUM(C37:D37) -> 0
A38: 2210504 | B38: Advertising, Awareness and Publicity Campaigns | C38: 700000 | E38: =SUM(C38:D38) -> 700000 | F38: 2000000
A39: Sub Total | C39: 1200000 | D39: =SUM(D36:D38) -> 0 | E39: =SUM(E36:E38) -> 1200000 | F39: =SUM(F36:F38) -> 2500000
B40: Rentals of Produced Assets | E40: =SUM(C40:D40) -> 0
A41: 2210603 | B41: Rents and Rates - Non-Residential | C41: 0 | E41: =SUM(C41:D41) -> 0
A42: 2210604 | B42: Hire of Transport | C42: 0 | E42: =SUM(C42:D42) -> 0
A43: 2210606 | B43: Hire of plant and machinery | C43: 500000 | E43: =SUM(C43:D43) -> 500000
A44: Sub Total | C44: 500000 | D44: =SUM(D41:D43) -> 0 | E44: =SUM(E41:E43) -> 500000 | F44: =SUM(F41:F43) -> 0
B45: Training Expense (including capacity building)
A46: 2210701 | B46: Travel Allowance | C46: 300000 | E46: =SUM(C46:D46) -> 300000 | F46: 100000
A47: 2210704 | B47: Hire of Training Facilities and Equipment | C47: 100000 | E47: =SUM(C47:D47) -> 100000
A48: 2210710 | B48: Accommodation Allowance | C48: 300000 | E48: =SUM(C48:D48) -> 300000 | F48: 200000
A49: 2210799 | B49: Training Expenses - Other (Bud | C49: 300000 | E49: =SUM(C49:D49) -> 300000 | F49: 2500000
A50: Sub Total | C50: 1000000 | D50: =SUM(D46:D49) -> 0 | E50: =SUM(E46:E49) -> 1000000 | F50: =SUM(F46:F49) -> 2800000
B51: Hospitality Supplies and Services
A52: 2210801 | B52: Catering Services (receptions), Accommodation, Gifts, Food and Drinks | C52: 1000000 | E52: =SUM(C52:D52) -> 1000000 | F52: 1000000
A53: 2210802 | B53: Boards, Committees, Conferences and Seminars | C53: 1400000 | E53: =SUM(C53:D53) -> 1400000 | F53: 600000
A54: Sub Total | C54: 2400000 | D54: =SUM(D52:D53) -> 0 | E54: =SUM(E52:E53) -> 2400000 | F54: =SUM(F52:F53) -> 1600000
A55: 2211000 | B55: Specialised Materials and Supplies | C55: 0 | E55: =SUM(C55:D55) -> 0
A56: 2211016 | B56: Purchase of Uniforms and Clothing - Staff | C56: 0 | E56: =SUM(C56:D56) -> 0
A57: Sub Total | C57: 0 | E57: =SUM(C57:D57) -> 0
B58: Office and General Supplies and Services
A59: 2211101 | B59: General Office Supplies (papers, pencils, forms, small office equipment etc) | C59: 860000 | E59: =SUM(C59:D59) -> 860000 | F59: 500000
A60: 3111002 | B60: Purchase of computers,printers and other IT equipment | C60: 2000000 | D60: -2000000 | E60: =SUM(C60:D60) -> 0 | F60: 1000000
A61: 2211102 | B61: Supplies and Accessories for Computers and Printers | C61: 200000 | E61: =SUM(C61:D61) -> 200000 | F61: 200000
A62: 2211 | B62: Purchase of uniforms for cleaners | C62: 1500000 | E62: =SUM(C62:D62) -> 1500000
A63: 2211103 | B63: Sanitary and Cleaning Materials, Supplies and Services | C63: 100000 | E63: =SUM(C63:D63) -> 100000 | F63: 200000
A64: Sub Total | C64: 4660000 | D64: =SUM(D59:D63) -> -2000000 | E64: =SUM(E59:E63) -> 2660000 | F64: =SUM(F59:F63) -> 1900000
B65: Fuel Oil and Lubricants | C65: 0 | E65: =SUM(C65:D65) -> 0
A66: 2211201 | B66: Refined Fuels and Lubricants for Transport | C66: 0 | E66: =SUM(C66:D66) -> 0
A67: Sub Total | C67: 0 | E67: =SUM(C67:D67) -> 0
A68: 2211200 | B68: Fuel Oil and Lubricants
A69: 2211201 | B69: Refined Fuels and Lubricants for Transport | C69: 3500000 | E69: =SUM(C69:D69) -> 3500000 | F69: 3500000
A70: 2211203 | B70: Refined Fuels and Lubricants-others | C70: 500000 | E70: =SUM(C70:D70) -> 500000 | F70: 500000
A71: Sub Total | C71: 4000000 | D71: =SUM(D69:D70) -> 0 | E71: =SUM(E69:E70) -> 4000000 | F71: =SUM(F69:F70) -> 4000000
B72: Other Operating Expenses
A73: 3111114 | B73: Purchase of survey equipment (GIS ) | E73: =SUM(C73:D73) -> 0
A74: 2211305 | B74: Contracted Guards and Cleaning Services | C74: 30000000 | E74: =SUM(C74:D74) -> 30000000
A75: 2211016 | B75: Purchase ofenforcement officers uniforms | E75: =SUM(C75:D75) -> 0
A76: 1160101 | B76: Stamp Duty | E76: =SUM(C76:D76) -> 0
A77: 2211324 | B77: Registration of Land | E77: =SUM(C77:D77) -> 0
B78: Public Land Administration costs | E78: =SUM(C78:D78) -> 0
A79: 2211305 | B79: Solid waste management across subcounties | E79: =SUM(C79:D79) -> 0
A80: 2211306 | B80: Membership Fees, Dues and Subscriptions to Professional and Trade Bodies | C80: 150000 | E80: =SUM(C80:D80) -> 150000 | F80: 150000
A81: 3111001 | B81: Purchase of office furniture and fittings | C81: 1300000 | E81: =SUM(C81:D81) -> 1300000
A82: Sub Total | C82: 31450000 | D82: =SUM(D73:D81) -> 0 | E82: =SUM(E73:E81) -> 31450000 | F82: =SUM(F73:F81) -> 150000
B83: Routine Maintenance - Vehicles and Other Transport Equipment
A84: 2220101 | B84: Maintenance Expenses - Motor Vehicles and cycles/Tractors | C84: 1000000 | E84: =SUM(C84:D84) -> 1000000 | F84: 500000
A85: Sub Total | C85: 1000000 | D85: =SUM(D84) -> 0 | E85: =SUM(E84) -> 1000000 | F85: =SUM(F84) -> 500000
B86: Routine Maintenance - Other Assets
A87: 2220201 | B87: Maintenance of Plant, Machinery and Equipment (including lifts) | C87: 3000000 | E87: =SUM(C87:D87) -> 3000000 | F87: 4000000
A88: 2220209 | B88: Minor Alteration to building and civil works | C88: 850000 | E88: =SUM(C88:D88) -> 850000
A89: 2220202 | B89: Maintenance of Office Furniture and Equipment | C89: 50000 | E89: =SUM(C89:D89) -> 50000
A90: Sub Total | C90: 3900000 | D90: =SUM(D87:D89) -> 0 | E90: =SUM(E87:E89) -> 3900000 | F90: =SUM(F87:F89) -> 4000000
B92: Total O&M for General Administration, Planning and Support Services | C92: 60000000 | D92: =SUM(D90,D85,D82,D71,D64,D57,D54,D50,D44,D39,D34,D28,D21,D17) -> -3750000 | E92: =SUM(E90,E85,E82,E71,E64,E57,E54,E50,E44,E39,E34,E28,E21,E17) -> 56250000 | F92: =SUM(F90,F85,F82,F71,F64,F57,F54,F50,F44,F39,F34,F28,F21,F17,F91) -> 25000000
B93: Total for General Administration, Planning and Support Services | C93: 145700000 | D93: =SUM(D92,D13) -> -3750000 | E93: =SUM(E92,E13) -> 141950000 | F93: =SUM(F92,F90,F85,F82,F71,F64,F54,F50,F44,F39,F28,F21,F17) -> 50000000
A94: 11102 | B94: Urban Development
A95: 2220206 | B95: Maintenance of other Civil Works(Street light) | C95: 0 | D95: =SUM(C95) -> 0 | E95: =SUM(D95) -> 0 | F95: =SUM(E95) -> 0
B96: Total O&M for Urban Development | C96: 0 | D96: =SUM(D95) -> 0 | E96: =SUM(E95) -> 0 | F96: =SUM(F95) -> 0
A97: 310000 | B97: Development Expenditure
B98: Infrastructure Development | C98: 234000000 | D98: ='PROJECTS DETAILS'!E866 -> 54193906 | E98: ='PROJECTS DETAILS'!F866 -> 213845336 | F98: ='PROJECTS DETAILS'!G866 -> 200000000
B99: Total Development Expenditure for Urban Development | C99: 234000000 | D99: =SUM(D98) -> 54193906 | E99: =SUM(E98) -> 213845336 | F99: =SUM(F98) -> 200000000
B100: Total Expenditure for Urban Development | C100: 234000000 | D100: =SUM(D99,D96) -> 54193906 | E100: =SUM(E99,E96) -> 213845336 | F100: =SUM(F99,F96) -> 200000000
A101: 11103 | B101: Land Use Services
...

Sheet ROADS 1
B2: Code | C2: Programme | D2: Budget Estimates(KShs) | E2: Projected Estimates (KShs)
D3: 2023/2024 | E3: 2024/2025 | F3: 2025/2026
B4: 11001 | C4: General Administration, Planning and Support Services | D4: =D13 -> 153750000 | E4: =D4*1.04 -> 159900000 | F4: =E4*1.04 -> 166296000
B5: 11002 | C5: Roads Development | D5: =D16 -> 980937932 | E5: =D5*1.04 -> 1.0201754e+09 | F5: =E5*1.04 -> 1.0609825e+09
B6: 11003 | C6: Public Works | D6: =D19 -> 93640474 | E6: =D6*1.04 -> 97386093 | F6: =E6*1.04 -> 1.0128154e+08
B7: 11004 | C7: Housing Services | D7: =D22 -> 0 | E7: =D7*1.04 -> 0 | F7: =E7*1.04 -> 0
B8: Total | D8: =SUM(D4:D7) -> 1228328406 | E8: =SUM(E4:E7) -> 1.2774615e+09 | F8: =SUM(F4:F7) -> 1.32856e+09
B11: Code | C11: Programme | D11: Approved Budget Estimates (KShs) | E11: Projected Estimates (KShs)
D12: 2023/2024 | E12: 2024/2025 | F12: 2025/2026
B13: 11001 | C13: General Administration, Planning and Support Services | D13: =D14+D15 -> 153750000 | E13: =D13*1.04 -> 159900000 | F13: =E13*1.04 -> 166296000
C14: Recurrent Expenditure | D14: =ROADS!C81 -> 153750000 | E14: =D14*1.04 -> 159900000 | F14: =E14*1.04 -> 166296000
C15: Development Expenditure | D15: 0 | E15: =D15*1.04 -> 0 | F15: =E15*1.04 -> 0
B16: 11002 | C16: Roads Development | D16: =D17+D18 -> 980937932 | E16: =D16*1.04 -> 1.0201754e+09 | F16: =E16*1.04 -> 1.0609825e+09
C17: Recurrent Expenditure | D17: 0 | E17: =D17*1.04 -> 0 | F17: =E17*1.04 -> 0
C18: Development Expenditure | D18: =ROADS!C89 -> 980937932 | E18: =D18*1.04 -> 1.0201754e+09 | F18: =E18*1.04 -> 1.0609825e+09
B19: 11003 | C19: Public Works | D19: =D20+D21 -> 93640474 | E19: =D19*1.04 -> 97386093 | F19: =E19*1.04 -> 1.0128154e+08
C20: Recurrent Expenditure | D20: ='PUBLIC WORKS'!C68 -> 35250000 | E20: =D20*1.04 -> 36660000 | F20: =E20*1.04 -> 38126400
C21: Development Expenditure | D21: ='PUBLIC WORKS'!C71 -> 58390474 | E21: =D21*1.04 -> 60726093 | F21: =E21*1.04 -> 63155137
B22: 11004 | C22: Housing Services | D22: =D23+D24 -> 0 | E22: =D22*1.04 -> 0 | F22: =E22*1.04 -> 0
C23: Recurrent Expenditure | D23: ='PUBLIC WORKS'!C79 -> 0 | E23: =D23*1.04 -> 0 | F23: =E23*1.04 -> 0
C24: Development Expenditure | D24: 0 | E24: =D24*1.04 -> 0 | F24: =E24*1.04 -> 0
B25: Total | D25: =SUM(D13,D16,D19,D22) -> 1228328406 | E25: =SUM(E13,E16,E19,E22) -> 1.2774615e+09 | F25: =SUM(F13,F16,F19,F22) -> 1.32856e+09 | H25: =D18+D21 -> 1039328406
D26: 949841981 | H26: =D14+D20+D23 -> 189000000
D27: =D26-D25 -> -278486425 | H27: 186132555
H28: =H26-H27 -> 2867445

Sheet PUBLIC WORKS
A1: PUBLIC WORKS AND HOUSING
A2: CHART OF ACCOUNTS -RECURRENT | C2: APPROVED BUDGET 2023/2024 | D2: Adjustments | E2: APPROVED REVISED BUDGET 2023/2024 | F2: PROPOSED BUDGET 2024/2025
A3: 11003 | B3: Public Works
A4: 2100000 | B4: Compensation of Employees
B5: Basic Salaries - Permanent Employees
A6: 2110101 | B6: Basic Salaries | F6: 49238500
A7: Sub Total | C7: 0 | E7: =SUM(E6) -> 0 | F7: =F6 -> 49238500
B8: Personal Allowance Paid as Part of Salary
A9: 2110301 | B9: House Allowance | F9: 10117500
A10: 2110314 | B10: Transport Allowance | F10: 6340300
A11: 2110320 | B11: Leave Allowance | F11: 1753700
A12: Sub Total | C12: 0 | E12: =SUM(E9:E11) -> 0 | F12: =SUM(F9:F11) -> 18211500
A13: Total Salaries and Wages | C13: 0 | E13: =SUM(E12,E7) -> 0 | F13: =F7+F12 -> 67450000
A14: 2200000 | B14: Use of Goods and Services
B15: Utilities Supplies and Services
A16: 2210101 | B16: Electricity | C16: 200000 | E16: =SUM(C16:D16) -> 200000 | F16: 500000
A17: 2210102 | B17: Water and sewerage charges | C17: 100000 | E17: =SUM(C17:D17) -> 100000 | F17: 200000
A18: Sub Total | C18: =SUM(C16:C17) -> 300000 | D18: =SUM(D16:D17) -> 0 | E18: =SUM(E16:E17) -> 300000 | F18: =SUM(F16:F17) -> 700000
B19: Communication, Supplies and Services | E19: =SUM(C19:D19) -> 0
A20: 2210201 | B20: Telephone, Telex, Facsmile and Mobile Phone Services | C20: 0 | E20: =SUM(C20:D20) -> 0
A21: 2210202 | B21: Internet conections | E21: =SUM(C21:D21) -> 0
A22: 2210203 | B22: Courier and Postal Services | C22: 0 | E22: =SUM(C22:D22) -> 0
A23: Sub Total | C23: 0 | E23: =SUM(C23:D23) -> 0
B24: Domestic Travel and Subsistence, and Other Transportation Costs
A25: 2210301 | B25: Travel Costs (airlines, bus, railway, mileage allowances, etc.) | C25: 200000 | E25: =SUM(C25:D25) -> 200000 | F25: 50000
A26: 2210302 | B26: Accommodation - Domestic Travel | E26: =SUM(C26:D26) -> 0
A27: 2210303 | B27: Daily Subsistence Allowance | C27: 1000000 | E27: =SUM(C27:D27) -> 1000000 | F27: 300000
A28: 2210310 | B28: Field Operational Allowance | C28: 200000 | E28: =SUM(C28:D28) -> 200000 | F28: 0
A29: Sub Total | C29: =SUM(C25:C28) -> 1400000 | D29: =SUM(D25:D28) -> 0 | E29: =SUM(E25:E28) -> 1400000 | F29: =SUM(F25:F28) -> 350000
B30: Foreign Travel and Subsistence, and other transportation costs | E30: =SUM(C30:D30) -> 0
A31: 2210401 | B31: Travel Costs (airlines, bus, railway, etc.) | E31: =SUM(C31:D31) -> 0
A32: 2210402 | B32: Accommodation | E32: =SUM(C32:D32) -> 0
A33: 2210403 | B33: Daily Subsistence Allowance | E33: =SUM(C33:D33) -> 0
A34: Sub Total | C34: 0 | E34: =SUM(C34:D34) -> 0
B35: Printing , Advertising and Information Supplies and Services
A36: 2210502 | B36: Publishing and Printing Services | C36: 0 | E36: =SUM(C36:D36) -> 0
A37: 2210503 | B37: Subscriptions to Newspapers, Magazines and Periodicals | C37: 40000 | E37: =SUM(C37:D37) -> 40000 | F37: 0
A38: 2210504 | B38: Advertising, Awareness and Publicity Campaigns | C38: 150000 | E38: =SUM(C38:D38) -> 150000 | F38: 200000
A39: Sub Total | C39: =SUM(C36:C38) -> 190000 | D39: =SUM(D36:D38) -> 0 | E39: =SUM(E36:E38) -> 190000 | F39: =SUM(F36:F38) -> 200000
B40: Training Expense (including capacity building)
A41: 2210701 | B41: Travel Allowance | C41: 50000 | E41: =SUM(C41:D41) -> 50000 | F41: 0
A42: 2210704 | B42: Kenya School of Government | C42: 500000 | E42: =SUM(C42:D42) -> 500000 | F42: 100000
A43: 2210711 | B43: Tuition Fees Allowance | C43: 50000 | E43: =SUM(C43:D43) -> 50000 | F43: 0
A44: Sub Total | C44: =SUM(C41:C43) -> 600000 | D44: =SUM(D41:D43) -> 0 | E44: =SUM(E41:E43) -> 600000 | F44: =SUM(F41:F43) -> 100000
B45: Hospitality Supplies and Services
A46: 2210801 | B46: Catering Services (receptions), Accommodation, Gifts, Food and Drinks | C46: 500000 | E46: =SUM(C46:D46) -> 500000 | F46: 0
A47: 2210802 | B47: Boards, Committees, Conferences and Seminars | C47: 1000000 | E47: =SUM(C47:D47) -> 1000000 | F47: 300000
A48: Sub Total | C48: =SUM(C46:C47) -> 1500000 | D48: =SUM(D46:D47) -> 0 | E48: =SUM(E46:E47) -> 1500000 | F48: =SUM(F46:F47) -> 300000
B49: Office and General Supplies and Services
A50: 2211101 | B50: General Office Supplies (papers, pencils, forms, small office equipment etc) | C50: 700000 | E50: =SUM(C50:D50) -> 700000 | F50: 500000
